Workbook

Sheet Summary Dashboard

Sheet Income and Revenue
B2: Café Muse Management Company - Income Model | F2: Average monthly revenue per café based on market research
B3: Time Frame: 3 Years | F3: Royalty calculated monthly
B4: Revenue Model: 6% over mothly café revenues with a $10k minimum | F4: Currency: USD
B6: Store | C6: Country | D6: City/Location | E6: Opening Date | F6: Licensing time | G6: Initial One-Time Fee | H6: Total Royalties | I6: 2023 | J6: 2024 | K6: 2025 | L6: 2026 | M6: Check
B7: 1 | C7: Saudi_Arabia | D7: Riyadh | E7: 45047 | F7: =Openings_Table[[#This Row],[Opening Date]]+(365*10) -> 48697 | G7: =IF(COUNTIF($C$7:C7,Openings_Table[[#This Row],[Country]])=1,400000,150000) -> 400000 | H7: =SUMIFS(INDIRECT("Sales_"&C7&"[Total Royalty]"), INDIRECT("Sales_"&C7&"[Period]"), ">=" & $E7) -> 440000 | I7: =SUMIFS(INDIRECT("Sales_"&$C7&"[Total Royalty]"), INDIRECT("Sales_"&$C7&"[Period]"), ">=" & $E7, INDIRECT("Sales_"&$C7&"[Period]"), "<=" & DATE(I$6,12,31)) -> 80000 | J7: =SUMIFS(INDIRECT("Sales_"&$C7&"[Total Royalty]"),INDIRECT("Sales_"&$C7&"[Period]"),">="&$E7,INDIRECT("Sales_"&$C7&"[Period]"),"<="&DATE(J$6,12,31))-SUM($I7:I7) -> 120000 | K7: =SUMIFS(INDIRECT("Sales_"&$C7&"[Total Royalty]"),INDIRECT("Sales_"&$C7&"[Period]"),">="&$E7,INDIRECT("Sales_"&$C7&"[Period]"),"<="&DATE(K$6,12,31))-SUM($I7:J7) -> 120000 | L7: =SUMIFS(INDIRECT("Sales_"&$C7&"[Total Royalty]"),INDIRECT("Sales_"&$C7&"[Period]"),">="&$E7,INDIRECT("Sales_"&$C7&"[Period]"),"<="&DATE(L$6,12,31))-SUM($I7:K7) -> 120000 | M7: =H7-SUM(I7:L7) -> 0
B8: 2 | C8: Saudi_Arabia | D8: Jeddah | E8: 45444 | F8: =Openings_Table[[#This Row],[Opening Date]]+(365*10) -> 49094 | G8: =IF(COUNTIF($C$7:C8,Openings_Table[[#This Row],[Country]])=1,400000,150000) -> 150000 | H8: =SUMIFS(INDIRECT("Sales_"&C8&"[Total Royalty]"), INDIRECT("Sales_"&C8&"[Period]"), ">=" & $E8) -> 310000 | I8: =SUMIFS(INDIRECT("Sales_"&$C8&"[Total Royalty]"), INDIRECT("Sales_"&$C8&"[Period]"), ">=" & $E8, INDIRECT("Sales_"&$C8&"[Period]"), "<=" & DATE(I$6,12,31)) -> 0 | J8: =SUMIFS(INDIRECT("Sales_"&$C8&"[Total Royalty]"),INDIRECT("Sales_"&$C8&"[Period]"),">="&$E8,INDIRECT("Sales_"&$C8&"[Period]"),"<="&DATE(J$6,12,31))-SUM($I8:I8) -> 70000 | K8: =SUMIFS(INDIRECT("Sales_"&$C8&"[Total Royalty]"),INDIRECT("Sales_"&$C8&"[Period]"),">="&$E8,INDIRECT("Sales_"&$C8&"[Period]"),"<="&DATE(K$6,12,31))-SUM($I8:J8) -> 120000 | L8: =SUMIFS(INDIRECT("Sales_"&$C8&"[Total Royalty]"),INDIRECT("Sales_"&$C8&"[Period]"),">="&$E8,INDIRECT("Sales_"&$C8&"[Period]"),"<="&DATE(L$6,12,31))-SUM($I8:K8) -> 120000 | M8: =H8-SUM(I8:L8) -> 0
B9: 3 | C9: Qatar | D9: Doha | E9: 45566 | F9: =Openings_Table[[#This Row],[Opening Date]]+(365*10) -> 49216 | G9: =IF(COUNTIF($C$7:C9,Openings_Table[[#This Row],[Country]])=1,400000,150000) -> 400000 | H9: =SUMIFS(INDIRECT("Sales_"&C9&"[Total Royalty]"), INDIRECT("Sales_"&C9&"[Period]"), ">=" & $E9) -> 278242.43 | I9: =SUMIFS(INDIRECT("Sales_"&$C9&"[Total Royalty]"), INDIRECT("Sales_"&$C9&"[Period]"), ">=" & $E9, INDIRECT("Sales_"&$C9&"[Period]"), "<=" & DATE(I$6,12,31)) -> 0 | J9: =SUMIFS(INDIRECT("Sales_"&$C9&"[Total Royalty]"),INDIRECT("Sales_"&$C9&"[Period]"),">="&$E9,INDIRECT("Sales_"&$C9&"[Period]"),"<="&DATE(J$6,12,31))-SUM($I9:I9) -> 30752.121 | K9: =SUMIFS(INDIRECT("Sales_"&$C9&"[Total Royalty]"),INDIRECT("Sales_"&$C9&"[Period]"),">="&$E9,INDIRECT("Sales_"&$C9&"[Period]"),"<="&DATE(K$6,12,31))-SUM($I9:J9) -> 122438.32 | L9: =SUMIFS(INDIRECT("Sales_"&$C9&"[Total Royalty]"),INDIRECT("Sales_"&$C9&"[Period]"),">="&$E9,INDIRECT("Sales_"&$C9&"[Period]"),"<="&DATE(L$6,12,31))-SUM($I9:K9) -> 125051.98 | M9: =H9-SUM(I9:L9) -> 0
B10: 4 | C10: UAE | D10: Dubai | E10: 45597 | F10: =Openings_Table[[#This Row],[Opening Date]]+(365*10) -> 49247 | G10: =IF(COUNTIF($C$7:C10,Openings_Table[[#This Row],[Country]])=1,400000,150000) -> 400000 | H10: =SUMIFS(INDIRECT("Sales_"&C10&"[Total Royalty]"), INDIRECT("Sales_"&C10&"[Period]"), ">=" & $E10) -> 275441.84 | I10: =SUMIFS(INDIRECT("Sales_"&$C10&"[Total Royalty]"), INDIRECT("Sales_"&$C10&"[Period]"), ">=" & $E10, INDIRECT("Sales_"&$C10&"[Period]"), "<=" & DATE(I$6,12,31)) -> 0 | J10: =SUMIFS(INDIRECT("Sales_"&$C10&"[Total Royalty]"),INDIRECT("Sales_"&$C10&"[Period]"),">="&$E10,INDIRECT("Sales_"&$C10&"[Period]"),"<="&DATE(J$6,12,31))-SUM($I10:I10) -> 22120.655 | K10: =SUMIFS(INDIRECT("Sales_"&$C10&"[Total Royalty]"),INDIRECT("Sales_"&$C10&"[Period]"),">="&$E10,INDIRECT("Sales_"&$C10&"[Period]"),"<="&DATE(K$6,12,31))-SUM($I10:J10) -> 125034.72 | L10: =SUMIFS(INDIRECT("Sales_"&$C10&"[Total Royalty]"),INDIRECT("Sales_"&$C10&"[Period]"),">="&$E10,INDIRECT("Sales_"&$C10&"[Period]"),"<="&DATE(L$6,12,31))-SUM($I10:K10) -> 128286.46 | M10: =H10-SUM(I10:L10) -> 0
B11: 5 | C11: UAE | D11: Abu Dhabi | E11: 45717 | F11: =Openings_Table[[#This Row],[Opening Date]]+(365*10) -> 49367 | G11: =IF(COUNTIF($C$7:C11,Openings_Table[[#This Row],[Country]])=1,400000,150000) -> 150000 | H11: =SUMIFS(INDIRECT("Sales_"&C11&"[Total Royalty]"), INDIRECT("Sales_"&C11&"[Period]"), ">=" & $E11) -> 231952.63 | I11: =SUMIFS(INDIRECT("Sales_"&$C11&"[Total Royalty]"), INDIRECT("Sales_"&$C11&"[Period]"), ">=" & $E11, INDIRECT("Sales_"&$C11&"[Period]"), "<=" & DATE(I$6,12,31)) -> 0 | J11: =SUMIFS(INDIRECT("Sales_"&$C11&"[Total Royalty]"),INDIRECT("Sales_"&$C11&"[Period]"),">="&$E11,INDIRECT("Sales_"&$C11&"[Period]"),"<="&DATE(J$6,12,31))-SUM($I11:I11) -> 0 | K11: =SUMIFS(INDIRECT("Sales_"&$C11&"[Total Royalty]"),INDIRECT("Sales_"&$C11&"[Period]"),">="&$E11,INDIRECT("Sales_"&$C11&"[Period]"),"<="&DATE(K$6,12,31))-SUM($I11:J11) -> 103666.17 | L11: =SUMIFS(INDIRECT("Sales_"&$C11&"[Total Royalty]"),INDIRECT("Sales_"&$C11&"[Period]"),">="&$E11,INDIRECT("Sales_"&$C11&"[Period]"),"<="&DATE(L$6,12,31))-SUM($I11:K11) -> 128286.46 | M11: =H11-SUM(I11:L11) -> 0
B12: 6 | C12: UAE | D12: DXB Airport | E12: 45778 | F12: =Openings_Table[[#This Row],[Opening Date]]+(365*10) -> 49428 | G12: =IF(COUNTIF($C$7:C12,Openings_Table[[#This Row],[Country]])=1,400000,150000) -> 150000 | H12: =SUMIFS(INDIRECT("Sales_"&C12&"[Total Royalty]"), INDIRECT("Sales_"&C12&"[Period]"), ">=" & $E12) -> 211732.89 | I12: =SUMIFS(INDIRECT("Sales_"&$C12&"[Total Royalty]"), INDIRECT("Sales_"&$C12&"[Period]"), ">=" & $E12, INDIRECT("Sales_"&$C12&"[Period]"), "<=" & DATE(I$6,12,31)) -> 0 | J12: =SUMIFS(INDIRECT("Sales_"&$C12&"[Total Royalty]"),INDIRECT("Sales_"&$C12&"[Period]"),">="&$E12,INDIRECT("Sales_"&$C12&"[Period]"),"<="&DATE(J$6,12,31))-SUM($I12:I12) -> 0 | K12: =SUMIFS(INDIRECT("Sales_"&$C12&"[Total Royalty]"),INDIRECT("Sales_"&$C12&"[Period]"),">="&$E12,INDIRECT("Sales_"&$C12&"[Period]"),"<="&DATE(K$6,12,31))-SUM($I12:J12) -> 83446.43 | L12: =SUMIFS(INDIRECT("Sales_"&$C12&"[Total Royalty]"),INDIRECT("Sales_"&$C12&"[Period]"),">="&$E12,INDIRECT("Sales_"&$C12&"[Period]"),"<="&DATE(L$6,12,31))-SUM($I12:K12) -> 128286.46 | M12: =H12-SUM(I12:L12) -> 0
B13: 7 | C13: Kuwait | D13: Kuwait City | E13: 45870 | F13: =Openings_Table[[#This Row],[Opening Date]]+(365*10) -> 49520 | G13: =IF(COUNTIF($C$7:C13,Openings_Table[[#This Row],[Country]])=1,400000,150000) -> 400000 | H13: =SUMIFS(INDIRECT("Sales_"&C13&"[Total Royalty]"), INDIRECT("Sales_"&C13&"[Period]"), ">=" & $E13) -> 172958.54 | I13: =SUMIFS(INDIRECT("Sales_"&$C13&"[Total Royalty]"), INDIRECT("Sales_"&$C13&"[Period]"), ">=" & $E13, INDIRECT("Sales_"&$C13&"[Period]"), "<=" & DATE(I$6,12,31)) -> 0 | J13: =SUMIFS(INDIRECT("Sales_"&$C13&"[Total Royalty]"),INDIRECT("Sales_"&$C13&"[Period]"),">="&$E13,INDIRECT("Sales_"&$C13&"[Period]"),"<="&DATE(J$6,12,31))-SUM($I13:I13) -> 0 | K13: =SUMIFS(INDIRECT("Sales_"&$C13&"[Total Royalty]"),INDIRECT("Sales_"&$C13&"[Period]"),">="&$E13,INDIRECT("Sales_"&$C13&"[Period]"),"<="&DATE(K$6,12,31))-SUM($I13:J13) -> 50508.25 | L13: =SUMIFS(INDIRECT("Sales_"&$C13&"[Total Royalty]"),INDIRECT("Sales_"&$C13&"[Period]"),">="&$E13,INDIRECT("Sales_"&$C13&"[Period]"),"<="&DATE(L$6,12,31))-SUM($I13:K13) -> 122450.29 | M13: =H13-SUM(I13:L13) -> 0
B14: 8 | C14: Turkey | D14: Istanbul | E14: 45992 | F14: =Openings_Table[[#This Row],[Opening Date]]+(365*10) -> 49642 | G14: =IF(COUNTIF($C$7:C14,Openings_Table[[#This Row],[Country]])=1,400000,150000) -> 400000 | H14: =SUMIFS(INDIRECT("Sales_"&C14&"[Total Royalty]"), INDIRECT("Sales_"&C14&"[Period]"), ">=" & $E14) -> 130000 | I14: =SUMIFS(INDIRECT("Sales_"&$C14&"[Total Royalty]"), INDIRECT("Sales_"&$C14&"[Period]"), ">=" & $E14, INDIRECT("Sales_"&$C14&"[Period]"), "<=" & DATE(I$6,12,31)) -> 0 | J14: =SUMIFS(INDIRECT("Sales_"&$C14&"[Total Royalty]"),INDIRECT("Sales_"&$C14&"[Period]"),">="&$E14,INDIRECT("Sales_"&$C14&"[Period]"),"<="&DATE(J$6,12,31))-SUM($I14:I14) -> 0 | K14: =SUMIFS(INDIRECT("Sales_"&$C14&"[Total Royalty]"),INDIRECT("Sales_"&$C14&"[Period]"),">="&$E14,INDIRECT("Sales_"&$C14&"[Period]"),"<="&DATE(K$6,12,31))-SUM($I14:J14) -> 10000 | L14: =SUMIFS(INDIRECT("Sales_"&$C14&"[Total Royalty]"),INDIRECT("Sales_"&$C14&"[Period]"),">="&$E14,INDIRECT("Sales_"&$C14&"[Period]"),"<="&DATE(L$6,12,31))-SUM($I14:K14) -> 120000 | M14: =H14-SUM(I14:L14) -> 0
B15: 9 | C15: Morocco | D15: Marrakech | E15: 46082 | F15: =Openings_Table[[#This Row],[Opening Date]]+(365*10) -> 49732 | G15: =IF(COUNTIF($C$7:C15,Openings_Table[[#This Row],[Country]])=1,400000,150000) -> 400000 | H15: =SUMIFS(INDIRECT("Sales_"&C15&"[Total Royalty]"), INDIRECT("Sales_"&C15&"[Period]"), ">=" & $E15) -> 100000 | I15: =SUMIFS(INDIRECT("Sales_"&$C15&"[Total Royalty]"), INDIRECT("Sales_"&$C15&"[Period]"), ">=" & $E15, INDIRECT("Sales_"&$C15&"[Period]"), "<=" & DATE(I$6,12,31)) -> 0 | J15: =SUMIFS(INDIRECT("Sales_"&$C15&"[Total Royalty]"),INDIRECT("Sales_"&$C15&"[Period]"),">="&$E15,INDIRECT("Sales_"&$C15&"[Period]"),"<="&DATE(J$6,12,31))-SUM($I15:I15) -> 0 | K15: =SUMIFS(INDIRECT("Sales_"&$C15&"[Total Royalty]"),INDIRECT("Sales_"&$C15&"[Period]"),">="&$E15,INDIRECT("Sales_"&$C15&"[Period]"),"<="&DATE(K$6,12,31))-SUM($I15:J15) -> 0 | L15: =SUMIFS(INDIRECT("Sales_"&$C15&"[Total Royalty]"),INDIRECT("Sales_"&$C15&"[Period]"),">="&$E15,INDIRECT("Sales_"&$C15&"[Period]"),"<="&DATE(L$6,12,31))-SUM($I15:K15) -> 100000 | M15: =H15-SUM(I15:L15) -> 0
B16: 10 | C16: Egypt | D16: Cairo | E16: 46174 | F16: =Openings_Table[[#This Row],[Opening Date]]+(365*10) -> 49824 | G16: =IF(COUNTIF($C$7:C16,Openings_Table[[#This Row],[Country]])=1,400000,150000) -> 400000 | H16: =SUMIFS(INDIRECT("Sales_"&C16&"[Total Royalty]"), INDIRECT("Sales_"&C16&"[Period]"), ">=" & $E16) -> 70399.255 | I16: =SUMIFS(INDIRECT("Sales_"&$C16&"[Total Royalty]"), INDIRECT("Sales_"&$C16&"[Period]"), ">=" & $E16, INDIRECT("Sales_"&$C16&"[Period]"), "<=" & DATE(I$6,12,31)) -> 0 | J16: =SUMIFS(INDIRECT("Sales_"&$C16&"[Total Royalty]"),INDIRECT("Sales_"&$C16&"[Period]"),">="&$E16,INDIRECT("Sales_"&$C16&"[Period]"),"<="&DATE(J$6,12,31))-SUM($I16:I16) -> 0 | K16: =SUMIFS(INDIRECT("Sales_"&$C16&"[Total Royalty]"),INDIRECT("Sales_"&$C16&"[Period]"),">="&$E16,INDIRECT("Sales_"&$C16&"[Period]"),"<="&DATE(K$6,12,31))-SUM($I16:J16) -> 0 | L16: =SUMIFS(INDIRECT("Sales_"&$C16&"[Total Royalty]"),INDIRECT("Sales_"&$C16&"[Period]"),">="&$E16,INDIRECT("Sales_"&$C16&"[Period]"),"<="&DATE(L$6,12,31))-SUM($I16:K16) -> 70399.255 | M16: =H16-SUM(I16:L16) -> 0
G18: =SUM(G7:G16) -> 3250000 | H18: =SUM(H7:H16) -> 2220727.6 | I18: =SUM(I7:I16) -> 80000 | J18: =SUM(J7:J16) -> 242872.78 | K18: =SUM(K7:K16) -> 735093.9 | L18: =SUM(L7:L16) -> 1162760.9 | M18: =H18-SUM(I18:L18) -> 0
C21: EBITDA Multiple | D21: Business Valuation year 3 | E21: 20% Equity | F21: Capital to raise with 25% IRR | G21: IRR with desired capital
C22: 6 | D22: =C22*'Financials Short'!$D$11+('Financials Short'!$D$29-'Financials Short'!$D$34) -> 6561938.8 | E22: =D22*20% -> 1312387.8 | F22: =E22/(1+25%)^$D$27 -> 671942.54 | G22: =(E22/$C$27)^(1/$D$27)-1 -> 0.094848575
C23: 8 | D23: =C23*'Financials Short'!$D$11+('Financials Short'!$D$29-'Financials Short'!$D$34) -> 8321216.9 | E23: =D23*20% -> 1664243.4 | F23: =E23/(1+25%)^$D$27 -> 852092.61 | G23: =(E23/$C$27)^(1/$D$27)-1 -> 0.1850562
C24: 10 | D24: =C24*'Financials Short'!$D$11+('Financials Short'!$D$29-'Financials Short'!$D$34) -> 10080495 | E24: =D24*20% -> 2016099 | F24: =E24/(1+25%)^$D$27 -> 1032242.7 | G24: =(E24/$C$27)^(1/$D$27)-1 -> 0.26329259
C26: Capital to raise | D26: Nº of years
C27: 1000000 | D27: 3

Sheet Financials Short
A2: P&L
A3: Revenue | B3: 45657 | C3: 46022 | D3: 46387
A4: Deferred Revenue Recognition | B4: =SUM('Financial Statements'!G20:R26) -> 65416.667 | C4: =SUM('Financial Statements'!S20:AD26) -> 177500 | D4: =SUM('Financial Statements'!AE20:AP26) -> 301666.67
A5: Revenue from Shops | B5: =SUM('Financial Statements'!G30:R36) -> 242872.78 | C5: =SUM('Financial Statements'!S30:AD36) -> 735093.9 | D5: =SUM('Financial Statements'!AE30:AP36) -> 1162760.9
A6: Total Revenue | B6: =SUM(B4:B5) -> 308289.44 | C6: =SUM(C4:C5) -> 912593.9 | D6: =SUM(D4:D5) -> 1464427.6
A8: Total COGS | B8: =SUM('Financial Statements'!G49:R49) -> 60000 | C8: =SUM('Financial Statements'!S49:AD49) -> 110000 | D8: =SUM('Financial Statements'!AE49:AP49) -> 147000
A9: Total Operating Expenses | B9: =SUM('Financial Statements'!G60:R60) -> 281165.79 | C9: =SUM('Financial Statements'!S60:AD60) -> 365251.88 | D9: =SUM('Financial Statements'!AE60:AP60) -> 437788.55
A11: EBITDA | B11: =B6-SUM(B8:B9) -> -32876.347 | C11: =C6-SUM(C8:C9) -> 437342.02 | D11: =D6-SUM(D8:D9) -> 879639.02
A12: EBITDA margin | B12: =B11/B6 -> -0.10664117 | C12: =C11/C6 -> 0.47922961 | D12: =D11/D6 -> 0.6006709
A14: CASHFLOW
B15: 45657 | C15: 46022 | D15: 46387
A16: Cash balance Satarting | B16: ='Financial Statements'!G67 -> 400000 | C16: =B21 -> 1251707 | D16: =C21 -> 2611549
A18: Net cashflow from operating activities | B18: =SUM('Financial Statements'!G69:R69) -> -98293.014 | C18: =SUM('Financial Statements'!S69:AD69) -> 259842.02 | D18: =SUM('Financial Statements'!AE69:AP69) -> 577972.35
A19: Cash coming from New Oppenings | B19: =SUM('Financial Statements'!G70:R70) -> 950000 | C19: =SUM('Financial Statements'!S70:AD70) -> 1100000 | D19: =SUM('Financial Statements'!AE70:AP70) -> 800000
A21: Cash Balance Ending | B21: =B16+SUM(B18:B19) -> 1251707 | C21: =C16+SUM(C18:C19) -> 2611549 | D21: =D16+SUM(D18:D19) -> 3989521.4
A23: BALANCE SHEET
B24: 45657 | C24: 46022 | D24: 46387
A25: ASSETS
A26: FIXED ASSETS
A27: IP License | B27: ='Financial Statements'!R79 -> 500000 | C27: ='Financial Statements'!AD79 -> 500000 | D27: ='Financial Statements'!AP79 -> 500000
A28: CURRENT ASSETS
A29: Cash | B29: ='Financial Statements'!R84 -> 1251707 | C29: ='Financial Statements'!AD84 -> 2611549 | D29: ='Financial Statements'!AP84 -> 3989521.4
A31: TOTAL ASSETS | B31: ='Financial Statements'!R88 -> 1751707 | C31: ='Financial Statements'!AD88 -> 3111549 | D31: ='Financial Statements'!AP88 -> 4489521.4
A33: LIABILITIES
A34: Credit Deferred Revenue | B34: ='Financial Statements'!R91 -> 1284583.3 | C34: ='Financial Statements'!AD91 -> 2207083.3 | D34: ='Financial Statements'!AP91 -> 2705416.7
A35: TOTAL LIABILITIES | B35: ='Financial Statements'!R93 -> 1284583.3 | C35: ='Financial Statements'!AD93 -> 2207083.3 | D35: ='Financial Statements'!AP93 -> 2705416.7
A37: EQUITY
A38: Qwner's share capital | B38: ='Financial Statements'!R96 -> 500000 | C38: ='Financial Statements'!AD96 -> 500000 | D38: ='Financial Statements'!AP96 -> 500000
A39: Profit and Loss Account | B39: =B11 -> -32876.347 | C39: =C11 -> 437342.02 | D39: =D11 -> 879639.02
A40: Prior Periods' Retained Earnings | C40: =B39 -> -32876.347 | D40: =C39+C40 -> 404465.67
A41: TOTAL EQUITY | B41: =SUM(B38:B40) -> 467123.65 | C41: =SUM(C38:C40) -> 904465.67 | D41: =SUM(D38:D40) -> 1784104.7
A43: TOTAL EQUITY & LIABILITIES | B43: =SUM(B35,B41) -> 1751707 | C43: =SUM(C35,C41) -> 3111549 | D43: =SUM(D35,D41) -> 4489521.4

Sheet Country Sales & Assumptions
G1: Table: Economic and F&B Sector Growth (Estimates)
A2: Saudi Arabia (Baseline: 100%) | C2: Seasonality Calendar for Gulf Countries | G2: Country | H2: GDP Growth (2018-2023) | I2: GDP Projection (2023-28) | J2: F&B Growth 2018-2023 | K2: F&B Growth 2023-28
A3: Economic Profile: Saudi Arabia has a large population and a growing economy, but consumer spending patterns can be conservative due to cultural factors. | C3: Month | D3: % Sales | E3: Comments on Seasonality | G3: Saudi Arabia | H3: 0.0283 | I3: 0.035 | J3: 0.06 | K3: 0.05
A4: Market Size: The size of the market in Riyadh might be larger compared to major cities in Qatar and UAE, impacting sales. | C4: January | D4: 1.2 | E4: Cooler weather, post-holiday tourism | G4: Qatar | H4: 0.0242 | I4: 0.03 | J4: 0.07 | K4: 0.06
C5: February | D5: 1.1 | E5: Cool weather, regular tourist activity | G5: UAE | H5: 0.0326 | I5: 0.025 | J5: 0.05 | K5: 0.05
C6: March | D6: 1.1 | E6: End of cool season, local tourism before Ramadan | G6: Kuwait | H6: 0.005025111 | I6: 0.025 | J6: 0.075 | K6: 0.085
A7: Qatar | C7: April | D7: 0.9 | E7: Possible impact of Ramadan, evening sales may increase | G7: Turkey | H7: 0.045245768 | I7: 0.042 | J7: 0.049 | K7: 0.0585
A8: Economic Profile: Qatar has a high GDP per capita, indicating a potentially higher consumer spending power. | C8: May | D8: 0.8 | E8: End of Ramadan, Eid celebrations, fluctuating patterns | G8: Morocco | H8: 0.015558348 | I8: 0.032 | J8: 0.048 | K8: 0.0579
A9: Market Size: The population is smaller than Saudi Arabia, which could limit the total market size. | C9: June | D9: 0.75 | E9: Start of extreme heat, likely dip in day-time foot traffic | G9: Egypt | H9: 0.0474 | I9: 0.04 | J9: 0.1208 | K9: 0.148
A10: Consumer Behavior: Qatar has a significant expatriate community, which might influence café culture and spending habits. | C10: July | D10: 0.7 | E10: Peak of hot season, lowest foot traffic
A11: Estimated % for Qatar: 120-130% | C11: August | D11: 0.75 | E11: Continuation of extreme heat, slight recovery due to vacations
A12: Rationale: Higher GDP per capita and potential for higher average spend per customer, offset by a smaller overall market size. | C12: September | D12: 1 | E12: Start of school season, moderate climate
C13: October | D13: 1.1 | E13: Cooling down, start of peak season for tourism | H13: Baseline % | I13: Year 0 | J13: Year 1 | K13: Year 2 | L13: Year 3
C14: November | D14: 1.2 | E14: Pleasant climate, high tourist activity | G14: Saudi Arabia | H14: 1 | I14: 104036 | J14: =I14*(1+VLOOKUP($G14,$G$1:$K$9,5,0)) -> 109237.8 | K14: =J14*(1+VLOOKUP($G14,$G$1:$K$9,5,0)) -> 114699.69 | L14: =K14*(1+VLOOKUP($G14,$G$1:$K$9,5,0)) -> 120434.67
A15: UAE (particularly Dubai and Abu Dhabi) | C15: December | D15: 1.3 | E15: Year-end holidays, peak tourism and spending | G15: Qatar | H15: 1.25 | I15: =$I$14*H15 -> 130045 | J15: =I15*(1+VLOOKUP($G15,$G$1:$K$9,5,0)) -> 137847.7 | K15: =J15*(1+VLOOKUP($G15,$G$1:$K$9,5,0)) -> 146118.56 | L15: =K15*(1+VLOOKUP($G15,$G$1:$K$9,5,0)) -> 154885.68
A16: Economic Profile: Similar to Qatar, UAE has a high GDP per capita. Dubai and Abu Dhabi are major tourist and expatriate hubs. | G16: UAE | H16: 1.35 | I16: =$I$14*H16 -> 140448.6 | J16: =I16*(1+VLOOKUP($G16,$G$1:$K$9,5,0)) -> 147471.03 | K16: =J16*(1+VLOOKUP($G16,$G$1:$K$9,5,0)) -> 154844.58 | L16: =K16*(1+VLOOKUP($G16,$G$1:$K$9,5,0)) -> 162586.81
A17: Market Size: Larger than Qatar, with a diverse international community and a strong café culture. | C17: Seasonality Calendar for Mediterranean sea Countries | G17: Kuwait | H17: 1.1 | I17: =$I$14*H17 -> 114439.6 | J17: =I17*(1+VLOOKUP($G17,$G$1:$K$9,5,0)) -> 124166.97 | K17: =J17*(1+VLOOKUP($G17,$G$1:$K$9,5,0)) -> 134721.16 | L17: =K17*(1+VLOOKUP($G17,$G$1:$K$9,5,0)) -> 146172.46
A18: Consumer Behavior: High levels of tourism and an international population could lead to diverse and potentially higher spending in cafés. | C18: Month | D18: % Sales | E18: Comments on Seasonality | G18: Turkey | H18: 1.05 | I18: =$I$14*H18 -> 109237.8 | J18: =I18*(1+VLOOKUP($G18,$G$1:$K$9,5,0)) -> 115628.21 | K18: =J18*(1+VLOOKUP($G18,$G$1:$K$9,5,0)) -> 122392.46 | L18: =K18*(1+VLOOKUP($G18,$G$1:$K$9,5,0)) -> 129552.42
A19: Estimated % for UAE: 135% | C19: January | D19: 1.1 | E19: Cooler weather, but less extreme; steady tourist activity | G19: Morocco | H19: 0.95 | I19: =$I$14*H19 -> 98834.2 | J19: =I19*(1+VLOOKUP($G19,$G$1:$K$9,5,0)) -> 104556.7 | K19: =J19*(1+VLOOKUP($G19,$G$1:$K$9,5,0)) -> 110610.53 | L19: =K19*(1+VLOOKUP($G19,$G$1:$K$9,5,0)) -> 117014.88
A20: Rationale: Larger market size with significant tourism and expatriate presence, contributing to potentially higher sales, despite competition. | C20: February | D20: 1 | E20: Cool weather continues; moderate tourist activity | G20: Egypt | H20: 0.9 | I20: =$I$14*H20 -> 93632.4 | J20: =I20*(1+VLOOKUP($G20,$G$1:$K$9,5,0)) -> 107490 | K20: =J20*(1+VLOOKUP($G20,$G$1:$K$9,5,0)) -> 123398.51 | L20: =K20*(1+VLOOKUP($G20,$G$1:$K$9,5,0)) -> 141661.49
C21: March | D21: 1.1 | E21: Beginning of spring; increase in local and regional tourism
C22: April | D22: 1.2 | E22: Spring season; peak in tourist activity before hot months
A23: Kuwait | C23: May | D23: 1.1 | E23: Pleasant weather; high tourist activity continues
A24: Economic Profile: Kuwait has a high GDP per capita, largely due to its oil wealth. The economy is less diversified compared to UAE or Qatar. | C24: June | D24: 1 | E24: Beginning of warm season; start of domestic tourism
A25: Market Size: Kuwait has a smaller population compared to Saudi Arabia, which may limit market size. However, it has a substantial middle and upper-class population. | C25: July | D25: 0.9 | E25: Hot weather; some decline in day-time tourism
A26: Consumer Behavior: Kuwaitis enjoy a relatively high standard of living. There is a significant presence of Western-style consumerism. | C26: August | D26: 0.9 | E26: Peak of summer; holiday season for locals and Europeans
A27: Estimated % for Kuwait: 110-115% | C27: September | D27: 1.1 | E27: End of hot season; revival of tourism
A28: Rationale: High GDP per capita and a strong consumer culture are positives, but the smaller population size limits total market potential. | C28: October | D28: 1.2 | E28: Pleasant autumn weather; high tourist activity
C29: November | D29: 1 | E29: Cooler weather; moderate tourist activity
C30: December | D30: 1.2 | E30: Holiday season; increase in end-of-year tourism and spending
A35: Turkey
A36: Economic Profile: Turkey has a larger population and a diverse economy. However, the GDP per capita is lower than the Gulf countries.
A37: Market Size: Large population with significant urban centers like Istanbul and Ankara.
A38: Consumer Behavior: Turkish people have a rich café culture. The country also attracts many tourists, especially in cities like Istanbul.
A39: Estimated % for Turkey: 105-110%
A40: Rationale: The large population and established café culture are positives, but lower GDP per capita might mean lower average spending per customer.
A43: Morocco
A44: Economic Profile: Morocco has a growing economy but lower GDP per capita compared to Gulf countries. Tourism is a significant sector.
A45: Market Size: A large population, but overall spending power is lower.
A46: Consumer Behavior: There is a traditional café culture, and the country sees a good number of tourists, especially in cities like Marrakech and Casablanca.
A47: Estimated % for Morocco: 90-95%
A48: Rationale: Strong café culture and tourism are positive, but lower GDP per capita and overall economic development could limit spending.
... A56: Rationale: The large population and significant tourism sector support the market, but the lower GDP per capita means the luxury segment is a smaller niche compared to the Gulf baseline.

Sheet Financial Statements
B5: Draft Financial Set
B6: 36-Month Forecast Model
G7: =COUNTA($G$8:G8) -> 1 | H7: =COUNTA($G$8:H8) -> 2 | I7: =COUNTA($G$8:I8) -> 3 | J7: =COUNTA($G$8:J8) -> 4 | K7: =COUNTA($G$8:K8) -> 5 | L7: =COUNTA($G$8:L8) -> 6 | M7: =COUNTA($G$8:M8) -> 7 | N7: =COUNTA($G$8:N8) -> 8 | ... AP7: =COUNTA($G$8:AP8) -> 36
B8: Assumptions | F8: Month | G8: 45322 | H8: 45351 | I8: 45382 | J8: 45412 | K8: 45443 | L8: 45473 | M8: 45504 | N8: 45535 | O8: 45565 | P8: 45596 | Q8: 45626 | R8: 45657 | S8: 45688 | T8: 45716 | U8: 45747 | V8: 45777 | W8: 45808 | X8: 45838 | Y8: 45869 | Z8: 45900 | AA8: 45930 | AB8: 45961 | AC8: 45991 | AD8: 46022 | AE8: 46053 | AF8: 46081 | AG8: 46112 | AH8: 46142 | AI8: 46173 | AJ8: 46203 | AK8: 46234 | AL8: 46265 | AM8: 46295 | AN8: 46326 | AO8: 46356 | AP8: 46387
D9: Open Shops
F10: N* of Saudi Arabia Shops | G10: =COUNTIFS(Openings_Table[[Country]:[Country]],"Saudi_Arabia",Openings_Table[[Opening Date]:[Opening Date]],"<"&G$8) -> 1 | H10: =COUNTIFS(Openings_Table[[Country]:[Country]],"Saudi_Arabia",Openings_Table[[Opening Date]:[Opening Date]],"<"&H$8) -> 1 | I10: =COUNTIFS(Openings_Table[[Country]:[Country]],"Saudi_Arabia",Openings_Table[[Opening Date]:[Opening Date]],"<"&I$8) -> 1 | J10: =COUNTIFS(Openings_Table[[Country]:[Country]],"Saudi_Arabia",Openings_Table[[Opening Date]:[Opening Date]],"<"&J$8) -> 1 | K10: =COUNTIFS(Openings_Table[[Country]:[Country]],"Saudi_Arabia",Openings_Table[[Opening Date]:[Opening Date]],"<"&K$8) -> 1 | L10: =COUNTIFS(Openings_Table[[Country]:[Country]],"Saudi_Arabia",Openings_Table[[Opening Date]:[Opening Date]],"<"&L$8) -> 2 | M10: =COUNTIFS(Openings_Table[[Country]:[Country]],"Saudi_Arabia",Openings_Table[[Opening Date]:[Opening Date]],"<"&M$8) -> 2 | N10: =COUNTIFS(Openings_Table[[Country]:[Country]],"Saudi_Arabia",Openings_Table[[Opening Date]:[Opening Date]],"<"&N$8) -> 2 | ... AP10: =COUNTIFS(Openings_Table[[Country]:[Country]],"Saudi_Arabia",Openings_Table[[Opening Date]:[Opening Date]],"<"&AP$8) -> 2
F11: N* of UAE | G11: =COUNTIFS(Openings_Table[[Country]:[Country]],"UAE",Openings_Table[[Opening Date]:[Opening Date]],"<"&G$8) -> 0 | H11: =COUNTIFS(Openings_Table[[Country]:[Country]],"UAE",Openings_Table[[Opening Date]:[Opening Date]],"<"&H$8) -> 0 | I11: =COUNTIFS(Openings_Table[[Country]:[Country]],"UAE",Openings_Table[[Opening Date]:[Opening Date]],"<"&I$8) -> 0 | J11: =COUNTIFS(Openings_Table[[Country]:[Country]],"UAE",Openings_Table[[Opening Date]:[Opening Date]],"<"&J$8) -> 0 | K11: =COUNTIFS(Openings_Table[[Country]:[Country]],"UAE",Openings_Table[[Opening Date]:[Opening Date]],"<"&K$8) -> 0 | L11: =COUNTIFS(Openings_Table[[Country]:[Country]],"UAE",Openings_Table[[Opening Date]:[Opening Date]],"<"&L$8) -> 0 | M11: =COUNTIFS(Openings_Table[[Country]:[Country]],"UAE",Openings_Table[[Opening Date]:[Opening Date]],"<"&M$8) -> 0 | N11: =COUNTIFS(Openings_Table[[Country]:[Country]],"UAE",Openings_Table[[Opening Date]:[Opening Date]],"<"&N$8) -> 0 | ... AP11: =COUNTIFS(Openings_Table[[Country]:[Country]],"UAE",Openings_Table[[Opening Date]:[Opening Date]],"<"&AP$8) -> 3
F12: N* of Qatar Shops | G12: =COUNTIFS(Openings_Table[[Country]:[Country]],"Qatar",Openings_Table[[Opening Date]:[Opening Date]],"<"&G$8) -> 0 | H12: =COUNTIFS(Openings_Table[[Country]:[Country]],"Qatar",Openings_Table[[Opening Date]:[Opening Date]],"<"&H$8) -> 0 | I12: =COUNTIFS(Openings_Table[[Country]:[Country]],"Qatar",Openings_Table[[Opening Date]:[Opening Date]],"<"&I$8) -> 0 | J12: =COUNTIFS(Openings_Table[[Country]:[Country]],"Qatar",Openings_Table[[Opening Date]:[Opening Date]],"<"&J$8) -> 0 | K12: =COUNTIFS(Openings_Table[[Country]:[Country]],"Qatar",Openings_Table[[Opening Date]:[Opening Date]],"<"&K$8) -> 0 | L12: =COUNTIFS(Openings_Table[[Country]:[Country]],"Qatar",Openings_Table[[Opening Date]:[Opening Date]],"<"&L$8) -> 0 | M12: =COUNTIFS(Openings_Table[[Country]:[Country]],"Qatar",Openings_Table[[Opening Date]:[Opening Date]],"<"&M$8) -> 0 | N12: =COUNTIFS(Openings_Table[[Country]:[Country]],"Qatar",Openings_Table[[Opening Date]:[Opening Date]],"<"&N$8) -> 0 | ... AP12: =COUNTIFS(Openings_Table[[Country]:[Country]],"Qatar",Openings_Table[[Opening Date]:[Opening Date]],"<"&AP$8) -> 1
F13: N* of Kuwait Shops | G13: =COUNTIFS(Openings_Table[[Country]:[Country]],"Kuwait",Openings_Table[[Opening Date]:[Opening Date]],"<"&G$8) -> 0 | H13: =COUNTIFS(Openings_Table[[Country]:[Country]],"Kuwait",Openings_Table[[Opening Date]:[Opening Date]],"<"&H$8) -> 0 | I13: =COUNTIFS(Openings_Table[[Country]:[Country]],"Kuwait",Openings_Table[[Opening Date]:[Opening Date]],"<"&I$8) -> 0 | J13: =COUNTIFS(Openings_Table[[Country]:[Country]],"Kuwait",Openings_Table[[Opening Date]:[Opening Date]],"<"&J$8) -> 0 | K13: =COUNTIFS(Openings_Table[[Country]:[Country]],"Kuwait",Openings_Table[[Opening Date]:[Opening Date]],"<"&K$8) -> 0 | L13: =COUNTIFS(Openings_Table[[Country]:[Country]],"Kuwait",Openings_Table[[Opening Date]:[Opening Date]],"<"&L$8) -> 0 | M13: =COUNTIFS(Openings_Table[[Country]:[Country]],"Kuwait",Openings_Table[[Opening Date]:[Opening Date]],"<"&M$8) -> 0 | N13: =COUNTIFS(Openings_Table[[Country]:[Country]],"Kuwait",Openings_Table[[Opening Date]:[Opening Date]],"<"&N$8) -> 0 | ... AP13: =COUNTIFS(Openings_Table[[Country]:[Country]],"Kuwait",Openings_Table[[Opening Date]:[Opening Date]],"<"&AP$8) -> 1
F14: N* of Turkey | G14: =COUNTIFS(Openings_Table[[Country]:[Country]],"Turkey",Openings_Table[[Opening Date]:[Opening Date]],"<"&G$8) -> 0 | H14: =COUNTIFS(Openings_Table[[Country]:[Country]],"Turkey",Openings_Table[[Opening Date]:[Opening Date]],"<"&H$8) -> 0 | I14: =COUNTIFS(Openings_Table[[Country]:[Country]],"Turkey",Openings_Table[[Opening Date]:[Opening Date]],"<"&I$8) -> 0 | J14: =COUNTIFS(Openings_Table[[Country]:[Country]],"Turkey",Openings_Table[[Opening Date]:[Opening Date]],"<"&J$8) -> 0 | K14: =COUNTIFS(Openings_Table[[Country]:[Country]],"Turkey",Openings_Table[[Opening Date]:[Opening Date]],"<"&K$8) -> 0 | L14: =COUNTIFS(Openings_Table[[Country]:[Country]],"Turkey",Openings_Table[[Opening Date]:[Opening Date]],"<"&L$8) -> 0 | M14: =COUNTIFS(Openings_Table[[Country]:[Country]],"Turkey",Openings_Table[[Opening Date]:[Opening Date]],"<"&M$8) -> 0 | N14: =COUNTIFS(Openings_Table[[Country]:[Country]],"Turkey",Openings_Table[[Opening Date]:[Opening Date]],"<"&N$8) -> 0 | ... AP14: =COUNTIFS(Openings_Table[[Country]:[Country]],"Turkey",Openings_Table[[Opening Date]:[Opening Date]],"<"&AP$8) -> 1
F15: N* of Morocco Shops | G15: =COUNTIFS(Openings_Table[[Country]:[Country]],"Morocco",Openings_Table[[Opening Date]:[Opening Date]],"<"&G$8) -> 0 | H15: =COUNTIFS(Openings_Table[[Country]:[Country]],"Morocco",Openings_Table[[Opening Date]:[Opening Date]],"<"&H$8) -> 0 | I15: =COUNTIFS(Openings_Table[[Country]:[Country]],"Morocco",Openings_Table[[Opening Date]:[Opening Date]],"<"&I$8) -> 0 | J15: =COUNTIFS(Openings_Table[[Country]:[Country]],"Morocco",Openings_Table[[Opening Date]:[Opening Date]],"<"&J$8) -> 0 | K15: =COUNTIFS(Openings_Table[[Country]:[Country]],"Morocco",Openings_Table[[Opening Date]:[Opening Date]],"<"&K$8) -> 0 | L15: =COUNTIFS(Openings_Table[[Country]:[Country]],"Morocco",Openings_Table[[Opening Date]:[Opening Date]],"<"&L$8) -> 0 | M15: =COUNTIFS(Openings_Table[[Country]:[Country]],"Morocco",Openings_Table[[Opening Date]:[Opening Date]],"<"&M$8) -> 0 | N15: =COUNTIFS(Openings_Table[[Country]:[Country]],"Morocco",Openings_Table[[Opening Date]:[Opening Date]],"<"&N$8) -> 0 | ... AP15: =COUNTIFS(Openings_Table[[Country]:[Country]],"Morocco",Openings_Table[[Opening Date]:[Opening Date]],"<"&AP$8) -> 1
F16: N* of Egypt Shops | G16: =COUNTIFS(Openings_Table[[Country]:[Country]],"Egypt",Openings_Table[[Opening Date]:[Opening Date]],"<"&G$8) -> 0 | H16: =COUNTIFS(Openings_Table[[Country]:[Country]],"Egypt",Openings_Table[[Opening Date]:[Opening Date]],"<"&H$8) -> 0 | I16: =COUNTIFS(Openings_Table[[Country]:[Country]],"Egypt",Openings_Table[[Opening Date]:[Opening Date]],"<"&I$8) -> 0 | J16: =COUNTIFS(Openings_Table[[Country]:[Country]],"Egypt",Openings_Table[[Opening Date]:[Opening Date]],"<"&J$8) -> 0 | K16: =COUNTIFS(Openings_Table[[Country]:[Country]],"Egypt",Openings_Table[[Opening Date]:[Opening Date]],"<"&K$8) -> 0 | L16: =COUNTIFS(Openings_Table[[Country]:[Country]],"Egypt",Openings_Table[[Opening Date]:[Opening Date]],"<"&L$8) -> 0 | M16: =COUNTIFS(Openings_Table[[Country]:[Country]],"Egypt",Openings_Table[[Opening Date]:[Opening Date]],"<"&M$8) -> 0 | N16: =COUNTIFS(Openings_Table[[Country]:[Country]],"Egypt",Openings_Table[[Opening Date]:[Opening Date]],"<"&N$8) -> 0 | ... AP16: =COUNTIFS(Openings_Table[[Country]:[Country]],"Egypt",Openings_Table[[Opening Date]:[Opening Date]],"<"&AP$8) -> 1
D17: P&L
F18: Revenue
F20: Deferred Revenue from Saudi Arabia Openings | G20: =SUMIFS(Openings_Table[[Initial One-Time Fee]:[Initial One-Time Fee]],Openings_Table[[Country]:[Country]],"Saudi_Arabia",Openings_Table[[Opening Date]:[Opening Date]],"<"&G$8)/(12*10) -> 3333.3333 | H20: =SUMIFS(Openings_Table[[Initial One-Time Fee]:[Initial One-Time Fee]],Openings_Table[[Country]:[Country]],"Saudi_Arabia",Openings_Table[[Opening Date]:[Opening Date]],"<"&H8)/(12*10) -> 3333.3333 | I20: =SUMIFS(Openings_Table[[Initial One-Time Fee]:[Initial One-Time Fee]],Openings_Table[[Country]:[Country]],"Saudi_Arabia",Openings_Table[[Opening Date]:[Opening Date]],"<"&I8)/(12*10) -> 3333.3333 | J20: =SUMIFS(Openings_Table[[Initial One-Time Fee]:[Initial One-Time Fee]],Openings_Table[[Country]:[Country]],"Saudi_Arabia",Openings_Table[[Opening Date]:[Opening Date]],"<"&J8)/(12*10) -> 3333.3333 | K20: =SUMIFS(Openings_Table[[Initial One-Time Fee]:[Initial One-Time Fee]],Openings_Table[[Country]:[Country]],"Saudi_Arabia",Openings_Table[[Opening Date]:[Opening Date]],"<"&K8)/(12*10) -> 3333.3333 | L20: =SUMIFS(Openings_Table[[Initial One-Time Fee]:[Initial One-Time Fee]],Openings_Table[[Country]:[Country]],"Saudi_Arabia",Openings_Table[[Opening Date]:[Opening Date]],"<"&L8)/(12*10) -> 4583.3333 | M20: =SUMIFS(Openings_Table[[Initial One-Time Fee]:[Initial One-Time Fee]],Openings_Table[[Country]:[Country]],"Saudi_Arabia",Openings_Table[[Opening Date]:[Opening Date]],"<"&M8)/(12*10) -> 4583.3333 | N20: =SUMIFS(Openings_Table[[Initial One-Time Fee]:[Initial One-Time Fee]],Openings_Table[[Country]:[Country]],"Saudi_Arabia",Openings_Table[[Opening Date]:[Opening Date]],"<"&N8)/(12*10) -> 4583.3333 | O20: =SUMIFS(Openings_Table[[Initial One-Time Fee]:[Initial One-Time Fee]],Openings_Table[[Country]:[Country]],"Saudi_Arabia",Openings_Table[[Opening Date]:[Opening Date]],"<"&O8)/(12*10) -> 4583.3333 | ... AP20: =SUMIFS(Openings_Table[[Initial One-Time Fee]:[Initial One-Time Fee]],Openings_Table[[Country]:[Country]],"Saudi_Arabia",Openings_Table[[Opening Date]:[Opening Date]],"<"&AP8)/(12*10) -> 4583.3333
F21: Deferred Revenue from UAE Openings | G21: =SUMIFS(Openings_Table[[Initial One-Time Fee]:[Initial One-Time Fee]],Openings_Table[[Country]:[Country]],"UAE",Openings_Table[[Opening Date]:[Opening Date]],"<"&G$8)/(12*10) -> 0 | H21: =SUMIFS(Openings_Table[[Initial One-Time Fee]:[Initial One-Time Fee]],Openings_Table[[Country]:[Country]],"UAE",Openings_Table[[Opening Date]:[Opening Date]],"<"&H$8)/(12*10) -> 0 | I21: =SUMIFS(Openings_Table[[Initial One-Time Fee]:[Initial One-Time Fee]],Openings_Table[[Country]:[Country]],"UAE",Openings_Table[[Opening Date]:[Opening Date]],"<"&I$8)/(12*10) -> 0 | J21: =SUMIFS(Openings_Table[[Initial One-Time Fee]:[Initial One-Time Fee]],Openings_Table[[Country]:[Country]],"UAE",Openings_Table[[Opening Date]:[Opening Date]],"<"&J$8)/(12*10) -> 0 | K21: =SUMIFS(Openings_Table[[Initial One-Time Fee]:[Initial One-Time Fee]],Openings_Table[[Country]:[Country]],"UAE",Openings_Table[[Opening Date]:[Opening Date]],"<"&K$8)/(12*10) -> 0 | L21: =SUMIFS(Openings_Table[[Initial One-Time Fee]:[Initial One-Time Fee]],Openings_Table[[Country]:[Country]],"UAE",Openings_Table[[Opening Date]:[Opening Date]],"<"&L$8)/(12*10) -> 0 | M21: =SUMIFS(Openings_Table[[Initial One-Time Fee]:[Initial One-Time Fee]],Openings_Table[[Country]:[Country]],"UAE",Openings_Table[[Opening Date]:[Opening Date]],"<"&M$8)/(12*10) -> 0 | N21: =SUMIFS(Openings_Table[[Initial One-Time Fee]:[Initial One-Time Fee]],Openings_Table[[Country]:[Country]],"UAE",Openings_Table[[Opening Date]:[Opening Date]],"<"&N$8)/(12*10) -> 0 | ... AP21: =SUMIFS(Openings_Table[[Initial One-Time Fee]:[Initial One-Time Fee]],Openings_Table[[Country]:[Country]],"UAE",Openings_Table[[Opening Date]:[Opening Date]],"<"&AP$8)/(12*10) -> 5833.3333
F22: Deferred Revenue from Qatar Openings | G22: =SUMIFS(Openings_Table[[Initial One-Time Fee]:[Initial One-Time Fee]],Openings_Table[[Country]:[Country]],"Qatar",Openings_Table[[Opening Date]:[Opening Date]],"<"&G$8)/(12*10) -> 0 | H22: =SUMIFS(Openings_Table[[Initial One-Time Fee]:[Initial One-Time Fee]],Openings_Table[[Country]:[Country]],"Qatar",Openings_Table[[Opening Date]:[Opening Date]],"<"&H$8)/(12*10) -> 0 | I22: =SUMIFS(Openings_Table[[Initial One-Time Fee]:[Initial One-Time Fee]],Openings_Table[[Country]:[Country]],"Qatar",Openings_Table[[Opening Date]:[Opening Date]],"<"&I$8)/(12*10) -> 0 | J22: =SUMIFS(Openings_Table[[Initial One-Time Fee]:[Initial One-Time Fee]],Openings_Table[[Country]:[Country]],"Qatar",Openings_Table[[Opening Date]:[Opening Date]],"<"&J$8)/(12*10) -> 0 | K22: =SUMIFS(Openings_Table[[Initial One-Time Fee]:[Initial One-Time Fee]],Openings_Table[[Country]:[Country]],"Qatar",Openings_Table[[Opening Date]:[Opening Date]],"<"&K$8)/(12*10) -> 0 | L22: =SUMIFS(Openings_Table[[Initial One-Time Fee]:[Initial One-Time Fee]],Openings_Table[[Country]:[Country]],"Qatar",Openings_Table[[Opening Date]:[Opening Date]],"<"&L$8)/(12*10) -> 0 | M22: =SUMIFS(Openings_Table[[Initial One-Time Fee]:[Initial One-Time Fee]],Openings_Table[[Country]:[Country]],"Qatar",Openings_Table[[Opening Date]:[Opening Date]],"<"&M$8)/(12*10) -> 0 | N22: =SUMIFS(Openings_Table[[Initial One-Time Fee]:[Initial One-Time Fee]],Openings_Table[[Country]:[Country]],"Qatar",Openings_Table[[Opening Date]:[Opening Date]],"<"&N$8)/(12*10) -> 0 | ... AP22: =SUMIFS(Openings_Table[[Initial One-Time Fee]:[Initial One-Time Fee]],Openings_Table[[Country]:[Country]],"Qatar",Openings_Table[[Opening Date]:[Opening Date]],"<"&AP$8)/(12*10) -> 3333.3333
F23: Deferred Revenue from Kuwait Openings | G23: =SUMIFS(Openings_Table[[Initial One-Time Fee]:[Initial One-Time Fee]],Openings_Table[[Country]:[Country]],"Kuwait",Openings_Table[[Opening Date]:[Opening Date]],"<"&G$8)/(12*10) -> 0 | H23: =SUMIFS(Openings_Table[[Initial One-Time Fee]:[Initial One-Time Fee]],Openings_Table[[Country]:[Country]],"Kuwait",Openings_Table[[Opening Date]:[Opening Date]],"<"&H$8)/(12*10) -> 0 | I23: =SUMIFS(Openings_Table[[Initial One-Time Fee]:[Initial One-Time Fee]],Openings_Table[[Country]:[Country]],"Kuwait",Openings_Table[[Opening Date]:[Opening Date]],"<"&I$8)/(12*10) -> 0 | J23: =SUMIFS(Openings_Table[[Initial One-Time Fee]:[Initial One-Time Fee]],Openings_Table[[Country]:[Country]],"Kuwait",Openings_Table[[Opening Date]:[Opening Date]],"<"&J$8)/(12*10) -> 0 | K23: =SUMIFS(Openings_Table[[Initial One-Time Fee]:[Initial One-Time Fee]],Openings_Table[[Country]:[Country]],"Kuwait",Openings_Table[[Opening Date]:[Opening Date]],"<"&K$8)/(12*10) -> 0 | L23: =SUMIFS(Openings_Table[[Initial One-Time Fee]:[Initial One-Time Fee]],Openings_Table[[Country]:[Country]],"Kuwait",Openings_Table[[Opening Date]:[Opening Date]],"<"&L$8)/(12*10) -> 0 | M23: =SUMIFS(Openings_Table[[Initial One-Time Fee]:[Initial One-Time Fee]],Openings_Table[[Country]:[Country]],"Kuwait",Openings_Table[[Opening Date]:[Opening Date]],"<"&M$8)/(12*10) -> 0 | N23: =SUMIFS(Openings_Table[[Initial One-Time Fee]:[Initial One-Time Fee]],Openings_Table[[Country]:[Country]],"Kuwait",Openings_Table[[Opening Date]:[Opening Date]],"<"&N$8)/(12*10) -> 0 | ... AP23: =SUMIFS(Openings_Table[[Initial One-Time Fee]:[Initial One-Time Fee]],Openings_Table[[Country]:[Country]],"Kuwait",Openings_Table[[Opening Date]:[Opening Date]],"<"&AP$8)/(12*10) -> 3333.3333
F24: Deferred Revenue from Turkey | G24: =SUMIFS(Openings_Table[[Initial One-Time Fee]:[Initial One-Time Fee]],Openings_Table[[Country]:[Country]],"Turkey",Openings_Table[[Opening Date]:[Opening Date]],"<"&G$8)/(12*10) -> 0 | H24: =SUMIFS(Openings_Table[[Initial One-Time Fee]:[Initial One-Time Fee]],Openings_Table[[Country]:[Country]],"Turkey",Openings_Table[[Opening Date]:[Opening Date]],"<"&H$8)/(12*10) -> 0 | I24: =SUMIFS(Openings_Table[[Initial One-Time Fee]:[Initial One-Time Fee]],Openings_Table[[Country]:[Country]],"Turkey",Openings_Table[[Opening Date]:[Opening Date]],"<"&I$8)/(12*10) -> 0 | J24: =SUMIFS(Openings_Table[[Initial One-Time Fee]:[Initial One-Time Fee]],Openings_Table[[Country]:[Country]],"Turkey",Openings_Table[[Opening Date]:[Opening Date]],"<"&J$8)/(12*10) -> 0 | K24: =SUMIFS(Openings_Table[[Initial One-Time Fee]:[Initial One-Time Fee]],Openings_Table[[Country]:[Country]],"Turkey",Openings_Table[[Opening Date]:[Opening Date]],"<"&K$8)/(12*10) -> 0 | L24: =SUMIFS(Openings_Table[[Initial One-Time Fee]:[Initial One-Time Fee]],Openings_Table[[Country]:[Country]],"Turkey",Openings_Table[[Opening Date]:[Opening Date]],"<"&L$8)/(12*10) -> 0 | M24: =SUMIFS(Openings_Table[[Initial One-Time Fee]:[Initial One-Time Fee]],Openings_Table[[Country]:[Country]],"Turkey",Openings_Table[[Opening Date]:[Opening Date]],"<"&M$8)/(12*10) -> 0 | N24: =SUMIFS(Openings_Table[[Initial One-Time Fee]:[Initial One-Time Fee]],Openings_Table[[Country]:[Country]],"Turkey",Openings_Table[[Opening Date]:[Opening Date]],"<"&N$8)/(12*10) -> 0 | ... AP24: =SUMIFS(Openings_Table[[Initial One-Time Fee]:[Initial One-Time Fee]],Openings_Table[[Country]:[Country]],"Turkey",Openings_Table[[Opening Date]:[Opening Date]],"<"&AP$8)/(12*10) -> 3333.3333
F25: Deferred Revenue from Morocco Openings | G25: =SUMIFS(Openings_Table[[Initial One-Time Fee]:[Initial One-Time Fee]],Openings_Table[[Country]:[Country]],"Morocco",Openings_Table[[Opening Date]:[Opening Date]],"<"&G$8)/(12*10) -> 0 | H25: =SUMIFS(Openings_Table[[Initial One-Time Fee]:[Initial One-Time Fee]],Openings_Table[[Country]:[Country]],"Morocco",Openings_Table[[Opening Date]:[Opening Date]],"<"&H$8)/(12*10) -> 0 | I25: =SUMIFS(Openings_Table[[Initial One-Time Fee]:[Initial One-Time Fee]],Openings_Table[[Country]:[Country]],"Morocco",Openings_Table[[Opening Date]:[Opening Date]],"<"&I$8)/(12*10) -> 0 | J25: =SUMIFS(Openings_Table[[Initial One-Time Fee]:[Initial One-Time Fee]],Openings_Table[[Country]:[Country]],"Morocco",Openings_Table[[Opening Date]:[Opening Date]],"<"&J$8)/(12*10) -> 0 | K25: =SUMIFS(Openings_Table[[Initial One-Time Fee]:[Initial One-Time Fee]],Openings_Table[[Country]:[Country]],"Morocco",Openings_Table[[Opening Date]:[Opening Date]],"<"&K$8)/(12*10) -> 0 | L25: =SUMIFS(Openings_Table[[Initial One-Time Fee]:[Initial One-Time Fee]],Openings_Table[[Country]:[Country]],"Morocco",Openings_Table[[Opening Date]:[Opening Date]],"<"&L$8)/(12*10) -> 0 | M25: =SUMIFS(Openings_Table[[Initial One-Time Fee]:[Initial One-Time Fee]],Openings_Table[[Country]:[Country]],"Morocco",Openings_Table[[Opening Date]:[Opening Date]],"<"&M$8)/(12*10) -> 0 | N25: =SUMIFS(Openings_Table[[Initial One-Time Fee]:[Initial One-Time Fee]],Openings_Table[[Country]:[Country]],"Morocco",Openings_Table[[Opening Date]:[Opening Date]],"<"&N$8)/(12*10) -> 0 | ... AP25: =SUMIFS(Openings_Table[[Initial One-Time Fee]:[Initial One-Time Fee]],Openings_Table[[Country]:[Country]],"Morocco",Openings_Table[[Opening Date]:[Opening Date]],"<"&AP$8)/(12*10) -> 3333.3333
F26: Deferred Revenue from Egypt Openings | G26: =SUMIFS(Openings_Table[[Initial One-Time Fee]:[Initial One-Time Fee]],Openings_Table[[Country]:[Country]],"Egypt",Openings_Table[[Opening Date]:[Opening Date]],"<"&G$8)/(12*10) -> 0 | H26: =SUMIFS(Openings_Table[[Initial One-Time Fee]:[Initial One-Time Fee]],Openings_Table[[Country]:[Country]],"Egypt",Openings_Table[[Opening Date]:[Opening Date]],"<"&H$8)/(12*10) -> 0 | I26: =SUMIFS(Openings_Table[[Initial One-Time Fee]:[Initial One-Time Fee]],Openings_Table[[Country]:[Country]],"Egypt",Openings_Table[[Opening Date]:[Opening Date]],"<"&I$8)/(12*10) -> 0 | J26: =SUMIFS(Openings_Table[[Initial One-Time Fee]:[Initial One-Time Fee]],Openings_Table[[Country]:[Country]],"Egypt",Openings_Table[[Opening Date]:[Opening Date]],"<"&J$8)/(12*10) -> 0 | K26: =SUMIFS(Openings_Table[[Initial One-Time Fee]:[Initial One-Time Fee]],Openings_Table[[Country]:[Country]],"Egypt",Openings_Table[[Opening Date]:[Opening Date]],"<"&K$8)/(12*10) -> 0 | L26: =SUMIFS(Openings_Table[[Initial One-Time Fee]:[Initial One-Time Fee]],Openings_Table[[Country]:[Country]],"Egypt",Openings_Table[[Opening Date]:[Opening Date]],"<"&L$8)/(12*10) -> 0 | M26: =SUMIFS(Openings_Table[[Initial One-Time Fee]:[Initial One-Time Fee]],Openings_Table[[Country]:[Country]],"Egypt",Openings_Table[[Opening Date]:[Opening Date]],"<"&M$8)/(12*10) -> 0 | N26: =SUMIFS(Openings_Table[[Initial One-Time Fee]:[Initial One-Time Fee]],Openings_Table[[Country]:[Country]],"Egypt",Openings_Table[[Opening Date]:[Opening Date]],"<"&N$8)/(12*10) -> 0 | ... AP26: =SUMIFS(Openings_Table[[Initial One-Time Fee]:[Initial One-Time Fee]],Openings_Table[[Country]:[Country]],"Egypt",Openings_Table[[Opening Date]:[Opening Date]],"<"&AP$8)/(12*10) -> 3333.3333
F28: Total | G28: =SUM(G20:G26) -> 3333.3333 | H28: =SUM(H20:H26) -> 3333.3333 | I28: =SUM(I20:I26) -> 3333.3333 | J28: =SUM(J20:J26) -> 3333.3333 | K28: =SUM(K20:K26) -> 3333.3333 | L28: =SUM(L20:L26) -> 4583.3333 | M28: =SUM(M20:M26) -> 4583.3333 | N28: =SUM(N20:N26) -> 4583.3333 | ... AP28: =SUM(AP20:AP26) -> 27083.333
F30: Revenue from Saudi Arabia Shops | G30: =INDEX(Sales_Saudi_Arabia[],MATCH(G$8,Sales_Saudi_Arabia[[Period]:[Period]],0),9)*G10 -> 10000 | H30: =INDEX(Sales_Saudi_Arabia[],MATCH(H8,Sales_Saudi_Arabia[[Period]:[Period]],0),9) * COUNTIFS(Openings_Table[[Country]:[Country]],"Saudi_Arabia",Openings_Table[[Opening Date]:[Opening Date]],"<"&H8) -> 10000 | I30: =INDEX(Sales_Saudi_Arabia[],MATCH(I8,Sales_Saudi_Arabia[[Period]:[Period]],0),9) * COUNTIFS(Openings_Table[[Country]:[Country]],"Saudi_Arabia",Openings_Table[[Opening Date]:[Opening Date]],"<"&I8) -> 10000 | J30: =INDEX(Sales_Saudi_Arabia[],MATCH(J8,Sales_Saudi_Arabia[[Period]:[Period]],0),9) * COUNTIFS(Openings_Table[[Country]:[Country]],"Saudi_Arabia",Openings_Table[[Opening Date]:[Opening Date]],"<"&J8) -> 10000 | K30: =INDEX(Sales_Saudi_Arabia[],MATCH(K8,Sales_Saudi_Arabia[[Period]:[Period]],0),9) * COUNTIFS(Openings_Table[[Country]:[Country]],"Saudi_Arabia",Openings_Table[[Opening Date]:[Opening Date]],"<"&K8) -> 10000 | L30: =INDEX(Sales_Saudi_Arabia[],MATCH(L8,Sales_Saudi_Arabia[[Period]:[Period]],0),9) * COUNTIFS(Openings_Table[[Country]:[Country]],"Saudi_Arabia",Openings_Table[[Opening Date]:[Opening Date]],"<"&L8) -> 20000 | M30: =INDEX(Sales_Saudi_Arabia[],MATCH(M8,Sales_Saudi_Arabia[[Period]:[Period]],0),9) * COUNTIFS(Openings_Table[[Country]:[Country]],"Saudi_Arabia",Openings_Table[[Opening Date]:[Opening Date]],"<"&M8) -> 20000 | N30: =INDEX(Sales_Saudi_Arabia[],MATCH(N8,Sales_Saudi_Arabia[[Period]:[Period]],0),9) * COUNTIFS(Openings_Table[[Country]:[Country]],"Saudi_Arabia",Openings_Table[[Opening Date]:[Opening Date]],"<"&N8) -> 20000 | O30: =INDEX(Sales_Saudi_Arabia[],MATCH(O8,Sales_Saudi_Arabia[[Period]:[Period]],0),9) * COUNTIFS(Openings_Table[[Country]:[Country]],"Saudi_Arabia",Openings_Table[[Opening Date]:[Opening Date]],"<"&O8) -> 20000 | ... AP30: =INDEX(Sales_Saudi_Arabia[],MATCH(AP8,Sales_Saudi_Arabia[[Period]:[Period]],0),9) * COUNTIFS(Openings_Table[[Country]:[Country]],"Saudi_Arabia",Openings_Table[[Opening Date]:[Opening Date]],"<"&AP8) -> 20000
F31: Revenue from UAE Shops | G31: =INDEX(Sales_UAE[],MATCH(G$8,Sales_UAE[[Period]:[Period]],0),9)*G11 -> 0 | H31: =INDEX(Sales_UAE[],MATCH(H$8,Sales_UAE[[Period]:[Period]],0),9)*H11 -> 0 | I31: =INDEX(Sales_UAE[],MATCH(I$8,Sales_UAE[[Period]:[Period]],0),9)*I11 -> 0 | J31: =INDEX(Sales_UAE[],MATCH(J$8,Sales_UAE[[Period]:[Period]],0),9)*J11 -> 0 | K31: =INDEX(Sales_UAE[],MATCH(K$8,Sales_UAE[[Period]:[Period]],0),9)*K11 -> 0 | L31: =INDEX(Sales_UAE[],MATCH(L$8,Sales_UAE[[Period]:[Period]],0),9)*L11 -> 0 | M31: =INDEX(Sales_UAE[],MATCH(M$8,Sales_UAE[[Period]:[Period]],0),9)*M11 -> 0 | N31: =INDEX(Sales_UAE[],MATCH(N$8,Sales_UAE[[Period]:[Period]],0),9)*N11 -> 0 | ... AP31: =INDEX(Sales_UAE[],MATCH(AP$8,Sales_UAE[[Period]:[Period]],0),9)*AP11 -> 38045.314
F32: Revenue from Qatar Shops | G32: =INDEX(Sales_Qatar[],MATCH(G$8,Sales_Qatar[[Period]:[Period]],0),9)*G12 -> 0 | H32: =INDEX(Sales_Qatar[],MATCH(H$8,Sales_Qatar[[Period]:[Period]],0),9)*H12 -> 0 | I32: =INDEX(Sales_Qatar[],MATCH(I$8,Sales_Qatar[[Period]:[Period]],0),9)*I12 -> 0 | J32: =INDEX(Sales_Qatar[],MATCH(J$8,Sales_Qatar[[Period]:[Period]],0),9)*J12 -> 0 | K32: =INDEX(Sales_Qatar[],MATCH(K$8,Sales_Qatar[[Period]:[Period]],0),9)*K12 -> 0 | L32: =INDEX(Sales_Qatar[],MATCH(L$8,Sales_Qatar[[Period]:[Period]],0),9)*L12 -> 0 | M32: =INDEX(Sales_Qatar[],MATCH(M$8,Sales_Qatar[[Period]:[Period]],0),9)*M12 -> 0 | N32: =INDEX(Sales_Qatar[],MATCH(N$8,Sales_Qatar[[Period]:[Period]],0),9)*N12 -> 0 | ... AP32: =INDEX(Sales_Qatar[],MATCH(AP$8,Sales_Qatar[[Period]:[Period]],0),9)*AP12 -> 12081.083
F33: Revenue from Kuwait Shops | G33: =INDEX(Sales_Kuwait[],MATCH(G$8,Sales_Kuwait[[Period]:[Period]],0),9)*G13 -> 0 | H33: =INDEX(Sales_Kuwait[],MATCH(H$8,Sales_Kuwait[[Period]:[Period]],0),9)*H13 -> 0 | I33: =INDEX(Sales_Kuwait[],MATCH(I$8,Sales_Kuwait[[Period]:[Period]],0),9)*I13 -> 0 | J33: =INDEX(Sales_Kuwait[],MATCH(J$8,Sales_Kuwait[[Period]:[Period]],0),9)*J13 -> 0 | K33: =INDEX(Sales_Kuwait[],MATCH(K$8,Sales_Kuwait[[Period]:[Period]],0),9)*K13 -> 0 | L33: =INDEX(Sales_Kuwait[],MATCH(L$8,Sales_Kuwait[[Period]:[Period]],0),9)*L13 -> 0 | M33: =INDEX(Sales_Kuwait[],MATCH(M$8,Sales_Kuwait[[Period]:[Period]],0),9)*M13 -> 0 | N33: =INDEX(Sales_Kuwait[],MATCH(N$8,Sales_Kuwait[[Period]:[Period]],0),9)*N13 -> 0 | ... AP33: =INDEX(Sales_Kuwait[],MATCH(AP$8,Sales_Kuwait[[Period]:[Period]],0),9)*AP13 -> 11401.452
F34: Revenue from Turkey | G34: =INDEX(Sales_Turkey[],MATCH(G$8,Sales_Turkey[[Period]:[Period]],0),9)*G14 -> 0 | H34: =INDEX(Sales_Turkey[],MATCH(H$8,Sales_Turkey[[Period]:[Period]],0),9)*H14 -> 0 | I34: =INDEX(Sales_Turkey[],MATCH(I$8,Sales_Turkey[[Period]:[Period]],0),9)*I14 -> 0 | J34: =INDEX(Sales_Turkey[],MATCH(J$8,Sales_Turkey[[Period]:[Period]],0),9)*J14 -> 0 | K34: =INDEX(Sales_Turkey[],MATCH(K$8,Sales_Turkey[[Period]:[Period]],0),9)*K14 -> 0 | L34: =INDEX(Sales_Turkey[],MATCH(L$8,Sales_Turkey[[Period]:[Period]],0),9)*L14 -> 0 | M34: =INDEX(Sales_Turkey[],MATCH(M$8,Sales_Turkey[[Period]:[Period]],0),9)*M14 -> 0 | N34: =INDEX(Sales_Turkey[],MATCH(N$8,Sales_Turkey[[Period]:[Period]],0),9)*N14 -> 0 | ... AP34: =INDEX(Sales_Turkey[],MATCH(AP$8,Sales_Turkey[[Period]:[Period]],0),9)*AP14 -> 10000
F35: Revenue from Morocco Shops | G35: =INDEX(Sales_Morocco[],MATCH(G$8,Sales_Morocco[[Period]:[Period]],0),9)*G15 -> 0 | H35: =INDEX(Sales_Morocco[],MATCH(H$8,Sales_Morocco[[Period]:[Period]],0),9)*H15 -> 0 | I35: =INDEX(Sales_Morocco[],MATCH(I$8,Sales_Morocco[[Period]:[Period]],0),9)*I15 -> 0 | J35: =INDEX(Sales_Morocco[],MATCH(J$8,Sales_Morocco[[Period]:[Period]],0),9)*J15 -> 0 | K35: =INDEX(Sales_Morocco[],MATCH(K$8,Sales_Morocco[[Period]:[Period]],0),9)*K15 -> 0 | L35: =INDEX(Sales_Morocco[],MATCH(L$8,Sales_Morocco[[Period]:[Period]],0),9)*L15 -> 0 | M35: =INDEX(Sales_Morocco[],MATCH(M$8,Sales_Morocco[[Period]:[Period]],0),9)*M15 -> 0 | N35: =INDEX(Sales_Morocco[],MATCH(N$8,Sales_Morocco[[Period]:[Period]],0),9)*N15 -> 0 | ... AP35: =INDEX(Sales_Morocco[],MATCH(AP$8,Sales_Morocco[[Period]:[Period]],0),9)*AP15 -> 10000
F36: Revenue from Egypt Shops | G36: =INDEX(Sales_Egypt[],MATCH(G$8,Sales_Egypt[[Period]:[Period]],0),9)*G16 -> 0 | H36: =INDEX(Sales_Egypt[],MATCH(H$8,Sales_Egypt[[Period]:[Period]],0),9)*H16 -> 0 | I36: =INDEX(Sales_Egypt[],MATCH(I$8,Sales_Egypt[[Period]:[Period]],0),9)*I16 -> 0 | J36: =INDEX(Sales_Egypt[],MATCH(J$8,Sales_Egypt[[Period]:[Period]],0),9)*J16 -> 0 | K36: =INDEX(Sales_Egypt[],MATCH(K$8,Sales_Egypt[[Period]:[Period]],0),9)*K16 -> 0 | L36: =INDEX(Sales_Egypt[],MATCH(L$8,Sales_Egypt[[Period]:[Period]],0),9)*L16 -> 0 | M36: =INDEX(Sales_Egypt[],MATCH(M$8,Sales_Egypt[[Period]:[Period]],0),9)*M16 -> 0 | N36: =INDEX(Sales_Egypt[],MATCH(N$8,Sales_Egypt[[Period]:[Period]],0),9)*N16 -> 0 | ... AP36: =INDEX(Sales_Egypt[],MATCH(AP$8,Sales_Egypt[[Period]:[Period]],0),9)*AP16 -> 10199.628
F37: Total Revenue | G37: =SUM(G20:G26,G30:G36) -> 13333.333 | H37: =SUM(H20:H26,H30:H36) -> 13333.333 | I37: =SUM(I20:I26,I30:I36) -> 13333.333 | J37: =SUM(J20:J26,J30:J36) -> 13333.333 | K37: =SUM(K20:K26,K30:K36) -> 13333.333 | L37: =SUM(L20:L26,L30:L36) -> 24583.333 | M37: =SUM(M20:M26,M30:M36) -> 24583.333 | N37: =SUM(N20:N26,N30:N36) -> 24583.333 | ... AP37: =SUM(AP20:AP26,AP30:AP36) -> 138810.81 | AR37: =SUM(Openings_Table[[2024]:[2026]])-SUM(G30:AP36) -> 0
F40: COGS
B41: Expenses related to training new franchisees, including materials, staff time, and any related travel or accommodation costs. | F41: Training Costs
B42: Ongoing support provided to franchisees, such as consulting, operational assistance, technology support, etc. | C42: 5000 | D42: 2 per year x shop | F42: Support Costs including visits | G42: =($C$42*(SUM(G10:G16)*2))/12 -> 833.33333 | H42: =($C$42*(SUM(H10:H16)*2))/12 -> 833.33333 | I42: =($C$42*(SUM(I10:I16)*2))/12 -> 833.33333 | J42: =($C$42*(SUM(J10:J16)*2))/12 -> 833.33333 | K42: =($C$42*(SUM(K10:K16)*2))/12 -> 833.33333 | L42: =($C$42*(SUM(L10:L16)*2))/12 -> 1666.6667 | M42: =($C$42*(SUM(M10:M16)*2))/12 -> 1666.6667 | N42: =($C$42*(SUM(N10:N16)*2))/12 -> 1666.6667 | ... AP42: =($C$42*(SUM(AP10:AP16)*2))/12 -> 8333.3333
B43: Expenses incurred in the process of acquiring new franchisees, like advertising, brokerage fees, and participation in franchise expos. | F43: Franchisee Recruitment Costs
B44: Expenses related to ensuring that the franchise operations adhere to relevant laws and regulations. This might include costs for legal advice, compliance audits, and documentation. | C44: 10000 | D44: Per year + 2k per new shop | F44: Legal & compliance | G44: =(10000/12) -> 833.33333 | H44: =(10000/12)+(SUM(H10:H16)-SUM(G10:G16))*2000 -> 833.33333 | I44: =(10000/12)+(SUM(I10:I16)-SUM(H10:H16))*2000 -> 833.33333 | J44: =(10000/12)+(SUM(J10:J16)-SUM(I10:I16))*2000 -> 833.33333 | K44: =(10000/12)+(SUM(K10:K16)-SUM(J10:J16))*2000 -> 833.33333 | L44: =(10000/12)+(SUM(L10:L16)-SUM(K10:K16))*2000 -> 2833.3333 | M44: =(10000/12)+(SUM(M10:M16)-SUM(L10:L16))*2000 -> 833.33333 | N44: =(10000/12)+(SUM(N10:N16)-SUM(M10:M16))*2000 -> 833.33333 | O44: =(10000/12)+(SUM(O10:O16)-SUM(N10:N16))*2000 -> 833.33333 | ... AP44: =(10000/12)+(SUM(AP10:AP16)-SUM(AO10:AO16))*2000 -> 833.33333
B45: Costs for producing marketing and promotional materials supplied to franchisees. | C45: $20000 + 2k per open shop | D45: Yearly budget | F45: Sales & Marketing including advertising | G45: =(20000+2000*SUM(G10:G16))/12 -> 1833.3333 | H45: =(20000+2000*SUM(H10:H16))/12 -> 1833.3333 | I45: =(20000+2000*SUM(I10:I16))/12 -> 1833.3333 | J45: =(20000+2000*SUM(J10:J16))/12 -> 1833.3333 | K45: =(20000+2000*SUM(K10:K16))/12 -> 1833.3333 | L45: =(20000+2000*SUM(L10:L16))/12 -> 2000 | M45: =(20000+2000*SUM(M10:M16))/12 -> 2000 | N45: =(20000+2000*SUM(N10:N16))/12 -> 2000 | ... AP45: =(20000+2000*SUM(AP10:AP16))/12 -> 3333.3333
B46: Any costs associated with helping a new franchisee set up their business | F46: Initial Setup Support
B47: Expenses for maintaining or developing franchise management systems, software, and other technological tools provided to the franchisees. | F47: Technology and Software Costs
F49: Total COGS | G49: =SUM(G41:G47) -> 3500 | H49: =SUM(H41:H47) -> 3500 | I49: =SUM(I41:I47) -> 3500 | J49: =SUM(J41:J47) -> 3500 | K49: =SUM(K41:K47) -> 3500 | L49: =SUM(L41:L47) -> 6500 | M49: =SUM(M41:M47) -> 4500 | N49: =SUM(N41:N47) -> 4500 | ... AP49: =SUM(AP41:AP47) -> 12500
F51: Operating Expenses
C52: $ 5000 + 1k per open shop | D52: Monthly | F52: Director Payroll | G52: =5000+1000*SUM(G10:G16) -> 6000 | H52: =5000+1000*SUM(H10:H16) -> 6000 | I52: =5000+1000*SUM(I10:I16) -> 6000 | J52: =5000+1000*SUM(J10:J16) -> 6000 | K52: =5000+1000*SUM(K10:K16) -> 6000 | L52: =5000+1000*SUM(L10:L16) -> 7000 | M52: =5000+1000*SUM(M10:M16) -> 7000 | N52: =5000+1000*SUM(N10:N16) -> 7000 | ... AP52: =5000+1000*SUM(AP10:AP16) -> 15000
C53: 2500+ 500$ per open shop | D53: Monthly | F53: Finance Cost | G53: =2500+500*SUM(G10:G16) -> 3000 | H53: =2500+500*SUM(H10:H16) -> 3000 | I53: =2500+500*SUM(I10:I16) -> 3000 | J53: =2500+500*SUM(J10:J16) -> 3000 | K53: =2500+500*SUM(K10:K16) -> 3000 | L53: =2500+500*SUM(L10:L16) -> 3500 | M53: =2500+500*SUM(M10:M16) -> 3500 | N53: =2500+500*SUM(N10:N16) -> 3500 | ... AP53: =2500+500*SUM(AP10:AP16) -> 7500
C54: 4000 | D54: Monthly | F54: Accounting Payroll | G54: =$C54 -> 4000 | H54: =$C54 -> 4000 | I54: =$C54 -> 4000 | J54: =$C54 -> 4000 | K54: =$C54 -> 4000 | L54: =$C54 -> 4000 | M54: =$C54 -> 4000 | N54: =$C54 -> 4000 | ... AP54: =$C54 -> 4000
C55: 4000 | D55: Monthly | F55: Operations Payroll - (1 x 10 shop) | G55: =$C55 -> 4000 | H55: =$C55 -> 4000 | I55: =$C55 -> 4000 | J55: =$C55 -> 4000 | K55: =$C55 -> 4000 | L55: =$C55 -> 4000 | M55: =$C55 -> 4000 | N55: =$C55 -> 4000 | ... AP55: =$C55 -> 4000
C56: 4000 | D56: Monthly | F56: Marketing & PR staff Payroll - (1 x 10 shop) | G56: =$C56 -> 4000 | H56: =$C56 -> 4000 | I56: =$C56 -> 4000 | J56: =$C56 -> 4000 | K56: =$C56 -> 4000 | L56: =$C56 -> 4000 | M56: =$C56 -> 4000 | N56: =$C56 -> 4000 | ... AP56: =$C56 -> 4000
C57: 0.02 | D57: Over total revenue | F57: Insurance | G57: =$C$57*G37 -> 266.66667 | H57: =$C$57*H37 -> 266.66667 | I57: =$C$57*I37 -> 266.66667 | J57: =$C$57*J37 -> 266.66667 | K57: =$C$57*K37 -> 266.66667 | L57: =$C$57*L37 -> 491.66667 | M57: =$C$57*M37 -> 491.66667 | N57: =$C$57*N37 -> 491.66667 | ... AP57: =$C$57*AP37 -> 2776.2162
C58: 5000 | D58: Per year | F58: Office Supplies | G58: =$C$58/12 -> 416.66667 | H58: =$C$58/12 -> 416.66667 | I58: =$C$58/12 -> 416.66667 | J58: =$C$58/12 -> 416.66667 | K58: =$C$58/12 -> 416.66667 | L58: =$C$58/12 -> 416.66667 | M58: =$C$58/12 -> 416.66667 | N58: =$C$58/12 -> 416.66667 | ... AP58: =$C$58/12 -> 416.66667
F60: Total Operating Expenses | G60: =SUM(G52:G58) -> 21683.333 | H60: =SUM(H52:H58) -> 21683.333 | I60: =SUM(I52:I58) -> 21683.333 | J60: =SUM(J52:J58) -> 21683.333 | K60: =SUM(K52:K58) -> 21683.333 | L60: =SUM(L52:L58) -> 23408.333 | M60: =SUM(M52:M58) -> 23408.333 | N60: =SUM(N52:N58) -> 23408.333 | ... AP60: =SUM(AP52:AP58) -> 37692.883
F62: EBITDA | G62: =G37-SUM(G49,G60) -> -11850 | H62: =H37-SUM(H49,H60) -> -11850 | I62: =I37-SUM(I49,I60) -> -11850 | J62: =J37-SUM(J49,J60) -> -11850 | K62: =K37-SUM(K49,K60) -> -11850 | L62: =L37-SUM(L49,L60) -> -5325 | M62: =M37-SUM(M49,M60) -> -3325 | N62: =N37-SUM(N49,N60) -> -3325 | ... AP62: =AP37-SUM(AP49,AP60) -> 88617.926
D65: CASHFLOW
F67: Cash balance Satarting | G67: ='Income and Revenue'!G7 -> 400000 | H67: =G72 -> 384816.67 | I67: =H72 -> 369633.33 | J67: =I72 -> 354450 | K67: =J72 -> 339266.67 | L67: =K72 -> 324083.33 | M67: =L72 -> 464175 | N67: =M72 -> 456266.67 | O67: =N72 -> 448358.33 | ... AP67: =AO72 -> 3927986.8
F69: Net cashflow from operating activities | G69: =SUM(G30:G36)-SUM(G41:G47,G52:G58) -> -15183.333 | H69: =SUM(H30:H36)-SUM(H41:H47,H52:H58) -> -15183.333 | I69: =SUM(I30:I36)-SUM(I41:I47,I52:I58) -> -15183.333 | J69: =SUM(J30:J36)-SUM(J41:J47,J52:J58) -> -15183.333 | K69: =SUM(K30:K36)-SUM(K41:K47,K52:K58) -> -15183.333 | L69: =SUM(L30:L36)-SUM(L41:L47,L52:L58) -> -9908.3333 | M69: =SUM(M30:M36)-SUM(M41:M47,M52:M58) -> -7908.3333 | N69: =SUM(N30:N36)-SUM(N41:N47,N52:N58) -> -7908.3333 | ... AP69: =SUM(AP30:AP36)-SUM(AP41:AP47,AP52:AP58) -> 61534.593
F70: Cash coming from New Oppenings | G70: {=IFERROR(INDEX(Openings_Table[[Initial One-Time Fee]:[Initial One-Time Fee]],MATCH(1,(MONTH(G8)=MONTH(Openings_Table[[Opening Date]:[Opening Date]]))*(YEAR(G8)=YEAR(Openings_Table[[Opening Date]:[Opening Date]])),0)),"")} | H70: {=IFERROR(INDEX(Openings_Table[[Initial One-Time Fee]:[Initial One-Time Fee]],MATCH(1,(MONTH(H8)=MONTH(Openings_Table[[Opening Date]:[Opening Date]]))*(YEAR(H8)=YEAR(Openings_Table[[Opening Date]:[Opening Date]])),0)),"")} | I70: {=IFERROR(INDEX(Openings_Table[[Initial One-Time Fee]:[Initial One-Time Fee]],MATCH(1,(MONTH(I8)=MONTH(Openings_Table[[Opening Date]:[Opening Date]]))*(YEAR(I8)=YEAR(Openings_Table[[Opening Date]:[Opening Date]])),0)),"")} | J70: {=IFERROR(INDEX(Openings_Table[[Initial One-Time Fee]:[Initial One-Time Fee]],MATCH(1,(MONTH(J8)=MONTH(Openings_Table[[Opening Date]:[Opening Date]]))*(YEAR(J8)=YEAR(Openings_Table[[Opening Date]:[Opening Date]])),0)),"")} | K70: {=IFERROR(INDEX(Openings_Table[[Initial One-Time Fee]:[Initial One-Time Fee]],MATCH(1,(MONTH(K8)=MONTH(Openings_Table[[Opening Date]:[Opening Date]]))*(YEAR(K8)=YEAR(Openings_Table[[Opening Date]:[Opening Date]])),0)),"")} | L70: {=IFERROR(INDEX(Openings_Table[[Initial One-Time Fee]:[Initial One-Time Fee]],MATCH(1,(MONTH(L8)=MONTH(Openings_Table[[Opening Date]:[Opening Date]]))*(YEAR(L8)=YEAR(Openings_Table[[Opening Date]:[Opening Date]])),0)),"")} -> 150000 | M70: {=IFERROR(INDEX(Openings_Table[[Initial One-Time Fee]:[Initial One-Time Fee]],MATCH(1,(MONTH(M8)=MONTH(Openings_Table[[Opening Date]:[Opening Date]]))*(YEAR(M8)=YEAR(Openings_Table[[Opening Date]:[Opening Date]])),0)),"")} | N70: {=IFERROR(INDEX(Openings_Table[[Initial One-Time Fee]:[Initial One-Time Fee]],MATCH(1,(MONTH(N8)=MONTH(Openings_Table[[Opening Date]:[Opening Date]]))*(YEAR(N8)=YEAR(Openings_Table[[Opening Date]:[Opening Date]])),0)),"")} | ... AP70: {=IFERROR(INDEX(Openings_Table[[Initial One-Time Fee]:[Initial One-Time Fee]],MATCH(1,(MONTH(AP8)=MONTH(Openings_Table[[Opening Date]:[Opening Date]]))*(YEAR(AP8)=YEAR(Openings_Table[[Opening Date]:[Opening Date]])),0)),"")}
F72: Cash Balance After | G72: =G67+SUM(G69:G70) -> 384816.67 | H72: =H67+SUM(H69:H70) -> 369633.33 | I72: =I67+SUM(I69:I70) -> 354450 | J72: =J67+SUM(J69:J70) -> 339266.67 | K72: =K67+SUM(K69:K70) -> 324083.33 | L72: =L67+SUM(L69:L70) -> 464175 | M72: =M67+SUM(M69:M70) -> 456266.67 | N72: =N67+SUM(N69:N70) -> 448358.33 | ... AP72: =AP67+SUM(AP69:AP70) -> 3989521.4
D74: BALANCE SHEET
F76: ASSETS | G76: 45322 | H76: 45351 | I76: 45382
F78: FIXED ASSETS
D79: 500000 | F79: IP License | G79: =$D$79 -> 500000 | H79: =$D$79 -> 500000 | I79: =$D$79 -> 500000 | J79: =$D$79 -> 500000 | K79: =$D$79 -> 500000 | L79: =$D$79 -> 500000 | M79: =$D$79 -> 500000 | N79: =$D$79 -> 500000 | ... AP79: =$D$79 -> 500000
F81: TOTAL FIXED ASSETS | G81: =SUM(G79:G80) -> 500000 | H81: =SUM(H79:H80) -> 500000 | I81: =SUM(I79:I80) -> 500000 | J81: =SUM(J79:J80) -> 500000 | K81: =SUM(K79:K80) -> 500000 | L81: =SUM(L79:L80) -> 500000 | M81: =SUM(M79:M80) -> 500000 | N81: =SUM(N79:N80) -> 500000 | ... AP81: =SUM(AP79:AP80) -> 500000
F83: CURRENT ASSETS
F84: Cash | G84: =G72 -> 384816.67 | H84: =H72 -> 369633.33 | I84: =I72 -> 354450 | J84: =J72 -> 339266.67 | K84: =K72 -> 324083.33 | L84: =L72 -> 464175 | M84: =M72 -> 456266.67 | N84: =N72 -> 448358.33 | ... AP84: =AP72 -> 3989521.4
F86: TOTAL CURRENT ASSETS | G86: =SUM(G84:G85) -> 384816.67 | H86: =SUM(H84:H85) -> 369633.33 | I86: =SUM(I84:I85) -> 354450 | J86: =SUM(J84:J85) -> 339266.67 | K86: =SUM(K84:K85) -> 324083.33 | L86: =SUM(L84:L85) -> 464175 | M86: =SUM(M84:M85) -> 456266.67 | N86: =SUM(N84:N85) -> 448358.33 | ... AP86: =SUM(AP84:AP85) -> 3989521.4
F88: TOTAL ASSETS | G88: =G81+G86 -> 884816.67 | H88: =H81+H86 -> 869633.33 | I88: =I81+I86 -> 854450 | J88: =J81+J86 -> 839266.67 | K88: =K81+K86 -> 824083.33 | L88: =L81+L86 -> 964175 | M88: =M81+M86 -> 956266.67 | N88: =N81+N86 -> 948358.33 | ... AP88: =AP81+AP86 -> 4489521.4
F90: LIABILITIES
F91: Credit Deferred Revenue | G91: =SUMIFS(Openings_Table[[Initial One-Time Fee]:[Initial One-Time Fee]],Openings_Table[[Opening Date]:[Opening Date]],"<"&G$8)-SUM($G$28:G28) -> 396666.67 | H91: =SUMIFS(Openings_Table[[Initial One-Time Fee]:[Initial One-Time Fee]],Openings_Table[[Opening Date]:[Opening Date]],"<"&H$8)-SUM($G$28:H28) -> 393333.33 | I91: =SUMIFS(Openings_Table[[Initial One-Time Fee]:[Initial One-Time Fee]],Openings_Table[[Opening Date]:[Opening Date]],"<"&I$8)-SUM($G$28:I28) -> 390000 | J91: =SUMIFS(Openings_Table[[Initial One-Time Fee]:[Initial One-Time Fee]],Openings_Table[[Opening Date]:[Opening Date]],"<"&J$8)-SUM($G$28:J28) -> 386666.67 | K91: =SUMIFS(Openings_Table[[Initial One-Time Fee]:[Initial One-Time Fee]],Openings_Table[[Opening Date]:[Opening Date]],"<"&K$8)-SUM($G$28:K28) -> 383333.33 | L91: =SUMIFS(Openings_Table[[Initial One-Time Fee]:[Initial One-Time Fee]],Openings_Table[[Opening Date]:[Opening Date]],"<"&L$8)-SUM($G$28:L28) -> 528750 | M91: =SUMIFS(Openings_Table[[Initial One-Time Fee]:[Initial One-Time Fee]],Openings_Table[[Opening Date]:[Opening Date]],"<"&M$8)-SUM($G$28:M28) -> 524166.67 | N91: =SUMIFS(Openings_Table[[Initial One-Time Fee]:[Initial One-Time Fee]],Openings_Table[[Opening Date]:[Opening Date]],"<"&N$8)-SUM($G$28:N28) -> 519583.33 | ... AP91: =SUMIFS(Openings_Table[[Initial One-Time Fee]:[Initial One-Time Fee]],Openings_Table[[Opening Date]:[Opening Date]],"<"&AP$8)-SUM($G$28:AP28) -> 2705416.7
F93: TOTAL LIABILITIES | G93: =SUM(G91:G92) -> 396666.67 | H93: =SUM(H91:H92) -> 393333.33 | I93: =SUM(I91:I92) -> 390000 | J93: =SUM(J91:J92) -> 386666.67 | K93: =SUM(K91:K92) -> 383333.33 | L93: =SUM(L91:L92) -> 528750 | M93: =SUM(M91:M92) -> 524166.67 | N93: =SUM(N91:N92) -> 519583.33 | ... AP93: =SUM(AP91:AP92) -> 2705416.7
F95: EQUITY
F96: Share capital Type A (owner's share capital) | G96: =$D$79 -> 500000 | H96: =$D$79 -> 500000 | I96: =$D$79 -> 500000 | J96: =$D$79 -> 500000 | K96: =$D$79 -> 500000 | L96: =$D$79 -> 500000 | M96: =$D$79 -> 500000 | N96: =$D$79 -> 500000 | ... AP96: =$D$79 -> 500000
F97: Profit and Loss Account | G97: =G62 -> -11850 | H97: =H62 -> -11850 | I97: =I62 -> -11850 | J97: =J62 -> -11850 | K97: =K62 -> -11850 | L97: =L62 -> -5325 | M97: =M62 -> -3325 | N97: =N62 -> -3325 | ... AP97: =AP62 -> 88617.926
F98: Prior Periods' Retained Earnings | G98: 0 | H98: =G97+G98 -> -11850 | I98: =H97+H98 -> -23700 | J98: =I97+I98 -> -35550 | K98: =J97+J98 -> -47400 | L98: =K97+K98 -> -59250 | M98: =L97+L98 -> -64575 | N98: =M97+M98 -> -67900 | O98: =N97+N98 -> -71225 | ... AP98: =AO97+AO98 -> 1195486.8
F99: TOTAL EQUITY | G99: =SUM(G96:G98) -> 488150 | H99: =SUM(H96:H98) -> 476300 | I99: =SUM(I96:I98) -> 464450 | J99: =SUM(J96:J98) -> 452600 | K99: =SUM(K96:K98) -> 440750 | L99: =SUM(L96:L98) -> 435425 | M99: =SUM(M96:M98) -> 432100 | N99: =SUM(N96:N98) -> 428775 | ... AP99: =SUM(AP96:AP98) -> 1784104.7
F101: TOTAL EQUITY & LIABILITIES | G101: =SUM(G99,G93) -> 884816.67 | H101: =SUM(H99,H93) -> 869633.33 | I101: =SUM(I99,I93) -> 854450 | J101: =SUM(J99,J93) -> 839266.67 | K101: =SUM(K99,K93) -> 824083.33 | L101: =SUM(L99,L93) -> 964175 | M101: =SUM(M99,M93) -> 956266.67 | N101: =SUM(N99,N93) -> 948358.33 | ... AP101: =SUM(AP99,AP93) -> 4489521.4
G103: =G101-G88 -> 0 | H103: =H101-H88 -> 0 | I103: =I101-I88 -> 0 | J103: =J101-J88 -> 0 | K103: =K101-K88 -> 0 | L103: =L101-L88 -> 0 | M103: =M101-M88 -> 0 | N103: =N101-N88 -> 0 | ... AP103: =AP101-AP88 -> 0
F106: Assumptions & disclaimers:

Sheet SalesxCafe
A2: Saudi_Arabia | K2: Qatar | U2: UAE | AE2: Kuwait | AO2: Turkey | AY2: Morocco | BI2: Egypt
A3: Ver. | B3: Period | C3: Year | D3: Season | E3: % | F3: USD Sales | G3: Royalty | H3: To 10K | I3: Total Royalty | K3: Ver. | L3: Period | M3: Year | N3: Season | O3: % | P3: USD Sales | Q3: Royalty | R3: To 10K | S3: Total Royalty | U3: Ver. | V3: Period | W3: Year | X3: Season | Y3: % | Z3: USD Sales | AA3: Royalty | AB3: To 10K | AC3: Total Royalty | AE3: Ver. | AF3: Period | AG3: Year | AH3: Season | AI3: % | AJ3: USD Sales | AK3: Royalty | AL3: To 10K | AM3: Total Royalty | AO3: Ver. | AP3: Period | AQ3: Year | AR3: Season | AS3: % | AT3: USD Sales | AU3: Royalty | AV3: To 10K | AW3: Total Royalty | AY3: Ver. | AZ3: Period | BA3: Year | BB3: Season | BC3: % | BD3: USD Sales | BE3: Royalty | BF3: To 10K | BG3: Total Royalty | BI3: Ver. | BJ3: Period | BK3: Year | BL3: Season | BM3: % | BN3: USD Sales | BO3: Royalty | BP3: To 10K | BQ3: Total Royalty
A4: Actual | B4: 45077 | C4: ="Year " & TEXT(YEAR(B4) - 2023, "0") -> Year 0 | D4: =_xlfn.IFS(E4<90%,"Low",AND(E4>=90%,E4<=110%),"Medium", E4>110%,"High") -> Low | E4: =VLOOKUP(TEXT(B4,"mmmm"),Seasonality_Table_Gulf,2,0) -> 0.8 | F4: 105971 | G4: =+F4*0.06 -> 6358.26 | H4: =IF(G4<10000,10000-G4,0) -> 3641.74 | I4: =G4+H4 -> 10000 | K4: Forecast | L4: 45077 | M4: ="Year " & TEXT(YEAR(L4) - 2023, "0") -> Year 0 | N4: =_xlfn.IFS(O4<90%,"Low",AND(O4>=90%,O4<=110%),"Medium", O4>110%,"High") -> Low | O4: =VLOOKUP(TEXT(L4,"mmmm"),Seasonality_Table_Gulf,2,0) -> 0.8 | P4: =INDEX(Baseline_Income_Projections,MATCH(K$2,'Country Sales & Assumptions'!$G$13:$G$20,0),MATCH(Sales_Saudi_Arabia[[#This Row],[Year]],'Country Sales & Assumptions'!$G$13:$L$13,0))*O4 -> 104036 | Q4: =+P4*0.06 -> 6242.16 | R4: =IF(Q4<10000,10000-Q4,0) -> 3757.84 | S4: =Q4+R4 -> 10000 | U4: Forecast | V4: 45077 | W4: ="Year " & TEXT(YEAR(V4) - 2023, "0") -> Year 0 | X4: =_xlfn.IFS(Y4<90%,"Low",AND(Y4>=90%,Y4<=110%),"Medium", Y4>110%,"High") -> Low | Y4: =VLOOKUP(TEXT(V4,"mmmm"),Seasonality_Table_Gulf,2,0) -> 0.8 | Z4: =INDEX(Baseline_Income_Projections,MATCH(U$2,'Country Sales & Assumptions'!$G$13:$G$20,0),MATCH(Sales_Saudi_Arabia[[#This Row],[Year]],'Country Sales & Assumptions'!$G$13:$L$13,0))*Y4 -> 112358.88 | AA4: =+Z4*0.06 -> 6741.5328 | AB4: =IF(AA4<10000,10000-AA4,0) -> 3258.4672 | AC4: =AA4+AB4 -> 10000 | AE4: Forecast | AF4: 45077 | AG4: ="Year " & TEXT(YEAR(AF4) - 2023, "0") -> Year 0 | AH4: =_xlfn.IFS(AI4<90%,"Low",AND(AI4>=90%,AI4<=110%),"Medium", AI4>110%,"High") -> Low | AI4: =VLOOKUP(TEXT(AF4,"mmmm"),Seasonality_Table_Gulf,2,0) -> 0.8 | AJ4: =INDEX(Baseline_Income_Projections,MATCH(AE$2,'Country Sales & Assumptions'!$G$13:$G$20,0),MATCH(Sales_Saudi_Arabia[[#This Row],[Year]],'Country Sales & Assumptions'!$G$13:$L$13,0))*AI4 -> 91551.68 | AK4: =+AJ4*0.06 -> 5493.1008 | AL4: =IF(AK4<10000,10000-AK4,0) -> 4506.8992 | AM4: =AK4+AL4 -> 10000 | AO4: Forecast | AP4: 45077 | AQ4: ="Year " & TEXT(YEAR(AP4) - 2023, "0") -> Year 0 | AR4: =_xlfn.IFS(AS4<90%,"Low",AND(AS4>=90%,AS4<=110%),"Medium", AS4>110%,"High") -> Medium | AS4: =VLOOKUP(TEXT(AP4,"mmmm"),Seasonality_Table_Mediterranean,2,0) -> 1.1 | AT4: =INDEX(Baseline_Income_Projections,MATCH(AO$2,'Country Sales & Assumptions'!$G$13:$G$20,0),MATCH(Sales_Saudi_Arabia[[#This Row],[Year]],'Country Sales & Assumptions'!$G$13:$L$13,0))*AS4 -> 120161.58 | AU4: =+AT4*0.06 -> 7209.6948 | AV4: =IF(AU4<10000,10000-AU4,0) -> 2790.3052 | AW4: =AU4+AV4 -> 10000 | AY4: Forecast | AZ4: 45077 | BA4: ="Year " & TEXT(YEAR(AZ4) - 2023, "0") -> Year 0 | BB4: =_xlfn.IFS(BC4<90%,"Low",AND(BC4>=90%,BC4<=110%),"Medium", BC4>110%,"High") -> Medium | BC4: =VLOOKUP(TEXT(AZ4,"mmmm"),Seasonality_Table_Mediterranean,2,0) -> 1.1 | BD4: =INDEX(Baseline_Income_Projections,MATCH(AY$2,'Country Sales & Assumptions'!$G$13:$G$20,0),MATCH(Sales_Saudi_Arabia[[#This Row],[Year]],'Country Sales & Assumptions'!$G$13:$L$13,0))*BC4 -> 108717.62 | BE4: =+BD4*0.06 -> 6523.0572 | BF4: =IF(BE4<10000,10000-BE4,0) -> 3476.9428 | BG4: =BE4+BF4 -> 10000 | BI4: Forecast | BJ4: 45077 | BK4: ="Year " & TEXT(YEAR(BJ4) - 2023, "0") -> Year 0 | BL4: =_xlfn.IFS(BM4<90%,"Low",AND(BM4>=90%,BM4<=110%),"Medium", BM4>110%,"High") -> Medium | BM4: =VLOOKUP(TEXT(BJ4,"mmmm"),Seasonality_Table_Mediterranean,2,0) -> 1.1 | BN4: =INDEX(Baseline_Income_Projections,MATCH(BI$2,'Country Sales & Assumptions'!$G$13:$G$20,0),MATCH(Sales_Saudi_Arabia[[#This Row],[Year]],'Country Sales & Assumptions'!$G$13:$L$13,0))*BM4 -> 102995.64 | BO4: =+BN4*0.06 -> 6179.7384 | BP4: =IF(BO4<10000,10000-BO4,0) -> 3820.2616 | BQ4: =BO4+BP4 -> 10000
A5: Actual | B5: 45107 | C5: ="Year " & TEXT(YEAR(B5) - 2023, "0") -> Year 0 | D5: =_xlfn.IFS(E5<90%,"Low",AND(E5>=90%,E5<=110%),"Medium", E5>110%,"High") -> Low | E5: =VLOOKUP(TEXT(B5,"mmmm"),Seasonality_Table_Gulf,2,0) -> 0.75 | F5: 123595 | G5: =+F5*0.06 -> 7415.7 | H5: =IF(G5<10000,10000-G5,0) -> 2584.3 | I5: =G5+H5 -> 10000 | K5: Forecast | L5: 45107 | M5: ="Year " & TEXT(YEAR(L5) - 2023, "0") -> Year 0 | N5: =_xlfn.IFS(O5<90%,"Low",AND(O5>=90%,O5<=110%),"Medium", O5>110%,"High") -> Low | O5: =VLOOKUP(TEXT(L5,"mmmm"),Seasonality_Table_Gulf,2,0) -> 0.75 | P5: =INDEX(Baseline_Income_Projections,MATCH(K$2,'Country Sales & Assumptions'!$G$13:$G$20,0),MATCH(Sales_Saudi_Arabia[[#This Row],[Year]],'Country Sales & Assumptions'!$G$13:$L$13,0))*O5 -> 97533.75 | Q5: =+P5*0.06 -> 5852.025 | R5: =IF(Q5<10000,10000-Q5,0) -> 4147.975 | S5: =Q5+R5 -> 10000 | U5: Forecast | V5: 45107 | W5: ="Year " & TEXT(YEAR(V5) - 2023, "0") -> Year 0 | X5: =_xlfn.IFS(Y5<90%,"Low",AND(Y5>=90%,Y5<=110%),"Medium", Y5>110%,"High") -> Low | Y5: =VLOOKUP(TEXT(V5,"mmmm"),Seasonality_Table_Gulf,2,0) -> 0.75 | Z5: =INDEX(Baseline_Income_Projections,MATCH(U$2,'Country Sales & Assumptions'!$G$13:$G$20,0),MATCH(Sales_Saudi_Arabia[[#This Row],[Year]],'Country Sales & Assumptions'!$G$13:$L$13,0))*Y5 -> 105336.45 | AA5: =+Z5*0.06 -> 6320.187 | AB5: =IF(AA5<10000,10000-AA5,0) -> 3679.813 | AC5: =AA5+AB5 -> 10000 | AE5: Forecast | AF5: 45107 | AG5: ="Year " & TEXT(YEAR(AF5) - 2023, "0") -> Year 0 | AH5: =_xlfn.IFS(AI5<90%,"Low",AND(AI5>=90%,AI5<=110%),"Medium", AI5>110%,"High") -> Low | AI5: =VLOOKUP(TEXT(AF5,"mmmm"),Seasonality_Table_Gulf,2,0) -> 0.75 | AJ5: =INDEX(Baseline_Income_Projections,MATCH(AE$2,'Country Sales & Assumptions'!$G$13:$G$20,0),MATCH(Sales_Saudi_Arabia[[#This Row],[Year]],'Country Sales & Assumptions'!$G$13:$L$13,0))*AI5 -> 85829.7 | AK5: =+AJ5*0.06 -> 5149.782 | AL5: =IF(AK5<10000,10000-AK5,0) -> 4850.218 | AM5: =AK5+AL5 -> 10000 | AO5: Forecast | AP5: 45107 | AQ5: ="Year " & TEXT(YEAR(AP5) - 2023, "0") -> Year 0 | AR5: =_xlfn.IFS(AS5<90%,"Low",AND(AS5>=90%,AS5<=110%),"Medium", AS5>110%,"High") -> Medium | AS5: =VLOOKUP(TEXT(AP5,"mmmm"),Seasonality_Table_Mediterranean,2,0) -> 1 | AT5: =INDEX(Baseline_Income_Projections,MATCH(AO$2,'Country Sales & Assumptions'!$G$13:$G$20,0),MATCH(Sales_Saudi_Arabia[[#This Row],[Year]],'Country Sales & Assumptions'!$G$13:$L$13,0))*AS5 -> 109237.8 | AU5: =+AT5*0.06 -> 6554.268 | AV5: =IF(AU5<10000,10000-AU5,0) -> 3445.732 | AW5: =AU5+AV5 -> 10000 | AY5: Forecast | AZ5: 45107 | BA5: ="Year " & TEXT(YEAR(AZ5) - 2023, "0") -> Year 0 | BB5: =_xlfn.IFS(BC5<90%,"Low",AND(BC5>=90%,BC5<=110%),"Medium", BC5>110%,"High") -> Medium | BC5: =VLOOKUP(TEXT(AZ5,"mmmm"),Seasonality_Table_Mediterranean,2,0) -> 1 | BD5: =INDEX(Baseline_Income_Projections,MATCH(AY$2,'Country Sales & Assumptions'!$G$13:$G$20,0),MATCH(Sales_Saudi_Arabia[[#This Row],[Year]],'Country Sales & Assumptions'!$G$13:$L$13,0))*BC5 -> 98834.2 | BE5: =+BD5*0.06 -> 5930.052 | BF5: =IF(BE5<10000,10000-BE5,0) -> 4069.948 | BG5: =BE5+BF5 -> 10000 | BI5: Forecast | BJ5: 45107 | BK5: ="Year " & TEXT(YEAR(BJ5) - 2023, "0") -> Year 0 | BL5: =_xlfn.IFS(BM5<90%,"Low",AND(BM5>=90%,BM5<=110%),"Medium", BM5>110%,"High") -> Medium | BM5: =VLOOKUP(TEXT(BJ5,"mmmm"),Seasonality_Table_Mediterranean,2,0) -> 1 | BN5: =INDEX(Baseline_Income_Projections,MATCH(BI$2,'Country Sales & Assumptions'!$G$13:$G$20,0),MATCH(Sales_Saudi_Arabia[[#This Row],[Year]],'Country Sales & Assumptions'!$G$13:$L$13,0))*BM5 -> 93632.4 | BO5: =+BN5*0.06 -> 5617.944 | BP5: =IF(BO5<10000,10000-BO5,0) -> 4382.056 | BQ5: =BO5+BP5 -> 10000
A6: Actual | B6: 45138 | C6: ="Year " & TEXT(YEAR(B6) - 2023, "0") -> Year 0 | D6: =_xlfn.IFS(E6<90%,"Low",AND(E6>=90%,E6<=110%),"Medium", E6>110%,"High") -> Low | E6: =VLOOKUP(TEXT(B6,"mmmm"),Seasonality_Table_Gulf,2,0) -> 0.7 | F6: 129208 | G6: =+F6*0.06 -> 7752.48 | H6: =IF(G6<10000,10000-G6,0) -> 2247.52 | I6: =G6+H6 -> 10000 | K6: Forecast | L6: 45138 | M6: ="Year " & TEXT(YEAR(L6) - 2023, "0") -> Year 0 | N6: =_xlfn.IFS(O6<90%,"Low",AND(O6>=90%,O6<=110%),"Medium", O6>110%,"High") -> Low | O6: =VLOOKUP(TEXT(L6,"mmmm"),Seasonality_Table_Gulf,2,0) -> 0.7 | P6: =INDEX(Baseline_Income_Projections,MATCH(K$2,'Country Sales & Assumptions'!$G$13:$G$20,0),MATCH(Sales_Saudi_Arabia[[#This Row],[Year]],'Country Sales & Assumptions'!$G$13:$L$13,0))*O6 -> 91031.5 | Q6: =+P6*0.06 -> 5461.89 | R6: =IF(Q6<10000,10000-Q6,0) -> 4538.11 | S6: =Q6+R6 -> 10000 | U6: Forecast | V6: 45138 | W6: ="Year " & TEXT(YEAR(V6) - 2023, "0") -> Year 0 | X6: =_xlfn.IFS(Y6<90%,"Low",AND(Y6>=90%,Y6<=110%),"Medium", Y6>110%,"High") -> Low | Y6: =VLOOKUP(TEXT(V6,"mmmm"),Seasonality_Table_Gulf,2,0) -> 0.7 | Z6: =INDEX(Baseline_Income_Projections,MATCH(U$2,'Country Sales & Assumptions'!$G$13:$G$20,0),MATCH(Sales_Saudi_Arabia[[#This Row],[Year]],'Country Sales & Assumptions'!$G$13:$L$13,0))*Y6 -> 98314.02 | AA6: =+Z6*0.06 -> 5898.8412 | AB6: =IF(AA6<10000,10000-AA6,0) -> 4101.1588 | AC6: =AA6+AB6 -> 10000 | AE6: Forecast | AF6: 45138 | AG6: ="Year " & TEXT(YEAR(AF6) - 2023, "0") -> Year 0 | AH6: =_xlfn.IFS(AI6<90%,"Low",AND(AI6>=90%,AI6<=110%),"Medium", AI6>110%,"High") -> Low | AI6: =VLOOKUP(TEXT(AF6,"mmmm"),Seasonality_Table_Gulf,2,0) -> 0.7 | AJ6: =INDEX(Baseline_Income_Projections,MATCH(AE$2,'Country Sales & Assumptions'!$G$13:$G$20,0),MATCH(Sales_Saudi_Arabia[[#This Row],[Year]],'Country Sales & Assumptions'!$G$13:$L$13,0))*AI6 -> 80107.72 | AK6: =+AJ6*0.06 -> 4806.4632 | AL6: =IF(AK6<10000,10000-AK6,0) -> 5193.5368 | AM6: =AK6+AL6 -> 10000 | AO6: Forecast | AP6: 45138 | AQ6: ="Year " & TEXT(YEAR(AP6) - 2023, "0") -> Year 0 | AR6: =_xlfn.IFS(AS6<90%,"Low",AND(AS6>=90%,AS6<=110%),"Medium", AS6>110%,"High") -> Medium | AS6: =VLOOKUP(TEXT(AP6,"mmmm"),Seasonality_Table_Mediterranean,2,0) -> 0.9 | AT6: =INDEX(Baseline_Income_Projections,MATCH(AO$2,'Country Sales & Assumptions'!$G$13:$G$20,0),MATCH(Sales_Saudi_Arabia[[#This Row],[Year]],'Country Sales & Assumptions'!$G$13:$L$13,0))*AS6 -> 98314.02 | AU6: =+AT6*0.06 -> 5898.8412 | AV6: =IF(AU6<10000,10000-AU6,0) -> 4101.1588 | AW6: =AU6+AV6 -> 10000 | AY6: Forecast | AZ6: 45138 | BA6: ="Year " & TEXT(YEAR(AZ6) - 2023, "0") -> Year 0 | BB6: =_xlfn.IFS(BC6<90%,"Low",AND(BC6>=90%,BC6<=110%),"Medium", BC6>110%,"High") -> Medium | BC6: =VLOOKUP(TEXT(AZ6,"mmmm"),Seasonality_Table_Mediterranean,2,0) -> 0.9 | BD6: =INDEX(Baseline_Income_Projections,MATCH(AY$2,'Country Sales & Assumptions'!$G$13:$G$20,0),MATCH(Sales_Saudi_Arabia[[#This Row],[Year]],'Country Sales & Assumptions'!$G$13:$L$13,0))*BC6 -> 88950.78 | BE6: =+BD6*0.06 -> 5337.0468 | BF6: =IF(BE6<10000,10000-BE6,0) -> 4662.9532 | BG6: =BE6+BF6 -> 10000 | BI6: Forecast | BJ6: 45138 | BK6: ="Year " & TEXT(YEAR(BJ6) - 2023, "0") -> Year 0 | BL6: =_xlfn.IFS(BM6<90%,"Low",AND(BM6>=90%,BM6<=110%),"Medium", BM6>110%,"High") -> Medium | BM6: =VLOOKUP(TEXT(BJ6,"mmmm"),Seasonality_Table_Mediterranean,2,0) -> 0.9 | BN6: =INDEX(Baseline_Income_Projections,MATCH(BI$2,'Country Sales & Assumptions'!$G$13:$G$20,0),MATCH(Sales_Saudi_Arabia[[#This Row],[Year]],'Country Sales & Assumptions'!$G$13:$L$13,0))*BM6 -> 84269.16 | BO6: =+BN6*0.06 -> 5056.1496 | BP6: =IF(BO6<10000,10000-BO6,0) -> 4943.8504 | BQ6: =BO6+BP6 -> 10000
A7: Actual | B7: 45169 | C7: ="Year " & TEXT(YEAR(B7) - 2023, "0") -> Year 0 | D7: =_xlfn.IFS(E7<90%,"Low",AND(E7>=90%,E7<=110%),"Medium", E7>110%,"High") -> Low | E7: =VLOOKUP(TEXT(B7,"mmmm"),Seasonality_Table_Gulf,2,0) -> 0.75 | F7: 133796 | G7: =+F7*0.06 -> 8027.76 | H7: =IF(G7<10000,10000-G7,0) -> 1972.24 | I7: =G7+H7 -> 10000 | K7: Forecast | L7: 45169 | M7: ="Year " & TEXT(YEAR(L7) - 2023, "0") -> Year 0 | N7: =_xlfn.IFS(O7<90%,"Low",AND(O7>=90%,O7<=110%),"Medium", O7>110%,"High") -> Low | O7: =VLOOKUP(TEXT(L7,"mmmm"),Seasonality_Table_Gulf,2,0) -> 0.75 | P7: =INDEX(Baseline_Income_Projections,MATCH(K$2,'Country Sales & Assumptions'!$G$13:$G$20,0),MATCH(Sales_Saudi_Arabia[[#This Row],[Year]],'Country Sales & Assumptions'!$G$13:$L$13,0))*O7 -> 97533.75 | Q7: =+P7*0.06 -> 5852.025 | R7: =IF(Q7<10000,10000-Q7,0) -> 4147.975 | S7: =Q7+R7 -> 10000 | U7: Forecast | V7: 45169 | W7: ="Year " & TEXT(YEAR(V7) - 2023, "0") -> Year 0 | X7: =_xlfn.IFS(Y7<90%,"Low",AND(Y7>=90%,Y7<=110%),"Medium", Y7>110%,"High") -> Low | Y7: =VLOOKUP(TEXT(V7,"mmmm"),Seasonality_Table_Gulf,2,0) -> 0.75 | Z7: =INDEX(Baseline_Income_Projections,MATCH(U$2,'Country Sales & Assumptions'!$G$13:$G$20,0),MATCH(Sales_Saudi_Arabia[[#This Row],[Year]],'Country Sales & Assumptions'!$G$13:$L$13,0))*Y7 -> 105336.45 | AA7: =+Z7*0.06 -> 6320.187 | AB7: =IF(AA7<10000,10000-AA7,0) -> 3679.813 | AC7: =AA7+AB7 -> 10000 | AE7: Forecast | AF7: 45169 | AG7: ="Year " & TEXT(YEAR(AF7) - 2023, "0") -> Year 0 | AH7: =_xlfn.IFS(AI7<90%,"Low",AND(AI7>=90%,AI7<=110%),"Medium", AI7>110%,"High") -> Low | AI7: =VLOOKUP(TEXT(AF7,"mmmm"),Seasonality_Table_Gulf,2,0) -> 0.75 | AJ7: =INDEX(Baseline_Income_Projections,MATCH(AE$2,'Country Sales & Assumptions'!$G$13:$G$20,0),MATCH(Sales_Saudi_Arabia[[#This Row],[Year]],'Country Sales & Assumptions'!$G$13:$L$13,0))*AI7 -> 85829.7 | AK7: =+AJ7*0.06 -> 5149.782 | AL7: =IF(AK7<10000,10000-AK7,0) -> 4850.218 | AM7: =AK7+AL7 -> 10000 | AO7: Forecast | AP7: 45169 | AQ7: ="Year " & TEXT(YEAR(AP7) - 2023, "0") -> Year 0 | AR7: =_xlfn.IFS(AS7<90%,"Low",AND(AS7>=90%,AS7<=110%),"Medium", AS7>110%,"High") -> Medium | AS7: =VLOOKUP(TEXT(AP7,"mmmm"),Seasonality_Table_Mediterranean,2,0) -> 0.9 | AT7: =INDEX(Baseline_Income_Projections,MATCH(AO$2,'Country Sales & Assumptions'!$G$13:$G$20,0),MATCH(Sales_Saudi_Arabia[[#This Row],[Year]],'Country Sales & Assumptions'!$G$13:$L$13,0))*AS7 -> 98314.02 | AU7: =+AT7*0.06 -> 5898.8412 | AV7: =IF(AU7<10000,10000-AU7,0) -> 4101.1588 | AW7: =AU7+AV7 -> 10000 | AY7: Forecast | AZ7: 45169 | BA7: ="Year " & TEXT(YEAR(AZ7) - 2023, "0") -> Year 0 | BB7: =_xlfn.IFS(BC7<90%,"Low",AND(BC7>=90%,BC7<=110%),"Medium", BC7>110%,"High") -> Medium | BC7: =VLOOKUP(TEXT(AZ7,"mmmm"),Seasonality_Table_Mediterranean,2,0) -> 0.9 | BD7: =INDEX(Baseline_Income_Projections,MATCH(AY$2,'Country Sales & Assumptions'!$G$13:$G$20,0),MATCH(Sales_Saudi_Arabia[[#This Row],[Year]],'Country Sales & Assumptions'!$G$13:$L$13,0))*BC7 -> 88950.78 | BE7: =+BD7*0.06 -> 5337.0468 | BF7: =IF(BE7<10000,10000-BE7,0) -> 4662.9532 | BG7: =BE7+BF7 -> 10000 | BI7: Forecast | BJ7: 45169 | BK7: ="Year " & TEXT(YEAR(BJ7) - 2023, "0") -> Year 0 | BL7: =_xlfn.IFS(BM7<90%,"Low",AND(BM7>=90%,BM7<=110%),"Medium", BM7>110%,"High") -> Medium | BM7: =VLOOKUP(TEXT(BJ7,"mmmm"),Seasonality_Table_Mediterranean,2,0) -> 0.9 | BN7: =INDEX(Baseline_Income_Projections,MATCH(BI$2,'Country Sales & Assumptions'!$G$13:$G$20,0),MATCH(Sales_Saudi_Arabia[[#This Row],[Year]],'Country Sales & Assumptions'!$G$13:$L$13,0))*BM7 -> 84269.16 | BO7: =+BN7*0.06 -> 5056.1496 | BP7: =IF(BO7<10000,10000-BO7,0) -> 4943.8504 | BQ7: =BO7+BP7 -> 10000
A8: Actual | B8: 45199 | C8: ="Year " & TEXT(YEAR(B8) - 2023, "0") -> Year 0 | D8: =_xlfn.IFS(E8<90%,"Low",AND(E8>=90%,E8<=110%),"Medium", E8>110%,"High") -> Medium | E8: =VLOOKUP(TEXT(B8,"mmmm"),Seasonality_Table_Gulf,2,0) -> 1 | F8: 104036 | G8: =+F8*0.06 -> 6242.16 | H8: =IF(G8<10000,10000-G8,0) -> 3757.84 | I8: =G8+H8 -> 10000 | K8: Forecast | L8: 45199 | M8: ="Year " & TEXT(YEAR(L8) - 2023, "0") -> Year 0 | N8: =_xlfn.IFS(O8<90%,"Low",AND(O8>=90%,O8<=110%),"Medium", O8>110%,"High") -> Medium | O8: =VLOOKUP(TEXT(L8,"mmmm"),Seasonality_Table_Gulf,2,0) -> 1 | P8: =INDEX(Baseline_Income_Projections,MATCH(K$2,'Country Sales & Assumptions'!$G$13:$G$20,0),MATCH(Sales_Saudi_Arabia[[#This Row],[Year]],'Country Sales & Assumptions'!$G$13:$L$13,0))*O8 -> 130045 | Q8: =+P8*0.06 -> 7802.7 | R8: =IF(Q8<10000,10000-Q8,0) -> 2197.3 | S8: =Q8+R8 -> 10000 | U8: Forecast | V8: 45199 | W8: ="Year " & TEXT(YEAR(V8) - 2023, "0") -> Year 0 | X8: =_xlfn.IFS(Y8<90%,"Low",AND(Y8>=90%,Y8<=110%),"Medium", Y8>110%,"High") -> Medium | Y8: =VLOOKUP(TEXT(V8,"mmmm"),Seasonality_Table_Gulf,2,0) -> 1 | Z8: =INDEX(Baseline_Income_Projections,MATCH(U$2,'Country Sales & Assumptions'!$G$13:$G$20,0),MATCH(Sales_Saudi_Arabia[[#This Row],[Year]],'Country Sales & Assumptions'!$G$13:$L$13,0))*Y8 -> 140448.6 | AA8: =+Z8*0.06 -> 8426.916 | AB8: =IF(AA8<10000,10000-AA8,0) -> 1573.084 | AC8: =AA8+AB8 -> 10000 | AE8: Forecast | AF8: 45199 | AG8: ="Year " & TEXT(YEAR(AF8) - 2023, "0") -> Year 0 | AH8: =_xlfn.IFS(AI8<90%,"Low",AND(AI8>=90%,AI8<=110%),"Medium", AI8>110%,"High") -> Medium | AI8: =VLOOKUP(TEXT(AF8,"mmmm"),Seasonality_Table_Gulf,2,0) -> 1 | AJ8: =INDEX(Baseline_Income_Projections,MATCH(AE$2,'Country Sales & Assumptions'!$G$13:$G$20,0),MATCH(Sales_Saudi_Arabia[[#This Row],[Year]],'Country Sales & Assumptions'!$G$13:$L$13,0))*AI8 -> 114439.6 | AK8: =+AJ8*0.06 -> 6866.376 | AL8: =IF(AK8<10000,10000-AK8,0) -> 3133.624 | AM8: =AK8+AL8 -> 10000 | AO8: Forecast | AP8: 45199 | AQ8: ="Year " & TEXT(YEAR(AP8) - 2023, "0") -> Year 0 | AR8: =_xlfn.IFS(AS8<90%,"Low",AND(AS8>=90%,AS8<=110%),"Medium", AS8>110%,"High") -> Medium | AS8: =VLOOKUP(TEXT(AP8,"mmmm"),Seasonality_Table_Mediterranean,2,0) -> 1.1 | AT8: =INDEX(Baseline_Income_Projections,MATCH(AO$2,'Country Sales & Assumptions'!$G$13:$G$20,0),MATCH(Sales_Saudi_Arabia[[#This Row],[Year]],'Country Sales & Assumptions'!$G$13:$L$13,0))*AS8 -> 120161.58 | AU8: =+AT8*0.06 -> 7209.6948 | AV8: =IF(AU8<10000,10000-AU8,0) -> 2790.3052 | AW8: =AU8+AV8 -> 10000 | AY8: Forecast | AZ8: 45199 | BA8: ="Year " & TEXT(YEAR(AZ8) - 2023, "0") -> Year 0 | BB8: =_xlfn.IFS(BC8<90%,"Low",AND(BC8>=90%,BC8<=110%),"Medium", BC8>110%,"High") -> Medium | BC8: =VLOOKUP(TEXT(AZ8,"mmmm"),Seasonality_Table_Mediterranean,2,0) -> 1.1 | BD8: =INDEX(Baseline_Income_Projections,MATCH(AY$2,'Country Sales & Assumptions'!$G$13:$G$20,0),MATCH(Sales_Saudi_Arabia[[#This Row],[Year]],'Country Sales & Assumptions'!$G$13:$L$13,0))*BC8 -> 108717.62 | BE8: =+BD8*0.06 -> 6523.0572 | BF8: =IF(BE8<10000,10000-BE8,0) -> 3476.9428 | BG8: =BE8+BF8 -> 10000 | BI8: Forecast | BJ8: 45199 | BK8: ="Year " & TEXT(YEAR(BJ8) - 2023, "0") -> Year 0 | BL8: =_xlfn.IFS(BM8<90%,"Low",AND(BM8>=90%,BM8<=110%),"Medium", BM8>110%,"High") -> Medium | BM8: =VLOOKUP(TEXT(BJ8,"mmmm"),Seasonality_Table_Mediterranean,2,0) -> 1.1 | BN8: =INDEX(Baseline_Income_Projections,MATCH(BI$2,'Country Sales & Assumptions'!$G$13:$G$20,0),MATCH(Sales_Saudi_Arabia[[#This Row],[Year]],'Country Sales & Assumptions'!$G$13:$L$13,0))*BM8 -> 102995.64 | BO8: =+BN8*0.06 -> 6179.7384 | BP8: =IF(BO8<10000,10000-BO8,0) -> 3820.2616 | BQ8: =BO8+BP8 -> 10000
A9: Actual | B9: 45230 | C9: ="Year " & TEXT(YEAR(B9) - 2023, "0") -> Year 0 | D9: =_xlfn.IFS(E9<90%,"Low",AND(E9>=90%,E9<=110%),"Medium", E9>110%,"High") -> Medium | E9: =VLOOKUP(TEXT(B9,"mmmm"),Seasonality_Table_Gulf,2,0) -> 1.1 | F9: 111073 | G9: =+F9*0.06 -> 6664.38 | H9: =IF(G9<10000,10000-G9,0) -> 3335.62 | I9: =G9+H9 -> 10000 | K9: Forecast | L9: 45230 | M9: ="Year " & TEXT(YEAR(L9) - 2023, "0") -> Year 0 | N9: =_xlfn.IFS(O9<90%,"Low",AND(O9>=90%,O9<=110%),"Medium", O9>110%,"High") -> Medium | O9: =VLOOKUP(TEXT(L9,"mmmm"),Seasonality_Table_Gulf,2,0) -> 1.1 | P9: =INDEX(Baseline_Income_Projections,MATCH(K$2,'Country Sales & Assumptions'!$G$13:$G$20,0),MATCH(Sales_Saudi_Arabia[[#This Row],[Year]],'Country Sales & Assumptions'!$G$13:$L$13,0))*O9 -> 143049.5 | Q9: =+P9*0.06 -> 8582.97 | R9: =IF(Q9<10000,10000-Q9,0) -> 1417.03 | S9: =Q9+R9 -> 10000 | U9: Forecast | V9: 45230 | W9: ="Year " & TEXT(YEAR(V9) - 2023, "0") -> Year 0 | X9: =_xlfn.IFS(Y9<90%,"Low",AND(Y9>=90%,Y9<=110%),"Medium", Y9>110%,"High") -> Medium | Y9: =VLOOKUP(TEXT(V9,"mmmm"),Seasonality_Table_Gulf,2,0) -> 1.1 | Z9: =INDEX(Baseline_Income_Projections,MATCH(U$2,'Country Sales & Assumptions'!$G$13:$G$20,0),MATCH(Sales_Saudi_Arabia[[#This Row],[Year]],'Country Sales & Assumptions'!$G$13:$L$13,0))*Y9 -> 154493.46 | AA9: =+Z9*0.06 -> 9269.6076 | AB9: =IF(AA9<10000,10000-AA9,0) -> 730.3924 | AC9: =AA9+AB9 -> 10000 | AE9: Forecast | AF9: 45230 | AG9: ="Year " & TEXT(YEAR(AF9) - 2023, "0") -> Year 0 | AH9: =_xlfn.IFS(AI9<90%,"Low",AND(AI9>=90%,AI9<=110%),"Medium", AI9>110%,"High") -> Medium | AI9: =VLOOKUP(TEXT(AF9,"mmmm"),Seasonality_Table_Gulf,2,0) -> 1.1 | AJ9: =INDEX(Baseline_Income_Projections,MATCH(AE$2,'Country Sales & Assumptions'!$G$13:$G$20,0),MATCH(Sales_Saudi_Arabia[[#This Row],[Year]],'Country Sales & Assumptions'!$G$13:$L$13,0))*AI9 -> 125883.56 | AK9: =+AJ9*0.06 -> 7553.0136 | AL9: =IF(AK9<10000,10000-AK9,0) -> 2446.9864 | AM9: =AK9+AL9 -> 10000 | AO9: Forecast | AP9: 45230 | AQ9: ="Year " & TEXT(YEAR(AP9) - 2023, "0") -> Year 0 | AR9: =_xlfn.IFS(AS9<90%,"Low",AND(AS9>=90%,AS9<=110%),"Medium", AS9>110%,"High") -> High | AS9: =VLOOKUP(TEXT(AP9,"mmmm"),Seasonality_Table_Mediterranean,2,0) -> 1.2 | AT9: =INDEX(Baseline_Income_Projections,MATCH(AO$2,'Country Sales & Assumptions'!$G$13:$G$20,0),MATCH(Sales_Saudi_Arabia[[#This Row],[Year]],'Country Sales & Assumptions'!$G$13:$L$13,0))*AS9 -> 131085.36 | AU9: =+AT9*0.06 -> 7865.1216 | AV9: =IF(AU9<10000,10000-AU9,0) -> 2134.8784 | AW9: =AU9+AV9 -> 10000 | AY9: Forecast | AZ9: 45230 | BA9: ="Year " & TEXT(YEAR(AZ9) - 2023, "0") -> Year 0 | BB9: =_xlfn.IFS(BC9<90%,"Low",AND(BC9>=90%,BC9<=110%),"Medium", BC9>110%,"High") -> High | BC9: =VLOOKUP(TEXT(AZ9,"mmmm"),Seasonality_Table_Mediterranean,2,0) -> 1.2 | BD9: =INDEX(Baseline_Income_Projections,MATCH(AY$2,'Country Sales & Assumptions'!$G$13:$G$20,0),MATCH(Sales_Saudi_Arabia[[#This Row],[Year]],'Country Sales & Assumptions'!$G$13:$L$13,0))*BC9 -> 118601.04 | BE9: =+BD9*0.06 -> 7116.0624 | BF9: =IF(BE9<10000,10000-BE9,0) -> 2883.9376 | BG9: =BE9+BF9 -> 10000 | BI9: Forecast | BJ9: 45230 | BK9: ="Year " & TEXT(YEAR(BJ9) - 2023, "0") -> Year 0 | BL9: =_xlfn.IFS(BM9<90%,"Low",AND(BM9>=90%,BM9<=110%),"Medium", BM9>110%,"High") -> High | BM9: =VLOOKUP(TEXT(BJ9,"mmmm"),Seasonality_Table_Mediterranean,2,0) -> 1.2 | BN9: =INDEX(Baseline_Income_Projections,MATCH(BI$2,'Country Sales & Assumptions'!$G$13:$G$20,0),MATCH(Sales_Saudi_Arabia[[#This Row],[Year]],'Country Sales & Assumptions'!$G$13:$L$13,0))*BM9 -> 112358.88 | BO9: =+BN9*0.06 -> 6741.5328 | BP9: =IF(BO9<10000,10000-BO9,0) -> 3258.4672 | BQ9: =BO9+BP9 -> 10000
A10: Forecast | B10: 45260 | C10: ="Year " & TEXT(YEAR(B10) - 2023, "0") -> Year 0 | D10: =_xlfn.IFS(E10<90%,"Low",AND(E10>=90%,E10<=110%),"Medium", E10>110%,"High") -> High | E10: =VLOOKUP(TEXT(B10,"mmmm"),Seasonality_Table_Gulf,2,0) -> 1.2 | F10: =INDEX(Baseline_Income_Projections,MATCH("Saudi Arabia",'Country Sales & Assumptions'!$G$13:$G$20,0),MATCH(Sales_Saudi_Arabia[[#This Row],[Year]],'Country Sales & Assumptions'!$G$13:$L$13,0))*E10 -> 124843.2 | G10: =+F10*0.06 -> 7490.592 | H10: =IF(G10<10000,10000-G10,0) -> 2509.408 | I10: =G10+H10 -> 10000 | K10: Forecast | L10: 45260 | M10: ="Year " & TEXT(YEAR(L10) - 2023, "0") -> Year 0 | N10: =_xlfn.IFS(O10<90%,"Low",AND(O10>=90%,O10<=110%),"Medium", O10>110%,"High") -> High | O10: =VLOOKUP(TEXT(L10,"mmmm"),Seasonality_Table_Gulf,2,0) -> 1.2 | P10: =INDEX(Baseline_Income_Projections,MATCH(K$2,'Country Sales & Assumptions'!$G$13:$G$20,0),MATCH(Sales_Saudi_Arabia[[#This Row],[Year]],'Country Sales & Assumptions'!$G$13:$L$13,0))*O10 -> 156054 | Q10: =+P10*0.06 -> 9363.24 | R10: =IF(Q10<10000,10000-Q10,0) -> 636.76 | S10: =Q10+R10 -> 10000 | U10: Forecast | V10: 45260 | W10: ="Year " & TEXT(YEAR(V10) - 2023, "0") -> Year 0 | X10: =_xlfn.IFS(Y10<90%,"Low",AND(Y10>=90%,Y10<=110%),"Medium", Y10>110%,"High") -> High | Y10: =VLOOKUP(TEXT(V10,"mmmm"),Seasonality_Table_Gulf,2,0) -> 1.2 | Z10: =INDEX(Baseline_Income_Projections,MATCH(U$2,'Country Sales & Assumptions'!$G$13:$G$20,0),MATCH(Sales_Saudi_Arabia[[#This Row],[Year]],'Country Sales & Assumptions'!$G$13:$L$13,0))*Y10 -> 168538.32 | AA10: =+Z10*0.06 -> 10112.299 | AB10: =IF(AA10<10000,10000-AA10,0) -> 0 | AC10: =AA10+AB10 -> 10112.299 | AE10: Forecast | AF10: 45260 | AG10: ="Year " & TEXT(YEAR(AF10) - 2023, "0") -> Year 0 | AH10: =_xlfn.IFS(AI10<90%,"Low",AND(AI10>=90%,AI10<=110%),"Medium", AI10>110%,"High") -> High | AI10: =VLOOKUP(TEXT(AF10,"mmmm"),Seasonality_Table_Gulf,2,0) -> 1.2 | AJ10: =INDEX(Baseline_Income_Projections,MATCH(AE$2,'Country Sales & Assumptions'!$G$13:$G$20,0),MATCH(Sales_Saudi_Arabia[[#This Row],[Year]],'Country Sales & Assumptions'!$G$13:$L$13,0))*AI10 -> 137327.52 | AK10: =+AJ10*0.06 -> 8239.6512 | AL10: =IF(AK10<10000,10000-AK10,0) -> 1760.3488 | AM10: =AK10+AL10 -> 10000 | AO10: Forecast | AP10: 45260 | AQ10: ="Year " & TEXT(YEAR(AP10) - 2023, "0") -> Year 0 | AR10: =_xlfn.IFS(AS10<90%,"Low",AND(AS10>=90%,AS10<=110%),"Medium", AS10>110%,"High") -> Medium | AS10: =VLOOKUP(TEXT(AP10,"mmmm"),Seasonality_Table_Mediterranean,2,0) -> 1 | AT10: =INDEX(Baseline_Income_Projections,MATCH(AO$2,'Country Sales & Assumptions'!$G$13:$G$20,0),MATCH(Sales_Saudi_Arabia[[#This Row],[Year]],'Country Sales & Assumptions'!$G$13:$L$13,0))*AS10 -> 109237.8 | AU10: =+AT10*0.06 -> 6554.268 | AV10: =IF(AU10<10000,10000-AU10,0) -> 3445.732 | AW10: =AU10+AV10 -> 10000 | AY10: Forecast | AZ10: 45260 | BA10: ="Year " & TEXT(YEAR(AZ10) - 2023, "0") -> Year 0 | BB10: =_xlfn.IFS(BC10<90%,"Low",AND(BC10>=90%,BC10<=110%),"Medium", BC10>110%,"High") -> Medium | BC10: =VLOOKUP(TEXT(AZ10,"mmmm"),Seasonality_Table_Mediterranean,2,0) -> 1 | BD10: =INDEX(Baseline_Income_Projections,MATCH(AY$2,'Country Sales & Assumptions'!$G$13:$G$20,0),MATCH(Sales_Saudi_Arabia[[#This Row],[Year]],'Country Sales & Assumptions'!$G$13:$L$13,0))*BC10 -> 98834.2 | BE10: =+BD10*0.06 -> 5930.052 | BF10: =IF(BE10<10000,10000-BE10,0) -> 4069.948 | BG10: =BE10+BF10 -> 10000 | BI10: Forecast | BJ10: 45260 | BK10: ="Year " & TEXT(YEAR(BJ10) - 2023, "0") -> Year 0 | BL10: =_xlfn.IFS(BM10<90%,"Low",AND(BM10>=90%,BM10<=110%),"Medium", BM10>110%,"High") -> Medium | BM10: =VLOOKUP(TEXT(BJ10,"mmmm"),Seasonality_Table_Mediterranean,2,0) -> 1 | BN10: =INDEX(Baseline_Income_Projections,MATCH(BI$2,'Country Sales & Assumptions'!$G$13:$G$20,0),MATCH(Sales_Saudi_Arabia[[#This Row],[Year]],'Country Sales & Assumptions'!$G$13:$L$13,0))*BM10 -> 93632.4 | BO10: =+BN10*0.06 -> 5617.944 | BP10: =IF(BO10<10000,10000-BO10,0) -> 4382.056 | BQ10: =BO10+BP10 -> 10000
A11: Forecast | B11: 45291 | C11: ="Year " & TEXT(YEAR(B11) - 2023, "0") -> Year 0 | D11: =_xlfn.IFS(E11<90%,"Low",AND(E11>=90%,E11<=110%),"Medium", E11>110%,"High") -> High | E11: =VLOOKUP(TEXT(B11,"mmmm"),Seasonality_Table_Gulf,2,0) -> 1.3 | F11: =INDEX(Baseline_Income_Projections,MATCH("Saudi Arabia",'Country Sales & Assumptions'!$G$13:$G$20,0),MATCH(Sales_Saudi_Arabia[[#This Row],[Year]],'Country Sales & Assumptions'!$G$13:$L$13,0))*E11 -> 135246.8 | G11: =+F11*0.06 -> 8114.808 | H11: =IF(G11<10000,10000-G11,0) -> 1885.192 | I11: =G11+H11 -> 10000 | K11: Forecast | L11: 45291 | M11: ="Year " & TEXT(YEAR(L11) - 2023, "0") -> Year 0 | N11: =_xlfn.IFS(O11<90%,"Low",AND(O11>=90%,O11<=110%),"Medium", O11>110%,"High") -> High | O11: =VLOOKUP(TEXT(L11,"mmmm"),Seasonality_Table_Gulf,2,0) -> 1.3 | P11: =INDEX(Baseline_Income_Projections,MATCH(K$2,'Country Sales & Assumptions'!$G$13:$G$20,0),MATCH(Sales_Saudi_Arabia[[#This Row],[Year]],'Country Sales & Assumptions'!$G$13:$L$13,0))*O11 -> 169058.5 | Q11: =+P11*0.06 -> 10143.51 | R11: =IF(Q11<10000,10000-Q11,0) -> 0 | S11: =Q11+R11 -> 10143.51 | U11: Forecast | V11: 45291 | W11: ="Year " & TEXT(YEAR(V11) - 2023, "0") -> Year 0 | X11: =_xlfn.IFS(Y11<90%,"Low",AND(Y11>=90%,Y11<=110%),"Medium", Y11>110%,"High") -> High | Y11: =VLOOKUP(TEXT(V11,"mmmm"),Seasonality_Table_Gulf,2,0) -> 1.3 | Z11: =INDEX(Baseline_Income_Projections,MATCH(U$2,'Country Sales & Assumptions'!$G$13:$G$20,0),MATCH(Sales_Saudi_Arabia[[#This Row],[Year]],'Country Sales & Assumptions'!$G$13:$L$13,0))*Y11 -> 182583.18 | AA11: =+Z11*0.06 -> 10954.991 | AB11: =IF(AA11<10000,10000-AA11,0) -> 0 | AC11: =AA11+AB11 -> 10954.991 | AE11: Forecast | AF11: 45291 | AG11: ="Year " & TEXT(YEAR(AF11) - 2023, "0") -> Year 0 | AH11: =_xlfn.IFS(AI11<90%,"Low",AND(AI11>=90%,AI11<=110%),"Medium", AI11>110%,"High") -> High | AI11: =VLOOKUP(TEXT(AF11,"mmmm"),Seasonality_Table_Gulf,2,0) -> 1.3 | AJ11: =INDEX(Baseline_Income_Projections,MATCH(AE$2,'Country Sales & Assumptions'!$G$13:$G$20,0),MATCH(Sales_Saudi_Arabia[[#This Row],[Year]],'Country Sales & Assumptions'!$G$13:$L$13,0))*AI11 -> 148771.48 | AK11: =+AJ11*0.06 -> 8926.2888 | AL11: =IF(AK11<10000,10000-AK11,0) -> 1073.7112 | AM11: =AK11+AL11 -> 10000 | AO11: Forecast | AP11: 45291 | AQ11: ="Year " & TEXT(YEAR(AP11) - 2023, "0") -> Year 0 | AR11: =_xlfn.IFS(AS11<90%,"Low",AND(AS11>=90%,AS11<=110%),"Medium", AS11>110%,"High") -> High | AS11: =VLOOKUP(TEXT(AP11,"mmmm"),Seasonality_Table_Mediterranean,2,0) -> 1.2 | AT11: =INDEX(Baseline_Income_Projections,MATCH(AO$2,'Country Sales & Assumptions'!$G$13:$G$20,0),MATCH(Sales_Saudi_Arabia[[#This Row],[Year]],'Country Sales & Assumptions'!$G$13:$L$13,0))*AS11 -> 131085.36 | AU11: =+AT11*0.06 -> 7865.1216 | AV11: =IF(AU11<10000,10000-AU11,0) -> 2134.8784 | AW11: =AU11+AV11 -> 10000 | AY11: Forecast | AZ11: 45291 | BA11: ="Year " & TEXT(YEAR(AZ11) - 2023, "0") -> Year 0 | BB11: =_xlfn.IFS(BC11<90%,"Low",AND(BC11>=90%,BC11<=110%),"Medium", BC11>110%,"High") -> High | BC11: =VLOOKUP(TEXT(AZ11,"mmmm"),Seasonality_Table_Mediterranean,2,0) -> 1.2 | BD11: =INDEX(Baseline_Income_Projections,MATCH(AY$2,'Country Sales & Assumptions'!$G$13:$G$20,0),MATCH(Sales_Saudi_Arabia[[#This Row],[Year]],'Country Sales & Assumptions'!$G$13:$L$13,0))*BC11 -> 118601.04 | BE11: =+BD11*0.06 -> 7116.0624 | BF11: =IF(BE11<10000,10000-BE11,0) -> 2883.9376 | BG11: =BE11+BF11 -> 10000 | BI11: Forecast | BJ11: 45291 | BK11: ="Year " & TEXT(YEAR(BJ11) - 2023, "0") -> Year 0 | BL11: =_xlfn.IFS(BM11<90%,"Low",AND(BM11>=90%,BM11<=110%),"Medium", BM11>110%,"High") -> High | BM11: =VLOOKUP(TEXT(BJ11,"mmmm"),Seasonality_Table_Mediterranean,2,0) -> 1.2 | BN11: =INDEX(Baseline_Income_Projections,MATCH(BI$2,'Country Sales & Assumptions'!$G$13:$G$20,0),MATCH(Sales_Saudi_Arabia[[#This Row],[Year]],'Country Sales & Assumptions'!$G$13:$L$13,0))*BM11 -> 112358.88 | BO11: =+BN11*0.06 -> 6741.5328 | BP11: =IF(BO11<10000,10000-BO11,0) -> 3258.4672 | BQ11: =BO11+BP11 -> 10000
A12: Forecast | B12: 45322 | C12: ="Year " & TEXT(YEAR(B12) - 2023, "0") -> Year 1 | D12: =_xlfn.IFS(E12<90%,"Low",AND(E12>=90%,E12<=110%),"Medium", E12>110%,"High") -> High | E12: =VLOOKUP(TEXT(B12,"mmmm"),Seasonality_Table_Gulf,2,0) -> 1.2 | F12: =INDEX(Baseline_Income_Projections,MATCH("Saudi Arabia",'Country Sales & Assumptions'!$G$13:$G$20,0),MATCH(Sales_Saudi_Arabia[[#This Row],[Year]],'Country Sales & Assumptions'!$G$13:$L$13,0))*E12 -> 131085.36 | G12: =+F12*0.06 -> 7865.1216 | H12: =IF(G12<10000,10000-G12,0) -> 2134.8784 | I12: =G12+H12 -> 10000 | K12: Forecast | L12: 45322 | M12: ="Year " & TEXT(YEAR(L12) - 2023, "0") -> Year 1 | N12: =_xlfn.IFS(O12<90%,"Low",AND(O12>=90%,O12<=110%),"Medium", O12>110%,"High") -> High | O12: =VLOOKUP(TEXT(L12,"mmmm"),Seasonality_Table_Gulf,2,0) -> 1.2 | P12: =INDEX(Baseline_Income_Projections,MATCH(K$2,'Country Sales & Assumptions'!$G$13:$G$20,0),MATCH(Sales_Saudi_Arabia[[#This Row],[Year]],'Country Sales & Assumptions'!$G$13:$L$13,0))*O12 -> 165417.24 | Q12: =+P12*0.06 -> 9925.0344 | R12: =IF(Q12<10000,10000-Q12,0) -> 74.9656 | S12: =Q12+R12 -> 10000 | U12: Forecast | V12: 45322 | W12: ="Year " & TEXT(YEAR(V12) - 2023, "0") -> Year 1 | X12: =_xlfn.IFS(Y12<90%,"Low",AND(Y12>=90%,Y12<=110%),"Medium", Y12>110%,"High") -> High | Y12: =VLOOKUP(TEXT(V12,"mmmm"),Seasonality_Table_Gulf,2,0) -> 1.2 | Z12: =INDEX(Baseline_Income_Projections,MATCH(U$2,'Country Sales & Assumptions'!$G$13:$G$20,0),MATCH(Sales_Saudi_Arabia[[#This Row],[Year]],'Country Sales & Assumptions'!$G$13:$L$13,0))*Y12 -> 176965.24 | AA12: =+Z12*0.06 -> 10617.914 | AB12: =IF(AA12<10000,10000-AA12,0) -> 0 | AC12: =AA12+AB12 -> 10617.914 | AE12: Forecast | AF12: 45322 | AG12: ="Year " & TEXT(YEAR(AF12) - 2023, "0") -> Year 1 | AH12: =_xlfn.IFS(AI12<90%,"Low",AND(AI12>=90%,AI12<=110%),"Medium", AI12>110%,"High") -> High | AI12: =VLOOKUP(TEXT(AF12,"mmmm"),Seasonality_Table_Gulf,2,0) -> 1.2 | AJ12: =INDEX(Baseline_Income_Projections,MATCH(AE$2,'Country Sales & Assumptions'!$G$13:$G$20,0),MATCH(Sales_Saudi_Arabia[[#This Row],[Year]],'Country Sales & Assumptions'!$G$13:$L$13,0))*AI12 -> 149000.36 | AK12: =+AJ12*0.06 -> 8940.0216 | AL12: =IF(AK12<10000,10000-AK12,0) -> 1059.9784 | AM12: =AK12+AL12 -> 10000 | AO12: Forecast | AP12: 45322 | AQ12: ="Year " & TEXT(YEAR(AP12) - 2023, "0") -> Year 1 | AR12: =_xlfn.IFS(AS12<90%,"Low",AND(AS12>=90%,AS12<=110%),"Medium", AS12>110%,"High") -> Medium | AS12: =VLOOKUP(TEXT(AP12,"mmmm"),Seasonality_Table_Mediterranean,2,0) -> 1.1 | AT12: =INDEX(Baseline_Income_Projections,MATCH(AO$2,'Country Sales & Assumptions'!$G$13:$G$20,0),MATCH(Sales_Saudi_Arabia[[#This Row],[Year]],'Country Sales & Assumptions'!$G$13:$L$13,0))*AS12 -> 127191.03 | AU12: =+AT12*0.06 -> 7631.4619 | AV12: =IF(AU12<10000,10000-AU12,0) -> 2368.5381 | AW12: =AU12+AV12 -> 10000 | AY12: Forecast | AZ12: 45322 | BA12: ="Year " & TEXT(YEAR(AZ12) - 2023, "0") -> Year 1 | BB12: =_xlfn.IFS(BC12<90%,"Low",AND(BC12>=90%,BC12<=110%),"Medium", BC12>110%,"High") -> Medium | BC12: =VLOOKUP(TEXT(AZ12,"mmmm"),Seasonality_Table_Mediterranean,2,0) -> 1.1 | BD12: =INDEX(Baseline_Income_Projections,MATCH(AY$2,'Country Sales & Assumptions'!$G$13:$G$20,0),MATCH(Sales_Saudi_Arabia[[#This Row],[Year]],'Country Sales & Assumptions'!$G$13:$L$13,0))*BC12 -> 115012.37 | BE12: =+BD12*0.06 -> 6900.7422 | BF12: =IF(BE12<10000,10000-BE12,0) -> 3099.2578 | BG12: =BE12+BF12 -> 10000 | BI12: Forecast | BJ12: 45322 | BK12: ="Year " & TEXT(YEAR(BJ12) - 2023, "0") -> Year 1 | BL12: =_xlfn.IFS(BM12<90%,"Low",AND(BM12>=90%,BM12<=110%),"Medium", BM12>110%,"High") -> Medium | BM12: =VLOOKUP(TEXT(BJ12,"mmmm"),Seasonality_Table_Mediterranean,2,0) -> 1.1 | BN12: =INDEX(Baseline_Income_Projections,MATCH(BI$2,'Country Sales & Assumptions'!$G$13:$G$20,0),MATCH(Sales_Saudi_Arabia[[#This Row],[Year]],'Country Sales & Assumptions'!$G$13:$L$13,0))*BM12 -> 118238.99 | BO12: =+BN12*0.06 -> 7094.3397 | BP12: =IF(BO12<10000,10000-BO12,0) -> 2905.6603 | BQ12: =BO12+BP12 -> 10000
A13: Forecast | B13: 45351 | C13: ="Year " & TEXT(YEAR(B13) - 2023, "0") -> Year 1 | D13: =_xlfn.IFS(E13<90%,"Low",AND(E13>=90%,E13<=110%),"Medium", E13>110%,"High") -> Medium | E13: =VLOOKUP(TEXT(B13,"mmmm"),Seasonality_Table_Gulf,2,0) -> 1.1 | F13: =INDEX(Baseline_Income_Projections,MATCH("Saudi Arabia",'Country Sales & Assumptions'!$G$13:$G$20,0),MATCH(Sales_Saudi_Arabia[[#This Row],[Year]],'Country Sales & Assumptions'!$G$13:$L$13,0))*E13 -> 120161.58 | G13: =+F13*0.06 -> 7209.6948 | H13: =IF(G13<10000,10000-G13,0) -> 2790.3052 | I13: =G13+H13 -> 10000 | K13: Forecast | L13: 45351 | M13: ="Year " & TEXT(YEAR(L13) - 2023, "0") -> Year 1 | N13: =_xlfn.IFS(O13<90%,"Low",AND(O13>=90%,O13<=110%),"Medium", O13>110%,"High") -> Medium | O13: =VLOOKUP(TEXT(L13,"mmmm"),Seasonality_Table_Gulf,2,0) -> 1.1 | P13: =INDEX(Baseline_Income_Projections,MATCH(K$2,'Country Sales & Assumptions'!$G$13:$G$20,0),MATCH(Sales_Saudi_Arabia[[#This Row],[Year]],'Country Sales & Assumptions'!$G$13:$L$13,0))*O13 -> 151632.47 | Q13: =+P13*0.06 -> 9097.9482 | R13: =IF(Q13<10000,10000-Q13,0) -> 902.0518 | S13: =Q13+R13 -> 10000 | U13: Forecast | V13: 45351 | W13: ="Year " & TEXT(YEAR(V13) - 2023, "0") -> Year 1 | X13: =_xlfn.IFS(Y13<90%,"Low",AND(Y13>=90%,Y13<=110%),"Medium", Y13>110%,"High") -> Medium | Y13: =VLOOKUP(TEXT(V13,"mmmm"),Seasonality_Table_Gulf,2,0) -> 1.1 | Z13: =INDEX(Baseline_Income_Projections,MATCH(U$2,'Country Sales & Assumptions'!$G$13:$G$20,0),MATCH(Sales_Saudi_Arabia[[#This Row],[Year]],'Country Sales & Assumptions'!$G$13:$L$13,0))*Y13 -> 162218.13 | AA13: =+Z13*0.06 -> 9733.088 | AB13: =IF(AA13<10000,10000-AA13,0) -> 266.91202 | AC13: =AA13+AB13 -> 10000 | AE13: Forecast | AF13: 45351 | AG13: ="Year " & TEXT(YEAR(AF13) - 2023, "0") -> Year 1 | AH13: =_xlfn.IFS(AI13<90%,"Low",AND(AI13>=90%,AI13<=110%),"Medium", AI13>110%,"High") -> Medium | AI13: =VLOOKUP(TEXT(AF13,"mmmm"),Seasonality_Table_Gulf,2,0) -> 1.1 | AJ13: =INDEX(Baseline_Income_Projections,MATCH(AE$2,'Country Sales & Assumptions'!$G$13:$G$20,0),MATCH(Sales_Saudi_Arabia[[#This Row],[Year]],'Country Sales & Assumptions'!$G$13:$L$13,0))*AI13 -> 136583.66 | AK13: =+AJ13*0.06 -> 8195.0198 | AL13: =IF(AK13<10000,10000-AK13,0) -> 1804.9802 | AM13: =AK13+AL13 -> 10000 | AO13: Forecast | AP13: 45351 | AQ13: ="Year " & TEXT(YEAR(AP13) - 2023, "0") -> Year 1 | AR13: =_xlfn.IFS(AS13<90%,"Low",AND(AS13>=90%,AS13<=110%),"Medium", AS13>110%,"High") -> Medium | AS13: =VLOOKUP(TEXT(AP13,"mmmm"),Seasonality_Table_Mediterranean,2,0) -> 1 | AT13: =INDEX(Baseline_Income_Projections,MATCH(AO$2,'Country Sales & Assumptions'!$G$13:$G$20,0),MATCH(Sales_Saudi_Arabia[[#This Row],[Year]],'Country Sales & Assumptions'!$G$13:$L$13,0))*AS13 -> 115628.21 | AU13: =+AT13*0.06 -> 6937.6927 | AV13: =IF(AU13<10000,10000-AU13,0) -> 3062.3073 | AW13: =AU13+AV13 -> 10000 | AY13: Forecast | AZ13: 45351 | BA13: ="Year " & TEXT(YEAR(AZ13) - 2023, "0") -> Year 1 | BB13: =_xlfn.IFS(BC13<90%,"Low",AND(BC13>=90%,BC13<=110%),"Medium", BC13>110%,"High") -> Medium | BC13: =VLOOKUP(TEXT(AZ13,"mmmm"),Seasonality_Table_Mediterranean,2,0) -> 1 | BD13: =INDEX(Baseline_Income_Projections,MATCH(AY$2,'Country Sales & Assumptions'!$G$13:$G$20,0),MATCH(Sales_Saudi_Arabia[[#This Row],[Year]],'Country Sales & Assumptions'!$G$13:$L$13,0))*BC13 -> 104556.7 | BE13: =+BD13*0.06 -> 6273.402 | BF13: =IF(BE13<10000,10000-BE13,0) -> 3726.598 | BG13: =BE13+BF13 -> 10000 | BI13: Forecast | BJ13: 45351 | BK13: ="Year " & TEXT(YEAR(BJ13) - 2023, "0") -> Year 1 | BL13: =_xlfn.IFS(BM13<90%,"Low",AND(BM13>=90%,BM13<=110%),"Medium", BM13>110%,"High") -> Medium | BM13: =VLOOKUP(TEXT(BJ13,"mmmm"),Seasonality_Table_Mediterranean,2,0) -> 1 | BN13: =INDEX(Baseline_Income_Projections,MATCH(BI$2,'Country Sales & Assumptions'!$G$13:$G$20,0),MATCH(Sales_Saudi_Arabia[[#This Row],[Year]],'Country Sales & Assumptions'!$G$13:$L$13,0))*BM13 -> 107490 | BO13: =+BN13*0.06 -> 6449.3997 | BP13: =IF(BO13<10000,10000-BO13,0) -> 3550.6003 | BQ13: =BO13+BP13 -> 10000
A14: Forecast | B14: 45382 | C14: ="Year " & TEXT(YEAR(B14) - 2023, "0") -> Year 1 | D14: =_xlfn.IFS(E14<90%,"Low",AND(E14>=90%,E14<=110%),"Medium", E14>110%,"High") -> Medium | E14: =VLOOKUP(TEXT(B14,"mmmm"),Seasonality_Table_Gulf,2,0) -> 1.1 | F14: =INDEX(Baseline_Income_Projections,MATCH("Saudi Arabia",'Country Sales & Assumptions'!$G$13:$G$20,0),MATCH(Sales_Saudi_Arabia[[#This Row],[Year]],'Country Sales & Assumptions'!$G$13:$L$13,0))*E14 -> 120161.58 | G14: =+F14*0.06 -> 7209.6948 | H14: =IF(G14<10000,10000-G14,0) -> 2790.3052 | I14: =G14+H14 -> 10000 | K14: Forecast | L14: 45382 | M14: ="Year " & TEXT(YEAR(L14) - 2023, "0") -> Year 1 | N14: =_xlfn.IFS(O14<90%,"Low",AND(O14>=90%,O14<=110%),"Medium", O14>110%,"High") -> Medium | O14: =VLOOKUP(TEXT(L14,"mmmm"),Seasonality_Table_Gulf,2,0) -> 1.1 | P14: =INDEX(Baseline_Income_Projections,MATCH(K$2,'Country Sales & Assumptions'!$G$13:$G$20,0),MATCH(Sales_Saudi_Arabia[[#This Row],[Year]],'Country Sales & Assumptions'!$G$13:$L$13,0))*O14 -> 151632.47 | Q14: =+P14*0.06 -> 9097.9482 | R14: =IF(Q14<10000,10000-Q14,0) -> 902.0518 | S14: =Q14+R14 -> 10000 | U14: Forecast | V14: 45382 | W14: ="Year " & TEXT(YEAR(V14) - 2023, "0") -> Year 1 | X14: =_xlfn.IFS(Y14<90%,"Low",AND(Y14>=90%,Y14<=110%),"Medium", Y14>110%,"High") -> Medium | Y14: =VLOOKUP(TEXT(V14,"mmmm"),Seasonality_Table_Gulf,2,0) -> 1.1 | Z14: =INDEX(Baseline_Income_Projections,MATCH(U$2,'Country Sales & Assumptions'!$G$13:$G$20,0),MATCH(Sales_Saudi_Arabia[[#This Row],[Year]],'Country Sales & Assumptions'!$G$13:$L$13,0))*Y14 -> 162218.13 | AA14: =+Z14*0.06 -> 9733.088 | AB14: =IF(AA14<10000,10000-AA14,0) -> 266.91202 | AC14: =AA14+AB14 -> 10000 | AE14: Forecast | AF14: 45382 | AG14: ="Year " & TEXT(YEAR(AF14) - 2023, "0") -> Year 1 | AH14: =_xlfn.IFS(AI14<90%,"Low",AND(AI14>=90%,AI14<=110%),"Medium", AI14>110%,"High") -> Medium | AI14: =VLOOKUP(TEXT(AF14,"mmmm"),Seasonality_Table_Gulf,2,0) -> 1.1 | AJ14: =INDEX(Baseline_Income_Projections,MATCH(AE$2,'Country Sales & Assumptions'!$G$13:$G$20,0),MATCH(Sales_Saudi_Arabia[[#This Row],[Year]],'Country Sales & Assumptions'!$G$13:$L$13,0))*AI14 -> 136583.66 | AK14: =+AJ14*0.06 -> 8195.0198 | AL14: =IF(AK14<10000,10000-AK14,0) -> 1804.9802 | AM14: =AK14+AL14 -> 10000 | AO14: Forecast | AP14: 45382 | AQ14: ="Year " & TEXT(YEAR(AP14) - 2023, "0") -> Year 1 | AR14: =_xlfn.IFS(AS14<90%,"Low",AND(AS14>=90%,AS14<=110%),"Medium", AS14>110%,"High") -> Medium | AS14: =VLOOKUP(TEXT(AP14,"mmmm"),Seasonality_Table_Mediterranean,2,0) -> 1.1 | AT14: =INDEX(Baseline_Income_Projections,MATCH(AO$2,'Country Sales & Assumptions'!$G$13:$G$20,0),MATCH(Sales_Saudi_Arabia[[#This Row],[Year]],'Country Sales & Assumptions'!$G$13:$L$13,0))*AS14 -> 127191.03 | AU14: =+AT14*0.06 -> 7631.4619 | AV14: =IF(AU14<10000,10000-AU14,0) -> 2368.5381 | AW14: =AU14+AV14 -> 10000 | AY14: Forecast | AZ14: 45382 | BA14: ="Year " & TEXT(YEAR(AZ14) - 2023, "0") -> Year 1 | BB14: =_xlfn.IFS(BC14<90%,"Low",AND(BC14>=90%,BC14<=110%),"Medium", BC14>110%,"High") -> Medium | BC14: =VLOOKUP(TEXT(AZ14,"mmmm"),Seasonality_Table_Mediterranean,2,0) -> 1.1 | BD14: =INDEX(Baseline_Income_Projections,MATCH(AY$2,'Country Sales & Assumptions'!$G$13:$G$20,0),MATCH(Sales_Saudi_Arabia[[#This Row],[Year]],'Country Sales & Assumptions'!$G$13:$L$13,0))*BC14 -> 115012.37 | BE14: =+BD14*0.06 -> 6900.7422 | BF14: =IF(BE14<10000,10000-BE14,0) -> 3099.2578 | BG14: =BE14+BF14 -> 10000 | BI14: Forecast | BJ14: 45382 | BK14: ="Year " & TEXT(YEAR(BJ14) - 2023, "0") -> Year 1 | BL14: =_xlfn.IFS(BM14<90%,"Low",AND(BM14>=90%,BM14<=110%),"Medium", BM14>110%,"High") -> Medium | BM14: =VLOOKUP(TEXT(BJ14,"mmmm"),Seasonality_Table_Mediterranean,2,0) -> 1.1 | BN14: =INDEX(Baseline_Income_Projections,MATCH(BI$2,'Country Sales & Assumptions'!$G$13:$G$20,0),MATCH(Sales_Saudi_Arabia[[#This Row],[Year]],'Country Sales & Assumptions'!$G$13:$L$13,0))*BM14 -> 118238.99 | BO14: =+BN14*0.06 -> 7094.3397 | BP14: =IF(BO14<10000,10000-BO14,0) -> 2905.6603 | BQ14: =BO14+BP14 -> 10000
A15: Forecast | B15: 45412 | C15: ="Year " & TEXT(YEAR(B15) - 2023, "0") -> Year 1 | D15: =_xlfn.IFS(E15<90%,"Low",AND(E15>=90%,E15<=110%),"Medium", E15>110%,"High") -> Medium | E15: =VLOOKUP(TEXT(B15,"mmmm"),Seasonality_Table_Gulf,2,0) -> 0.9 | F15: =INDEX(Baseline_Income_Projections,MATCH("Saudi Arabia",'Country Sales & Assumptions'!$G$13:$G$20,0),MATCH(Sales_Saudi_Arabia[[#This Row],[Year]],'Country Sales & Assumptions'!$G$13:$L$13,0))*E15 -> 98314.02 | G15: =+F15*0.06 -> 5898.8412 | H15: =IF(G15<10000,10000-G15,0) -> 4101.1588 | I15: =G15+H15 -> 10000 | K15: Forecast | L15: 45412 | M15: ="Year " & TEXT(YEAR(L15) - 2023, "0") -> Year 1 | N15: =_xlfn.IFS(O15<90%,"Low",AND(O15>=90%,O15<=110%),"Medium", O15>110%,"High") -> Medium | O15: =VLOOKUP(TEXT(L15,"mmmm"),Seasonality_Table_Gulf,2,0) -> 0.9 | P15: =INDEX(Baseline_Income_Projections,MATCH(K$2,'Country Sales & Assumptions'!$G$13:$G$20,0),MATCH(Sales_Saudi_Arabia[[#This Row],[Year]],'Country Sales & Assumptions'!$G$13:$L$13,0))*O15 -> 124062.93 | Q15: =+P15*0.06 -> 7443.7758 | R15: =IF(Q15<10000,10000-Q15,0) -> 2556.2242 | S15: =Q15+R15 -> 10000 | U15: Forecast | V15: 45412 | W15: ="Year " & TEXT(YEAR(V15) - 2023, "0") -> Year 1 | X15: =_xlfn.IFS(Y15<90%,"Low",AND(Y15>=90%,Y15<=110%),"Medium", Y15>110%,"High") -> Medium | Y15: =VLOOKUP(TEXT(V15,"mmmm"),Seasonality_Table_Gulf,2,0) -> 0.9 | Z15: =INDEX(Baseline_Income_Projections,MATCH(U$2,'Country Sales & Assumptions'!$G$13:$G$20,0),MATCH(Sales_Saudi_Arabia[[#This Row],[Year]],'Country Sales & Assumptions'!$G$13:$L$13,0))*Y15 -> 132723.93 | AA15: =+Z15*0.06 -> 7963.4356 | AB15: =IF(AA15<10000,10000-AA15,0) -> 2036.5644 | AC15: =AA15+AB15 -> 10000 | AE15: Forecast | AF15: 45412 | AG15: ="Year " & TEXT(YEAR(AF15) - 2023, "0") -> Year 1 | AH15: =_xlfn.IFS(AI15<90%,"Low",AND(AI15>=90%,AI15<=110%),"Medium", AI15>110%,"High") -> Medium | AI15: =VLOOKUP(TEXT(AF15,"mmmm"),Seasonality_Table_Gulf,2,0) -> 0.9 | AJ15: =INDEX(Baseline_Income_Projections,MATCH(AE$2,'Country Sales & Assumptions'!$G$13:$G$20,0),MATCH(Sales_Saudi_Arabia[[#This Row],[Year]],'Country Sales & Assumptions'!$G$13:$L$13,0))*AI15 -> 111750.27 | AK15: =+AJ15*0.06 -> 6705.0162 | AL15: =IF(AK15<10000,10000-AK15,0) -> 3294.9838 | AM15: =AK15+AL15 -> 10000 | AO15: Forecast | AP15: 45412 | AQ15: ="Year " & TEXT(YEAR(AP15) - 2023, "0") -> Year 1 | AR15: =_xlfn.IFS(AS15<90%,"Low",AND(AS15>=90%,AS15<=110%),"Medium", AS15>110%,"High") -> High | AS15: =VLOOKUP(TEXT(AP15,"mmmm"),Seasonality_Table_Mediterranean,2,0) -> 1.2 | AT15: =INDEX(Baseline_Income_Projections,MATCH(AO$2,'Country Sales & Assumptions'!$G$13:$G$20,0),MATCH(Sales_Saudi_Arabia[[#This Row],[Year]],'Country Sales & Assumptions'!$G$13:$L$13,0))*AS15 -> 138753.85 | AU15: =+AT15*0.06 -> 8325.2312 | AV15: =IF(AU15<10000,10000-AU15,0) -> 1674.7688 | AW15: =AU15+AV15 -> 10000 | AY15: Forecast | AZ15: 45412 | BA15: ="Year " & TEXT(YEAR(AZ15) - 2023, "0") -> Year 1 | BB15: =_xlfn.IFS(BC15<90%,"Low",AND(BC15>=90%,BC15<=110%),"Medium", BC15>110%,"High") -> High | BC15: =VLOOKUP(TEXT(AZ15,"mmmm"),Seasonality_Table_Mediterranean,2,0) -> 1.2 | BD15: =INDEX(Baseline_Income_Projections,MATCH(AY$2,'Country Sales & Assumptions'!$G$13:$G$20,0),MATCH(Sales_Saudi_Arabia[[#This Row],[Year]],'Country Sales & Assumptions'!$G$13:$L$13,0))*BC15 -> 125468.04 | BE15: =+BD15*0.06 -> 7528.0824 | BF15: =IF(BE15<10000,10000-BE15,0) -> 2471.9176 | BG15: =BE15+BF15 -> 10000 | BI15: Forecast | BJ15: 45412 | BK15: ="Year " & TEXT(YEAR(BJ15) - 2023, "0") -> Year 1 | BL15: =_xlfn.IFS(BM15<90%,"Low",AND(BM15>=90%,BM15<=110%),"Medium", BM15>110%,"High") -> High | BM15: =VLOOKUP(TEXT(BJ15,"mmmm"),Seasonality_Table_Mediterranean,2,0) -> 1.2 | BN15: =INDEX(Baseline_Income_Projections,MATCH(BI$2,'Country Sales & Assumptions'!$G$13:$G$20,0),MATCH(Sales_Saudi_Arabia[[#This Row],[Year]],'Country Sales & Assumptions'!$G$13:$L$13,0))*BM15 -> 128987.99 | BO15: =+BN15*0.06 -> 7739.2797 | BP15: =IF(BO15<10000,10000-BO15,0) -> 2260.7203 | BQ15: =BO15+BP15 -> 10000
A16: Forecast | B16: 45443 | C16: ="Year " & TEXT(YEAR(B16) - 2023, "0") -> Year 1 | D16: =_xlfn.IFS(E16<90%,"Low",AND(E16>=90%,E16<=110%),"Medium", E16>110%,"High") -> Low | E16: =VLOOKUP(TEXT(B16,"mmmm"),Seasonality_Table_Gulf,2,0) -> 0.8 | F16: =INDEX(Baseline_Income_Projections,MATCH("Saudi Arabia",'Country Sales & Assumptions'!$G$13:$G$20,0),MATCH(Sales_Saudi_Arabia[[#This Row],[Year]],'Country Sales & Assumptions'!$G$13:$L$13,0))*E16 -> 87390.24 | G16: =+F16*0.06 -> 5243.4144 | H16: =IF(G16<10000,10000-G16,0) -> 4756.5856 | I16: =G16+H16 -> 10000 | K16: Forecast | L16: 45443 | M16: ="Year " & TEXT(YEAR(L16) - 2023, "0") -> Year 1 | N16: =_xlfn.IFS(O16<90%,"Low",AND(O16>=90%,O16<=110%),"Medium", O16>110%,"High") -> Low | O16: =VLOOKUP(TEXT(L16,"mmmm"),Seasonality_Table_Gulf,2,0) -> 0.8 | P16: =INDEX(Baseline_Income_Projections,MATCH(K$2,'Country Sales & Assumptions'!$G$13:$G$20,0),MATCH(Sales_Saudi_Arabia[[#This Row],[Year]],'Country Sales & Assumptions'!$G$13:$L$13,0))*O16 -> 110278.16 | Q16: =+P16*0.06 -> 6616.6896 | R16: =IF(Q16<10000,10000-Q16,0) -> 3383.3104 | S16: =Q16+R16 -> 10000 | U16: Forecast | V16: 45443 | W16: ="Year " & TEXT(YEAR(V16) - 2023, "0") -> Year 1 | X16: =_xlfn.IFS(Y16<90%,"Low",AND(Y16>=90%,Y16<=110%),"Medium", Y16>110%,"High") -> Low | Y16: =VLOOKUP(TEXT(V16,"mmmm"),Seasonality_Table_Gulf,2,0) -> 0.8 | Z16: =INDEX(Baseline_Income_Projections,MATCH(U$2,'Country Sales & Assumptions'!$G$13:$G$20,0),MATCH(Sales_Saudi_Arabia[[#This Row],[Year]],'Country Sales & Assumptions'!$G$13:$L$13,0))*Y16 -> 117976.82 | AA16: =+Z16*0.06 -> 7078.6094 | AB16: =IF(AA16<10000,10000-AA16,0) -> 2921.3906 | AC16: =AA16+AB16 -> 10000 | AE16: Forecast | AF16: 45443 | AG16: ="Year " & TEXT(YEAR(AF16) - 2023, "0") -> Year 1 | AH16: =_xlfn.IFS(AI16<90%,"Low",AND(AI16>=90%,AI16<=110%),"Medium", AI16>110%,"High") -> Low | AI16: =VLOOKUP(TEXT(AF16,"mmmm"),Seasonality_Table_Gulf,2,0) -> 0.8 | AJ16: =INDEX(Baseline_Income_Projections,MATCH(AE$2,'Country Sales & Assumptions'!$G$13:$G$20,0),MATCH(Sales_Saudi_Arabia[[#This Row],[Year]],'Country Sales & Assumptions'!$G$13:$L$13,0))*AI16 -> 99333.573 | AK16: =+AJ16*0.06 -> 5960.0144 | AL16: =IF(AK16<10000,10000-AK16,0) -> 4039.9856 | AM16: =AK16+AL16 -> 10000 | AO16: Forecast | AP16: 45443 | AQ16: ="Year " & TEXT(YEAR(AP16) - 2023, "0") -> Year 1 | AR16: =_xlfn.IFS(AS16<90%,"Low",AND(AS16>=90%,AS16<=110%),"Medium", AS16>110%,"High") -> Medium | AS16: =VLOOKUP(TEXT(AP16,"mmmm"),Seasonality_Table_Mediterranean,2,0) -> 1.1 | AT16: =INDEX(Baseline_Income_Projections,MATCH(AO$2,'Country Sales & Assumptions'!$G$13:$G$20,0),MATCH(Sales_Saudi_Arabia[[#This Row],[Year]],'Country Sales & Assumptions'!$G$13:$L$13,0))*AS16 -> 127191.03 | AU16: =+AT16*0.06 -> 7631.4619 | AV16: =IF(AU16<10000,10000-AU16,0) -> 2368.5381 | AW16: =AU16+AV16 -> 10000 | AY16: Forecast | AZ16: 45443 | BA16: ="Year " & TEXT(YEAR(AZ16) - 2023, "0") -> Year 1 | BB16: =_xlfn.IFS(BC16<90%,"Low",AND(BC16>=90%,BC16<=110%),"Medium", BC16>110%,"High") -> Medium | BC16: =VLOOKUP(TEXT(AZ16,"mmmm"),Seasonality_Table_Mediterranean,2,0) -> 1.1 | BD16: =INDEX(Baseline_Income_Projections,MATCH(AY$2,'Country Sales & Assumptions'!$G$13:$G$20,0),MATCH(Sales_Saudi_Arabia[[#This Row],[Year]],'Country Sales & Assumptions'!$G$13:$L$13,0))*BC16 -> 115012.37 | BE16: =+BD16*0.06 -> 6900.7422 | BF16: =IF(BE16<10000,10000-BE16,0) -> 3099.2578 | BG16: =BE16+BF16 -> 10000 | BI16: Forecast | BJ16: 45443 | BK16: ="Year " & TEXT(YEAR(BJ16) - 2023, "0") -> Year 1 | BL16: =_xlfn.IFS(BM16<90%,"Low",AND(BM16>=90%,BM16<=110%),"Medium", BM16>110%,"High") -> Medium | BM16: =VLOOKUP(TEXT(BJ16,"mmmm"),Seasonality_Table_Mediterranean,2,0) -> 1.1 | BN16: =INDEX(Baseline_Income_Projections,MATCH(BI$2,'Country Sales & Assumptions'!$G$13:$G$20,0),MATCH(Sales_Saudi_Arabia[[#This Row],[Year]],'Country Sales & Assumptions'!$G$13:$L$13,0))*BM16 -> 118238.99 | BO16: =+BN16*0.06 -> 7094.3397 | BP16: =IF(BO16<10000,10000-BO16,0) -> 2905.6603 | BQ16: =BO16+BP16 -> 10000
A17: Forecast | B17: 45473 | C17: ="Year " & TEXT(YEAR(B17) - 2023, "0") -> Year 1 | D17: =_xlfn.IFS(E17<90%,"Low",AND(E17>=90%,E17<=110%),"Medium", E17>110%,"High") -> Low | E17: =VLOOKUP(TEXT(B17,"mmmm"),Seasonality_Table_Gulf,2,0) -> 0.75 | F17: =INDEX(Baseline_Income_Projections,MATCH("Saudi Arabia",'Country Sales & Assumptions'!$G$13:$G$20,0),MATCH(Sales_Saudi_Arabia[[#This Row],[Year]],'Country Sales & Assumptions'!$G$13:$L$13,0))*E17 -> 81928.35 | G17: =+F17*0.06 -> 4915.701 | H17: =IF(G17<10000,10000-G17,0) -> 5084.299 | I17: =G17+H17 -> 10000 | K17: Forecast | L17: 45473 | M17: ="Year " & TEXT(YEAR(L17) - 2023, "0") -> Year 1 | N17: =_xlfn.IFS(O17<90%,"Low",AND(O17>=90%,O17<=110%),"Medium", O17>110%,"High") -> Low | O17: =VLOOKUP(TEXT(L17,"mmmm"),Seasonality_Table_Gulf,2,0) -> 0.75 | P17: =INDEX(Baseline_Income_Projections,MATCH(K$2,'Country Sales & Assumptions'!$G$13:$G$20,0),MATCH(Sales_Saudi_Arabia[[#This Row],[Year]],'Country Sales & Assumptions'!$G$13:$L$13,0))*O17 -> 103385.77 | Q17: =+P17*0.06 -> 6203.1465 | R17: =IF(Q17<10000,10000-Q17,0) -> 3796.8535 | S17: =Q17+R17 -> 10000 | U17: Forecast | V17: 45473 | W17: ="Year " & TEXT(YEAR(V17) - 2023, "0") -> Year 1 | X17: =_xlfn.IFS(Y17<90%,"Low",AND(Y17>=90%,Y17<=110%),"Medium", Y17>110%,"High") -> Low | Y17: =VLOOKUP(TEXT(V17,"mmmm"),Seasonality_Table_Gulf,2,0) -> 0.75 | Z17: =INDEX(Baseline_Income_Projections,MATCH(U$2,'Country Sales & Assumptions'!$G$13:$G$20,0),MATCH(Sales_Saudi_Arabia[[#This Row],[Year]],'Country Sales & Assumptions'!$G$13:$L$13,0))*Y17 -> 110603.27 | AA17: =+Z17*0.06 -> 6636.1964 | AB17: =IF(AA17<10000,10000-AA17,0) -> 3363.8036 | AC17: =AA17+AB17 -> 10000 | AE17: Forecast | AF17: 45473 | AG17: ="Year " & TEXT(YEAR(AF17) - 2023, "0") -> Year 1 | AH17: =_xlfn.IFS(AI17<90%,"Low",AND(AI17>=90%,AI17<=110%),"Medium", AI17>110%,"High") -> Low | AI17: =VLOOKUP(TEXT(AF17,"mmmm"),Seasonality_Table_Gulf,2,0) -> 0.75 | AJ17: =INDEX(Baseline_Income_Projections,MATCH(AE$2,'Country Sales & Assumptions'!$G$13:$G$20,0),MATCH(Sales_Saudi_Arabia[[#This Row],[Year]],'Country Sales & Assumptions'!$G$13:$L$13,0))*AI17 -> 93125.224 | AK17: =+AJ17*0.06 -> 5587.5135 | AL17: =IF(AK17<10000,10000-AK17,0) -> 4412.4865 | AM17: =AK17+AL17 -> 10000 | AO17: Forecast | AP17: 45473 | AQ17: ="Year " & TEXT(YEAR(AP17) - 2023, "0") -> Year 1 | AR17: =_xlfn.IFS(AS17<90%,"Low",AND(AS17>=90%,AS17<=110%),"Medium", AS17>110%,"High") -> Medium | AS17: =VLOOKUP(TEXT(AP17,"mmmm"),Seasonality_Table_Mediterranean,2,0) -> 1 | AT17: =INDEX(Baseline_Income_Projections,MATCH(AO$2,'Country Sales & Assumptions'!$G$13:$G$20,0),MATCH(Sales_Saudi_Arabia[[#This Row],[Year]],'Country Sales & Assumptions'!$G$13:$L$13,0))*AS17 -> 115628.21 | AU17: =+AT17*0.06 -> 6937.6927 | AV17: =IF(AU17<10000,10000-AU17,0) -> 3062.3073 | AW17: =AU17+AV17 -> 10000 | AY17: Forecast | AZ17: 45473 | BA17: ="Year " & TEXT(YEAR(AZ17) - 2023, "0") -> Year 1 | BB17: =_xlfn.IFS(BC17<90%,"Low",AND(BC17>=90%,BC17<=110%),"Medium", BC17>110%,"High") -> Medium | BC17: =VLOOKUP(TEXT(AZ17,"mmmm"),Seasonality_Table_Mediterranean,2,0) -> 1 | BD17: =INDEX(Baseline_Income_Projections,MATCH(AY$2,'Country Sales & Assumptions'!$G$13:$G$20,0),MATCH(Sales_Saudi_Arabia[[#This Row],[Year]],'Country Sales & Assumptions'!$G$13:$L$13,0))*BC17 -> 104556.7 | BE17: =+BD17*0.06 -> 6273.402 | BF17: =IF(BE17<10000,10000-BE17,0) -> 3726.598 | BG17: =BE17+BF17 -> 10000 | BI17: Forecast | BJ17: 45473 | BK17: ="Year " & TEXT(YEAR(BJ17) - 2023, "0") -> Year 1 | BL17: =_xlfn.IFS(BM17<90%,"Low",AND(BM17>=90%,BM17<=110%),"Medium", BM17>110%,"High") -> Medium | BM17: =VLOOKUP(TEXT(BJ17,"mmmm"),Seasonality_Table_Mediterranean,2,0) -> 1 | BN17: =INDEX(Baseline_Income_Projections,MATCH(BI$2,'Country Sales & Assumptions'!$G$13:$G$20,0),MATCH(Sales_Saudi_Arabia[[#This Row],[Year]],'Country Sales & Assumptions'!$G$13:$L$13,0))*BM17 -> 107490 | BO17: =+BN17*0.06 -> 6449.3997 | BP17: =IF(BO17<10000,10000-BO17,0) -> 3550.6003 | BQ17: =BO17+BP17 -> 10000
A18: Forecast | B18: 45504 | C18: ="Year " & TEXT(YEAR(B18) - 2023, "0") -> Year 1 | D18: =_xlfn.IFS(E18<90%,"Low",AND(E18>=90%,E18<=110%),"Medium", E18>110%,"High") -> Low | E18: =VLOOKUP(TEXT(B18,"mmmm"),Seasonality_Table_Gulf,2,0) -> 0.7 | F18: =INDEX(Baseline_Income_Projections,MATCH("Saudi Arabia",'Country Sales & Assumptions'!$G$13:$G$20,0),MATCH(Sales_Saudi_Arabia[[#This Row],[Year]],'Country Sales & Assumptions'!$G$13:$L$13,0))*E18 -> 76466.46 | G18: =+F18*0.06 -> 4587.9876 | H18: =IF(G18<10000,10000-G18,0) -> 5412.0124 | I18: =G18+H18 -> 10000 | K18: Forecast | L18: 45504 | M18: ="Year " & TEXT(YEAR(L18) - 2023, "0") -> Year 1 | N18: =_xlfn.IFS(O18<90%,"Low",AND(O18>=90%,O18<=110%),"Medium", O18>110%,"High") -> Low | O18: =VLOOKUP(TEXT(L18,"mmmm"),Seasonality_Table_Gulf,2,0) -> 0.7 | P18: =INDEX(Baseline_Income_Projections,MATCH(K$2,'Country Sales & Assumptions'!$G$13:$G$20,0),MATCH(Sales_Saudi_Arabia[[#This Row],[Year]],'Country Sales & Assumptions'!$G$13:$L$13,0))*O18 -> 96493.39 | Q18: =+P18*0.06 -> 5789.6034 | R18: =IF(Q18<10000,10000-Q18,0) -> 4210.3966 | S18: =Q18+R18 -> 10000 | U18: Forecast | V18: 45504 | W18: ="Year " & TEXT(YEAR(V18) - 2023, "0") -> Year 1 | X18: =_xlfn.IFS(Y18<90%,"Low",AND(Y18>=90%,Y18<=110%),"Medium", Y18>110%,"High") -> Low | Y18: =VLOOKUP(TEXT(V18,"mmmm"),Seasonality_Table_Gulf,2,0) -> 0.7 | Z18: =INDEX(Baseline_Income_Projections,MATCH(U$2,'Country Sales & Assumptions'!$G$13:$G$20,0),MATCH(Sales_Saudi_Arabia[[#This Row],[Year]],'Country Sales & Assumptions'!$G$13:$L$13,0))*Y18 -> 103229.72 | AA18: =+Z18*0.06 -> 6193.7833 | AB18: =IF(AA18<10000,10000-AA18,0) -> 3806.2167 | AC18: =AA18+AB18 -> 10000 | AE18: Forecast | AF18: 45504 | AG18: ="Year " & TEXT(YEAR(AF18) - 2023, "0") -> Year 1 | AH18: =_xlfn.IFS(AI18<90%,"Low",AND(AI18>=90%,AI18<=110%),"Medium", AI18>110%,"High") -> Low | AI18: =VLOOKUP(TEXT(AF18,"mmmm"),Seasonality_Table_Gulf,2,0) -> 0.7 | AJ18: =INDEX(Baseline_Income_Projections,MATCH(AE$2,'Country Sales & Assumptions'!$G$13:$G$20,0),MATCH(Sales_Saudi_Arabia[[#This Row],[Year]],'Country Sales & Assumptions'!$G$13:$L$13,0))*AI18 -> 86916.876 | AK18: =+AJ18*0.06 -> 5215.0126 | AL18: =IF(AK18<10000,10000-AK18,0) -> 4784.9874 | AM18: =AK18+AL18 -> 10000 | AO18: Forecast | AP18: 45504 | AQ18: ="Year " & TEXT(YEAR(AP18) - 2023, "0") -> Year 1 | AR18: =_xlfn.IFS(AS18<90%,"Low",AND(AS18>=90%,AS18<=110%),"Medium", AS18>110%,"High") -> Medium | AS18: =VLOOKUP(TEXT(AP18,"mmmm"),Seasonality_Table_Mediterranean,2,0) -> 0.9 | AT18: =INDEX(Baseline_Income_Projections,MATCH(AO$2,'Country Sales & Assumptions'!$G$13:$G$20,0),MATCH(Sales_Saudi_Arabia[[#This Row],[Year]],'Country Sales & Assumptions'!$G$13:$L$13,0))*AS18 -> 104065.39 | AU18: =+AT18*0.06 -> 6243.9234 | AV18: =IF(AU18<10000,10000-AU18,0) -> 3756.0766 | AW18: =AU18+AV18 -> 10000 | AY18: Forecast | AZ18: 45504 | BA18: ="Year " & TEXT(YEAR(AZ18) - 2023, "0") -> Year 1 | BB18: =_xlfn.IFS(BC18<90%,"Low",AND(BC18>=90%,BC18<=110%),"Medium", BC18>110%,"High") -> Medium | BC18: =VLOOKUP(TEXT(AZ18,"mmmm"),Seasonality_Table_Mediterranean,2,0) -> 0.9 | BD18: =INDEX(Baseline_Income_Projections,MATCH(AY$2,'Country Sales & Assumptions'!$G$13:$G$20,0),MATCH(Sales_Saudi_Arabia[[#This Row],[Year]],'Country Sales & Assumptions'!$G$13:$L$13,0))*BC18 -> 94101.03 | BE18: =+BD18*0.06 -> 5646.0618 | BF18: =IF(BE18<10000,10000-BE18,0) -> 4353.9382 | BG18: =BE18+BF18 -> 10000 | BI18: Forecast | BJ18: 45504 | BK18: ="Year " & TEXT(YEAR(BJ18) - 2023, "0") -> Year 1 | BL18: =_xlfn.IFS(BM18<90%,"Low",AND(BM18>=90%,BM18<=110%),"Medium", BM18>110%,"High") -> Medium | BM18: =VLOOKUP(TEXT(BJ18,"mmmm"),Seasonality_Table_Mediterranean,2,0) -> 0.9 | BN18: =INDEX(Baseline_Income_Projections,MATCH(BI$2,'Country Sales & Assumptions'!$G$13:$G$20,0),MATCH(Sales_Saudi_Arabia[[#This Row],[Year]],'Country Sales & Assumptions'!$G$13:$L$13,0))*BM18 -> 96740.996 | BO18: =+BN18*0.06 -> 5804.4597 | BP18: =IF(BO18<10000,10000-BO18,0) -> 4195.5403 | BQ18: =BO18+BP18 -> 10000
A19: Forecast | B19: 45535 | C19: ="Year " & TEXT(YEAR(B19) - 2023, "0") -> Year 1 | D19: =_xlfn.IFS(E19<90%,"Low",AND(E19>=90%,E19<=110%),"Medium", E19>110%,"High") -> Low | E19: =VLOOKUP(TEXT(B19,"mmmm"),Seasonality_Table_Gulf,2,0) -> 0.75 | F19: =INDEX(Baseline_Income_Projections,MATCH("Saudi Arabia",'Country Sales & Assumptions'!$G$13:$G$20,0),MATCH(Sales_Saudi_Arabia[[#This Row],[Year]],'Country Sales & Assumptions'!$G$13:$L$13,0))*E19 -> 81928.35 | G19: =+F19*0.06 -> 4915.701 | H19: =IF(G19<10000,10000-G19,0) -> 5084.299 | I19: =G19+H19 -> 10000 | K19: Forecast | L19: 45535 | M19: ="Year " & TEXT(YEAR(L19) - 2023, "0") -> Year 1 | N19: =_xlfn.IFS(O19<90%,"Low",AND(O19>=90%,O19<=110%),"Medium", O19>110%,"High") -> Low | O19: =VLOOKUP(TEXT(L19,"mmmm"),Seasonality_Table_Gulf,2,0) -> 0.75 | P19: =INDEX(Baseline_Income_Projections,MATCH(K$2,'Country Sales & Assumptions'!$G$13:$G$20,0),MATCH(Sales_Saudi_Arabia[[#This Row],[Year]],'Country Sales & Assumptions'!$G$13:$L$13,0))*O19 -> 103385.77 | Q19: =+P19*0.06 -> 6203.1465 | R19: =IF(Q19<10000,10000-Q19,0) -> 3796.8535 | S19: =Q19+R19 -> 10000 | U19: Forecast | V19: 45535 | W19: ="Year " & TEXT(YEAR(V19) - 2023, "0") -> Year 1 | X19: =_xlfn.IFS(Y19<90%,"Low",AND(Y19>=90%,Y19<=110%),"Medium", Y19>110%,"High") -> Low | Y19: =VLOOKUP(TEXT(V19,"mmmm"),Seasonality_Table_Gulf,2,0) -> 0.75 | Z19: =INDEX(Baseline_Income_Projections,MATCH(U$2,'Country Sales & Assumptions'!$G$13:$G$20,0),MATCH(Sales_Saudi_Arabia[[#This Row],[Year]],'Country Sales & Assumptions'!$G$13:$L$13,0))*Y19 -> 110603.27 | AA19: =+Z19*0.06 -> 6636.1964 | AB19: =IF(AA19<10000,10000-AA19,0) -> 3363.8036 | AC19: =AA19+AB19 -> 10000 | AE19: Forecast | AF19: 45535 | AG19: ="Year " & TEXT(YEAR(AF19) - 2023, "0") -> Year 1 | AH19: =_xlfn.IFS(AI19<90%,"Low",AND(AI19>=90%,AI19<=110%),"Medium", AI19>110%,"High") -> Low | AI19: =VLOOKUP(TEXT(AF19,"mmmm"),Seasonality_Table_Gulf,2,0) -> 0.75 | AJ19: =INDEX(Baseline_Income_Projections,MATCH(AE$2,'Country Sales & Assumptions'!$G$13:$G$20,0),MATCH(Sales_Saudi_Arabia[[#This Row],[Year]],'Country Sales & Assumptions'!$G$13:$L$13,0))*AI19 -> 93125.224 | AK19: =+AJ19*0.06 -> 5587.5135 | AL19: =IF(AK19<10000,10000-AK19,0) -> 4412.4865 | AM19: =AK19+AL19 -> 10000 | AO19: Forecast | AP19: 45535 | AQ19: ="Year " & TEXT(YEAR(AP19) - 2023, "0") -> Year 1 | AR19: =_xlfn.IFS(AS19<90%,"Low",AND(AS19>=90%,AS19<=110%),"Medium", AS19>110%,"High") -> Medium | AS19: =VLOOKUP(TEXT(AP19,"mmmm"),Seasonality_Table_Mediterranean,2,0) -> 0.9 | AT19: =INDEX(Baseline_Income_Projections,MATCH(AO$2,'Country Sales & Assumptions'!$G$13:$G$20,0),MATCH(Sales_Saudi_Arabia[[#This Row],[Year]],'Country Sales & Assumptions'!$G$13:$L$13,0))*AS19 -> 104065.39 | AU19: =+AT19*0.06 -> 6243.9234 | AV19: =IF(AU19<10000,10000-AU19,0) -> 3756.0766 | AW19: =AU19+AV19 -> 10000 | AY19: Forecast | AZ19: 45535 | BA19: ="Year " & TEXT(YEAR(AZ19) - 2023, "0") -> Year 1 | BB19: =_xlfn.IFS(BC19<90%,"Low",AND(BC19>=90%,BC19<=110%),"Medium", BC19>110%,"High") -> Medium | BC19: =VLOOKUP(TEXT(AZ19,"mmmm"),Seasonality_Table_Mediterranean,2,0) -> 0.9 | BD19: =INDEX(Baseline_Income_Projections,MATCH(AY$2,'Country Sales & Assumptions'!$G$13:$G$20,0),MATCH(Sales_Saudi_Arabia[[#This Row],[Year]],'Country Sales & Assumptions'!$G$13:$L$13,0))*BC19 -> 94101.03 | BE19: =+BD19*0.06 -> 5646.0618 | BF19: =IF(BE19<10000,10000-BE19,0) -> 4353.9382 | BG19: =BE19+BF19 -> 10000 | BI19: Forecast | BJ19: 45535 | BK19: ="Year " & TEXT(YEAR(BJ19) - 2023, "0") -> Year 1 | BL19: =_xlfn.IFS(BM19<90%,"Low",AND(BM19>=90%,BM19<=110%),"Medium", BM19>110%,"High") -> Medium | BM19: =VLOOKUP(TEXT(BJ19,"mmmm"),Seasonality_Table_Mediterranean,2,0) -> 0.9 | BN19: =INDEX(Baseline_Income_Projections,MATCH(BI$2,'Country Sales & Assumptions'!$G$13:$G$20,0),MATCH(Sales_Saudi_Arabia[[#This Row],[Year]],'Country Sales & Assumptions'!$G$13:$L$13,0))*BM19 -> 96740.996 | BO19: =+BN19*0.06 -> 5804.4597 | BP19: =IF(BO19<10000,10000-BO19,0) -> 4195.5403 | BQ19: =BO19+BP19 -> 10000
A20: Forecast | B20: 45565 | C20: ="Year " & TEXT(YEAR(B20) - 2023, "0") -> Year 1 | D20: =_xlfn.IFS(E20<90%,"Low",AND(E20>=90%,E20<=110%),"Medium", E20>110%,"High") -> Medium | E20: =VLOOKUP(TEXT(B20,"mmmm"),Seasonality_Table_Gulf,2,0) -> 1 | F20: =INDEX(Baseline_Income_Projections,MATCH("Saudi Arabia",'Country Sales & Assumptions'!$G$13:$G$20,0),MATCH(Sales_Saudi_Arabia[[#This Row],[Year]],'Country Sales & Assumptions'!$G$13:$L$13,0))*E20 -> 109237.8 | G20: =+F20*0.06 -> 6554.268 | H20: =IF(G20<10000,10000-G20,0) -> 3445.732 | I20: =G20+H20 -> 10000 | K20: Forecast | L20: 45565 | M20: ="Year " & TEXT(YEAR(L20) - 2023, "0") -> Year 1 | N20: =_xlfn.IFS(O20<90%,"Low",AND(O20>=90%,O20<=110%),"Medium", O20>110%,"High") -> Medium | O20: =VLOOKUP(TEXT(L20,"mmmm"),Seasonality_Table_Gulf,2,0) -> 1 | P20: =INDEX(Baseline_Income_Projections,MATCH(K$2,'Country Sales & Assumptions'!$G$13:$G$20,0),MATCH(Sales_Saudi_Arabia[[#This Row],[Year]],'Country Sales & Assumptions'!$G$13:$L$13,0))*O20 -> 137847.7 | Q20: =+P20*0.06 -> 8270.862 | R20: =IF(Q20<10000,10000-Q20,0) -> 1729.138 | S20: =Q20+R20 -> 10000 | U20: Forecast | V20: 45565 | W20: ="Year " & TEXT(YEAR(V20) - 2023, "0") -> Year 1 | X20: =_xlfn.IFS(Y20<90%,"Low",AND(Y20>=90%,Y20<=110%),"Medium", Y20>110%,"High") -> Medium | Y20: =VLOOKUP(TEXT(V20,"mmmm"),Seasonality_Table_Gulf,2,0) -> 1 | Z20: =INDEX(Baseline_Income_Projections,MATCH(U$2,'Country Sales & Assumptions'!$G$13:$G$20,0),MATCH(Sales_Saudi_Arabia[[#This Row],[Year]],'Country Sales & Assumptions'!$G$13:$L$13,0))*Y20 -> 147471.03 | AA20: =+Z20*0.06 -> 8848.2618 | AB20: =IF(AA20<10000,10000-AA20,0) -> 1151.7382 | AC20: =AA20+AB20 -> 10000 | AE20: Forecast | AF20: 45565 | AG20: ="Year " & TEXT(YEAR(AF20) - 2023, "0") -> Year 1 | AH20: =_xlfn.IFS(AI20<90%,"Low",AND(AI20>=90%,AI20<=110%),"Medium", AI20>110%,"High") -> Medium | AI20: =VLOOKUP(TEXT(AF20,"mmmm"),Seasonality_Table_Gulf,2,0) -> 1 | AJ20: =INDEX(Baseline_Income_Projections,MATCH(AE$2,'Country Sales & Assumptions'!$G$13:$G$20,0),MATCH(Sales_Saudi_Arabia[[#This Row],[Year]],'Country Sales & Assumptions'!$G$13:$L$13,0))*AI20 -> 124166.97 | AK20: =+AJ20*0.06 -> 7450.018 | AL20: =IF(AK20<10000,10000-AK20,0) -> 2549.982 | AM20: =AK20+AL20 -> 10000 | AO20: Forecast | AP20: 45565 | AQ20: ="Year " & TEXT(YEAR(AP20) - 2023, "0") -> Year 1 | AR20: =_xlfn.IFS(AS20<90%,"Low",AND(AS20>=90%,AS20<=110%),"Medium", AS20>110%,"High") -> Medium | AS20: =VLOOKUP(TEXT(AP20,"mmmm"),Seasonality_Table_Mediterranean,2,0) -> 1.1 | AT20: =INDEX(Baseline_Income_Projections,MATCH(AO$2,'Country Sales & Assumptions'!$G$13:$G$20,0),MATCH(Sales_Saudi_Arabia[[#This Row],[Year]],'Country Sales & Assumptions'!$G$13:$L$13,0))*AS20 -> 127191.03 | AU20: =+AT20*0.06 -> 7631.4619 | AV20: =IF(AU20<10000,10000-AU20,0) -> 2368.5381 | AW20: =AU20+AV20 -> 10000 | AY20: Forecast | AZ20: 45565 | BA20: ="Year " & TEXT(YEAR(AZ20) - 2023, "0") -> Year 1 | BB20: =_xlfn.IFS(BC20<90%,"Low",AND(BC20>=90%,BC20<=110%),"Medium", BC20>110%,"High") -> Medium | BC20: =VLOOKUP(TEXT(AZ20,"mmmm"),Seasonality_Table_Mediterranean,2,0) -> 1.1 | BD20: =INDEX(Baseline_Income_Projections,MATCH(AY$2,'Country Sales & Assumptions'!$G$13:$G$20,0),MATCH(Sales_Saudi_Arabia[[#This Row],[Year]],'Country Sales & Assumptions'!$G$13:$L$13,0))*BC20 -> 115012.37 | BE20: =+BD20*0.06 -> 6900.7422 | BF20: =IF(BE20<10000,10000-BE20,0) -> 3099.2578 | BG20: =BE20+BF20 -> 10000 | BI20: Forecast | BJ20: 45565 | BK20: ="Year " & TEXT(YEAR(BJ20) - 2023, "0") -> Year 1 | BL20: =_xlfn.IFS(BM20<90%,"Low",AND(BM20>=90%,BM20<=110%),"Medium", BM20>110%,"High") -> Medium | BM20: =VLOOKUP(TEXT(BJ20,"mmmm"),Seasonality_Table_Mediterranean,2,0) -> 1.1 | BN20: =INDEX(Baseline_Income_Projections,MATCH(BI$2,'Country Sales & Assumptions'!$G$13:$G$20,0),MATCH(Sales_Saudi_Arabia[[#This Row],[Year]],'Country Sales & Assumptions'!$G$13:$L$13,0))*BM20 -> 118238.99 | BO20: =+BN20*0.06 -> 7094.3397 | BP20: =IF(BO20<10000,10000-BO20,0) -> 2905.6603 | BQ20: =BO20+BP20 -> 10000
A21: Forecast | B21: 45596 | C21: ="Year " & TEXT(YEAR(B21) - 2023, "0") -> Year 1 | D21: =_xlfn.IFS(E21<90%,"Low",AND(E21>=90%,E21<=110%),"Medium", E21>110%,"High") -> Medium | E21: =VLOOKUP(TEXT(B21,"mmmm"),Seasonality_Table_Gulf,2,0) -> 1.1 | F21: =INDEX(Baseline_Income_Projections,MATCH("Saudi Arabia",'Country Sales & Assumptions'!$G$13:$G$20,0),MATCH(Sales_Saudi_Arabia[[#This Row],[Year]],'Country Sales & Assumptions'!$G$13:$L$13,0))*E21 -> 120161.58 | G21: =+F21*0.06 -> 7209.6948 | H21: =IF(G21<10000,10000-G21,0) -> 2790.3052 | I21: =G21+H21 -> 10000 | K21: Forecast | L21: 45596 | M21: ="Year " & TEXT(YEAR(L21) - 2023, "0") -> Year 1 | N21: =_xlfn.IFS(O21<90%,"Low",AND(O21>=90%,O21<=110%),"Medium", O21>110%,"High") -> Medium | O21: =VLOOKUP(TEXT(L21,"mmmm"),Seasonality_Table_Gulf,2,0) -> 1.1 | P21: =INDEX(Baseline_Income_Projections,MATCH(K$2,'Country Sales & Assumptions'!$G$13:$G$20,0),MATCH(Sales_Saudi_Arabia[[#This Row],[Year]],'Country Sales & Assumptions'!$G$13:$L$13,0))*O21 -> 151632.47 | Q21: =+P21*0.06 -> 9097.9482 | R21: =IF(Q21<10000,10000-Q21,0) -> 902.0518 | S21: =Q21+R21 -> 10000 | U21: Forecast | V21: 45596 | W21: ="Year " & TEXT(YEAR(V21) - 2023, "0") -> Year 1 | X21: =_xlfn.IFS(Y21<90%,"Low",AND(Y21>=90%,Y21<=110%),"Medium", Y21>110%,"High") -> Medium | Y21: =VLOOKUP(TEXT(V21,"mmmm"),Seasonality_Table_Gulf,2,0) -> 1.1 | Z21: =INDEX(Baseline_Income_Projections,MATCH(U$2,'Country Sales & Assumptions'!$G$13:$G$20,0),MATCH(Sales_Saudi_Arabia[[#This Row],[Year]],'Country Sales & Assumptions'!$G$13:$L$13,0))*Y21 -> 162218.13 | AA21: =+Z21*0.06 -> 9733.088 | AB21: =IF(AA21<10000,10000-AA21,0) -> 266.91202 | AC21: =AA21+AB21 -> 10000 | AE21: Forecast | AF21: 45596 | AG21: ="Year " & TEXT(YEAR(AF21) - 2023, "0") -> Year 1 | AH21: =_xlfn.IFS(AI21<90%,"Low",AND(AI21>=90%,AI21<=110%),"Medium", AI21>110%,"High") -> Medium | AI21: =VLOOKUP(TEXT(AF21,"mmmm"),Seasonality_Table_Gulf,2,0) -> 1.1 | AJ21: =INDEX(Baseline_Income_Projections,MATCH(AE$2,'Country Sales & Assumptions'!$G$13:$G$20,0),MATCH(Sales_Saudi_Arabia[[#This Row],[Year]],'Country Sales & Assumptions'!$G$13:$L$13,0))*AI21 -> 136583.66 | AK21: =+AJ21*0.06 -> 8195.0198 | AL21: =IF(AK21<10000,10000-AK21,0) -> 1804.9802 | AM21: =AK21+AL21 -> 10000 | AO21: Forecast | AP21: 45596 | AQ21: ="Year " & TEXT(YEAR(AP21) - 2023, "0") -> Year 1 | AR21: =_xlfn.IFS(AS21<90%,"Low",AND(AS21>=90%,AS21<=110%),"Medium", AS21>110%,"High") -> High | AS21: =VLOOKUP(TEXT(AP21,"mmmm"),Seasonality_Table_Mediterranean,2,0) -> 1.2 | AT21: =INDEX(Baseline_Income_Projections,MATCH(AO$2,'Country Sales & Assumptions'!$G$13:$G$20,0),MATCH(Sales_Saudi_Arabia[[#This Row],[Year]],'Country Sales & Assumptions'!$G$13:$L$13,0))*AS21 -> 138753.85 | AU21: =+AT21*0.06 -> 8325.2312 | AV21: =IF(AU21<10000,10000-AU21,0) -> 1674.7688 | AW21: =AU21+AV21 -> 10000 | AY21: Forecast | AZ21: 45596 | BA21: ="Year " & TEXT(YEAR(AZ21) - 2023, "0") -> Year 1 | BB21: =_xlfn.IFS(BC21<90%,"Low",AND(BC21>=90%,BC21<=110%),"Medium", BC21>110%,"High") -> High | BC21: =VLOOKUP(TEXT(AZ21,"mmmm"),Seasonality_Table_Mediterranean,2,0) -> 1.2 | BD21: =INDEX(Baseline_Income_Projections,MATCH(AY$2,'Country Sales & Assumptions'!$G$13:$G$20,0),MATCH(Sales_Saudi_Arabia[[#This Row],[Year]],'Country Sales & Assumptions'!$G$13:$L$13,0))*BC21 -> 125468.04 | BE21: =+BD21*0.06 -> 7528.0824 | BF21: =IF(BE21<10000,10000-BE21,0) -> 2471.9176 | BG21: =BE21+BF21 -> 10000 | BI21: Forecast | BJ21: 45596 | BK21: ="Year " & TEXT(YEAR(BJ21) - 2023, "0") -> Year 1 | BL21: =_xlfn.IFS(BM21<90%,"Low",AND(BM21>=90%,BM21<=110%),"Medium", BM21>110%,"High") -> High | BM21: =VLOOKUP(TEXT(BJ21,"mmmm"),Seasonality_Table_Mediterranean,2,0) -> 1.2 | BN21: =INDEX(Baseline_Income_Projections,MATCH(BI$2,'Country Sales & Assumptions'!$G$13:$G$20,0),MATCH(Sales_Saudi_Arabia[[#This Row],[Year]],'Country Sales & Assumptions'!$G$13:$L$13,0))*BM21 -> 128987.99 | BO21: =+BN21*0.06 -> 7739.2797 | BP21: =IF(BO21<10000,10000-BO21,0) -> 2260.7203 | BQ21: =BO21+BP21 -> 10000
... A47: Forecast | B47: 46387 | C47: ="Year " & TEXT(YEAR(B47) - 2023, "0") -> Year 3 | D47: =_xlfn.IFS(E47<90%,"Low",AND(E47>=90%,E47<=110%),"Medium", E47>110%,"High") -> High | E47: =VLOOKUP(TEXT(B47,"mmmm"),Seasonality_Table_Gulf,2,0) -> 1.3 | F47: =INDEX(Baseline_Income_Projections,MATCH("Saudi Arabia",'Country Sales & Assumptions'!$G$13:$G$20,0),MATCH(Sales_Saudi_Arabia[[#This Row],[Year]],'Country Sales & Assumptions'!$G$13:$L$13,0))*E47 -> 156565.08 | G47: =+F47*0.06 -> 9393.9046 | H47: =IF(G47<10000,10000-G47,0) -> 606.09539 | I47: =G47+H47 -> 10000 | K47: Forecast | L47: 46387 | M47: ="Year " & TEXT(YEAR(L47) - 2023, "0") -> Year 3 | N47: =_xlfn.IFS(O47<90%,"Low",AND(O47>=90%,O47<=110%),"Medium", O47>110%,"High") -> High | O47: =VLOOKUP(TEXT(L47,"mmmm"),Seasonality_Table_Gulf,2,0) -> 1.3 | P47: =INDEX(Baseline_Income_Projections,MATCH(K$2,'Country Sales & Assumptions'!$G$13:$G$20,0),MATCH(Sales_Saudi_Arabia[[#This Row],[Year]],'Country Sales & Assumptions'!$G$13:$L$13,0))*O47 -> 201351.38 | Q47: =+P47*0.06 -> 12081.083 | R47: =IF(Q47<10000,10000-Q47,0) -> 0 | S47: =Q47+R47 -> 12081.083 | U47: Forecast | V47: 46387 | W47: ="Year " & TEXT(YEAR(V47) - 2023, "0") -> Year 3 | X47: =_xlfn.IFS(Y47<90%,"Low",AND(Y47>=90%,Y47<=110%),"Medium", Y47>110%,"High") -> High | Y47: =VLOOKUP(TEXT(V47,"mmmm"),Seasonality_Table_Gulf,2,0) -> 1.3 | Z47: =INDEX(Baseline_Income_Projections,MATCH(U$2,'Country Sales & Assumptions'!$G$13:$G$20,0),MATCH(Sales_Saudi_Arabia[[#This Row],[Year]],'Country Sales & Assumptions'!$G$13:$L$13,0))*Y47 -> 211362.85 | AA47: =+Z47*0.06 -> 12681.771 | AB47: =IF(AA47<10000,10000-AA47,0) -> 0 | AC47: =AA47+AB47 -> 12681.771 | AE47: Forecast | AF47: 46387 | AG47: ="Year " & TEXT(YEAR(AF47) - 2023, "0") -> Year 3 | AH47: =_xlfn.IFS(AI47<90%,"Low",AND(AI47>=90%,AI47<=110%),"Medium", AI47>110%,"High") -> High | AI47: =VLOOKUP(TEXT(AF47,"mmmm"),Seasonality_Table_Gulf,2,0) -> 1.3 | AJ47: =INDEX(Baseline_Income_Projections,MATCH(AE$2,'Country Sales & Assumptions'!$G$13:$G$20,0),MATCH(Sales_Saudi_Arabia[[#This Row],[Year]],'Country Sales & Assumptions'!$G$13:$L$13,0))*AI47 -> 190024.19 | AK47: =+AJ47*0.06 -> 11401.452 | AL47: =IF(AK47<10000,10000-AK47,0) -> 0 | AM47: =AK47+AL47 -> 11401.452 | AO47: Forecast | AP47: 46387 | AQ47: ="Year " & TEXT(YEAR(AP47) - 2023, "0") -> Year 3 | AR47: =_xlfn.IFS(AS47<90%,"Low",AND(AS47>=90%,AS47<=110%),"Medium", AS47>110%,"High") -> High | AS47: =VLOOKUP(TEXT(AP47,"mmmm"),Seasonality_Table_Mediterranean,2,0) -> 1.2 | AT47: =INDEX(Baseline_Income_Projections,MATCH(AO$2,'Country Sales & Assumptions'!$G$13:$G$20,0),MATCH(Sales_Saudi_Arabia[[#This Row],[Year]],'Country Sales & Assumptions'!$G$13:$L$13,0))*AS47 -> 155462.9 | AU47: =+AT47*0.06 -> 9327.7743 | AV47: =IF(AU47<10000,10000-AU47,0) -> 672.22571 | AW47: =AU47+AV47 -> 10000 | AY47: Forecast | AZ47: 46387 | BA47: ="Year " & TEXT(YEAR(AZ47) - 2023, "0") -> Year 3 | BB47: =_xlfn.IFS(BC47<90%,"Low",AND(BC47>=90%,BC47<=110%),"Medium", BC47>110%,"High") -> High | BC47: =VLOOKUP(TEXT(AZ47,"mmmm"),Seasonality_Table_Mediterranean,2,0) -> 1.2 | BD47: =INDEX(Baseline_Income_Projections,MATCH(AY$2,'Country Sales & Assumptions'!$G$13:$G$20,0),MATCH(Sales_Saudi_Arabia[[#This Row],[Year]],'Country Sales & Assumptions'!$G$13:$L$13,0))*BC47 -> 140417.86 | BE47: =+BD47*0.06 -> 8425.0716 | BF47: =IF(BE47<10000,10000-BE47,0) -> 1574.9284 | BG47: =BE47+BF47 -> 10000 | BI47: Forecast | BJ47: 46387 | BK47: ="Year " & TEXT(YEAR(BJ47) - 2023, "0") -> Year 3 | BL47: =_xlfn.IFS(BM47<90%,"Low",AND(BM47>=90%,BM47<=110%),"Medium", BM47>110%,"High") -> High | BM47: =VLOOKUP(TEXT(BJ47,"mmmm"),Seasonality_Table_Mediterranean,2,0) -> 1.2 | BN47: =INDEX(Baseline_Income_Projections,MATCH(BI$2,'Country Sales & Assumptions'!$G$13:$G$20,0),MATCH(Sales_Saudi_Arabia[[#This Row],[Year]],'Country Sales & Assumptions'!$G$13:$L$13,0))*BM47 -> 169993.79 | BO47: =+BN47*0.06 -> 10199.628 | BP47: =IF(BO47<10000,10000-BO47,0) -> 0 | BQ47: =BO47+BP47 -> 10199.628

Sheet Sheet1
B2: Category | C2: Cost | D2: Frequency | E2: Scaling Factor | F2: Comments for improvments
B3: Existing Costs
B4: Support Costs | C4: 5000 | D4: 2 per year x shop | E4: Per shop | F4: Consider scaling based on shop size/revenue
B5: Legal & Compliance | C5: $10,000 + $2,000 per new shop | D5: Yearly | E5: Increases with new shops | F5: May vary based on location and regulations
B6: Sales & Marketing | C6: $20,000 + $2,000 per open shop | D6: Yearly | E6: Increases with open shops | F6: Te review depending on Marketing plan for the IP company
B7: Director Payroll | C7: $5,000 + $1,000 per open shop | D7: Monthly | E7: Increases with open shops | F7: To review
B8: Finance Cost | C8: $2,500 + $500 per open shop | D8: Monthly | E8: Increases with open shops | F8: To review
B9: Accounting Payroll | C9: 4000 | D9: Monthly | E9: Fixed | F9: To review depending on Operational needs
B10: Operations Payroll | C10: 4000 | D10: Monthly | E10: 1 per 10 shops | F10: To review depending on Operational needs
B11: Marketing & PR Payroll | C11: 4000 | D11: Monthly | E11: 1 per 10 shops | F11: To review depending on Operational needs
B12: Insurance | C12: 2% of total revenue | D12: Yearly | E12: Proportional to revenue | F12: Can vary based on coverage and risk factors
B13: Office Supplies | C13: 5000 | D13: Yearly | E13: May increase with business size | F13: -
B14: Additional Costs to Consider
B15: Royalty Fees to MUSE | C15: % of revenue | D15: Ongoing | E15: - | F15: To review separetely with current Agreement
B16: Franchise Agreement Renewal | C16: - | D16: Per renewal period | E16: - | F16: To review separetely with current Agreement
B17: Initial Setup Support | C17: - | D17: Per new franchise | E17: Fixed per franchise | F17: Helping new franchisees set up
B18: Training | C18: Variable | D18: Periodically & per franchise | E18: Increases with franchise count | F18: perdiocally training & review
B19: Quality Control | C19: Variable | D19: Periodically & per franchise | E19: Increases with franchise count | F19: For regular inspections and audits
B20: Corporate Events | C20: Variable | D20: Yearly | E20: Increases with franchisee count | F20: Annual conferences or meetings
B21: Public Relations | C21: Variable | D21: Yearly | E21: May increase with brand exposure | F21: Important for high-profile brand management
B22: Legal Reserves | C22: % of revenue or fixed amount | D22: Yearly | E22: May increase with business size | F22: For potential legal disputes
B23: Real Estate Services | C23: Variable | D23: Per new franchise | E23: Per new location | F23: If assisting with location selection
B24: Supply Chain Management | C24: Variable | D24: Yearly | E24: Increases with franchise count | F24: For managing suppliers and quality
B25: Franchisee Recruitment | C25: Variable | D25: Per new franchise | E25: May decrease with brand recognition | F25: Advertising, brokerage fees, expos
B26: Technology and Software | C26: Variable | D26: Yearly | E26: Increases with franchise count | F26: For franchise management systems

Sheet Investment Analysis

Sheet Sensitivity Analysis

Sheet Scenario Planning

Sheet KPIs and Metrics

Sheet Debt and Equity Financing
